Workbook

Sheet Jan 2014
A1: Backed up 31 Jan @ 1630 | I1: LAST WORKED ON AT 1630 - 31 Jan 14
B2: PEAK | I2: OFF PEAK | R2: OFF PEAK | AA2: OFF PEAK
A3: Pitch | B3: Wed | C3: Thu | D3: Fri | E3: Sat | F3: Sun | G3: Mon | H3: Tue | I3: Wed | J3: Thu | K3: Fri | L3: Sat | M3: Sun | N3: Mon | O3: Tue | P3: Wed | Q3: Thu | R3: Fri | S3: Sat | T3: Sun | U3: Mon | V3: Tue | W3: Wed | X3: Thu | Y3: Fri | Z3: Sat | AA3: Sun | AB3: Mon | AC3: Tue | AD3: Wed | AE3: Thu | AF3: Fri | AG3: Pitch | AH3: Not here
A4: No. | B4: 1 | C4: 2 | D4: 3 | E4: 4 | F4: 5 | G4: 6 | H4: 7 | I4: 8 | J4: 9 | K4: 10 | L4: 11 | M4: 12 | N4: 13 | O4: 14 | P4: 15 | Q4: 16 | R4: 17 | S4: 18 | T4: 19 | U4: 20 | V4: 21 | W4: 22 | X4: 23 | Y4: 24 | Z4: 25 | AA4: 26 | AB4: 27 | AC4: 28 | AD4: 29 | AE4: 30 | AF4: 31 | AG4: No. | AH4: Tent
A5: 1 | G5: Foyle | M5: 1 | N5: Foyle | T5: 2 | Z5: Donna Foyle | AG5: 1 | AH5: Trailer tent
A6: 1a | AG6: 1a | AH6: Caravan
A7: 2 | G7: Pam & Tony Oxlade | AG7: 2 | AH7: Camper van
A8: 3 | G8: Dave - (Nomow) | AG8: 3 | AH8: Motorhome
A9: 4 | AG9: 4 | AH9: NO DOGS
A10: 5 | AG10: 5 | AH10: NO DOGS
A11: 6 | AG11: 6 | AH11: NO DOGS
A12: 7 | U12: Johnston | AG12: 7 | AH12: NO DOGS
A13: 8 | B13: ward | D13: 1n | H13: Bullock | L13: Knapp | O13: Martin | R13: Candy | AF13: Granger | AG13: 8 | AH13: NO DOGS
A14: 9 | F14: Plews | N14: Plews | U14: Plews | AB14: Plews | AG14: 9
A15: 10 | H15: Rowland | AG15: 10
A16: 11 | H16: Jenkins | X16: Knapp | AG16: 11
A17: 12 | F17: Mcmillian | O17: Clayton | V17: Wolak | X17: Knapp | AG17: 12
A18: 13 | B18: Ian Letch | F18: 1 | N18: Ian | T18: 1 | AA18: 2 | AG18: 13
A19: 14 | B19: Mario cont… | AG19: 14
A20: 15 | AG20: 15 | AH20: RV
A21: 16 | AG21: 16 | AH21: Free night
A22: 16a | AG22: 16a | AH22: Poss Extra / late stay
A23: 17 | AG23: 17 | AH23: Hard Standing
A24: 17a | AG24: 17a | AH24: Not in use
A25: 18 | AC25: Griffith | AG25: 18 | AH25: late stay
A26: 18a | B26: NO ELECTRIC - - - - - - - - - - - - - - - - - - - - - - - - - - - - - - - - - | S26: NO ELECTRIC - - - - - - - - - - - - - - - - - - - - - - - - - - - - - - - - - | AG26: 18a
A27: 19 | D27: Plested | H27: Wiley | K27: Dow | O27: Richards | Y27: Watts | AF27: Inch | AG27: 19 | AH27: =ALERTS!E18 -> 0
A28: 20 | F28: Fox | O28: Hunter | X28: Hooper | Y28: Morrison | AG28: 20 | AH28: =ALERTS!E19 -> 0
A29: 21 | H29: Gue - both on pl 21 | K29: Dixon | O29: Markham | R29: May | V29: Thomson | AF29: Glew | AG29: 21 | AH29: =ALERTS!E20 -> 0
A30: 22 | D30: Speak | H30: Strong | I30: both on pl 21 | AG30: 22
A31: Pitch | B31: =B3 -> Wed | C31: =C3 -> Thu | D31: =D3 -> Fri | E31: =E3 -> Sat | F31: =F3 -> Sun | G31: =G3 -> Mon | H31: =H3 -> Tue | I31: =I3 -> Wed | ... AF31: =AF3 -> Fri | AG31: Pitch
A32: No. | B32: 1 | C32: 2 | D32: 3 | E32: 4 | F32: 5 | G32: 6 | H32: 7 | I32: 8 | J32: 9 | K32: 10 | L32: 11 | M32: 12 | N32: 13 | O32: 14 | P32: 15 | Q32: 16 | R32: 17 | S32: 18 | T32: 19 | U32: 20 | V32: 21 | W32: 22 | X32: 23 | Y32: 24 | Z32: 25 | AA32: 26 | AB32: 27 | AC32: 28 | AD32: 29 | AE32: 30 | AF32: 31 | AG32: No.
A33: 23 | E33: L | F33: E | G33: O | H33: N | I33: I | J33: E | L33: AND | N33: M | O33: A | P33: L | Q33: C | R33: O | S33: L | T33: M | V33: J | W33: A | X33: R | Y33: R | Z33: E | AA33: T | AB33: T | AG33: 23 | AH33: TODAY IS
A34: 23a | B34: Victor Buckley | AG34: 23a | AH34: =TODAY() -> 45692
A35: 24 | B35: Alan Worthington | F35: 1 | M35: 2 | N35: Worthington | T35: 1 | AG35: 24
A36: 25 | B36: Justin Sanders | AG36: 25
A37: 26 | B37: Butterfield | F37: Bob Butterfield | R37: Bob Butterfiled | X37: 1 | AE37: 2 | AG37: 26
A38: 27 | H38: John Talbot £120wk | O38: Talbot | T38: 2 | U38: Talbot | AA38: 3 | AB38: Talbot £120 due | AG38: 27
A39: 28 | K39: Garlick | AF39: Charlton | AG39: 28
A40: 29 | B40: Nicholls | F40: 2 | N40: Carruthers | Z40: Huxley | AG40: 29 | AH40: NO DOGS
A41: 30 | C41: Pam Oxlade | H41: Emsley | O41: Brown | R41: Annetts | Y41: Oxlade | AG41: 30 | AH41: NO DOGS
A42: 31 | E42: Ferrichi | K42: 1 | R42: 2 | S42: Ferrichi | Y42: 1 | AF42: 2 | AG42: 31 | AH42: NO DOGS
A43: 32 | C43: Allcock with Jamesworth | O43: Dent | S43: Huxley | Y43: Peter Garlick | AG43: 32 | AH43: NO DOGS
A44: 33 | C44: Farnsworth with Alcock | I44: Clare | O44: Eden | Y44: Kimberley | AD44: Meacham | AG44: 33 | AH44: NO DOGS
A45: 34 | B45: Speak cont | H45: Gordon | I45: Clare | O45: Lovelace | AG45: 34 | AH45: NO DOGS
A46: 35 | AG46: 35
A47: 36 | AC47: Burgess | AG47: 36
A48: 37 | AG48: 37
A49: 38 | AG49: 38
A50: 39 | O50: Peckham | AG50: 39
A51: 40 | AG51: 40
A52: 41 | AG52: 41
A53: LAYBY | H53: Towe | I53: Phillips | Q53: Meacham | R53: Grundy | T53: Flint | W53: Rison | X53: Smithers | AB53: Halliday | AC53: Brannan | AE53: Glew
A54: Pitch | B54: =B31 -> Wed | C54: =C31 -> Thu | D54: =D31 -> Fri | E54: =E31 -> Sat | F54: =F31 -> Sun | G54: =G31 -> Mon | H54: =H31 -> Tue | I54: =I31 -> Wed | ... AF54: =AF31 -> Fri | AG54: Pitch
A55: No. | B55: 1 | C55: 2 | D55: 3 | E55: 4 | F55: 5 | G55: 6 | H55: 7 | I55: 8 | J55: 9 | K55: 10 | L55: 11 | M55: 12 | N55: 13 | O55: 14 | P55: 15 | Q55: 16 | R55: 17 | S55: 18 | T55: 19 | U55: 20 | V55: 21 | W55: 22 | X55: 23 | Y55: 24 | Z55: 25 | AA55: 26 | AB55: 27 | AC55: 28 | AD55: 29 | AE55: 30 | AF55: 31 | AG55: No.
A56: Paddock
AG57: 2b
A58: 2b | AG58: Bailey Senator
A59: Bailey Senator | AG59: ABI Manhatton
A60: ABI Manhatton | AG60: 4b
A61: 4b | B61: Steve Keep - caravan only due to accident not sure when he will be back! Still plugged in | O61: £40 for storage + £140 pitch fee | S61: Steve Keep | Z61: Steve Keep | AG61: 5b
A62: 5b | B62: Adriene | L62: Tom Keep | S62: Adriene | Z62: Tom pd | AG62: 6b
A63: 6b | B63: Maddie & Steve Taylor | Q63: Maddie | W63: 1 | X63: Maddy | AD63: 1 | AE63: Maddy | AG63: 7B
A64: 7B | AG64: 8B
A65: 8B
AG66: Paddock camping with electric
A67: Paddock camping with electric | AG67: 7a
A68: 7a | C68: Gott | AG68: 8a
A69: 8a | C69: Gott | AG69: 9a
A70: 9a | C70: Gott | AG70: 10a
A71: 10a | AG71: 11a
A72: 11a | AG72: 12a
A73: 12a | AG73: 13a
A74: 13a | AG74: 14a
A75: 14a
AG76: Paddock = families No elec
A77: Paddock = families No elec | AG77: 42
A78: 42 | AG78: 43
A79: 43 | AG79: 44
A80: 44 | AG80: 45
A81: 45 | AG81: 46
A82: 46 | AG82: 47
A83: 47 | AG83: 48
A84: 48 | AG84: 49
A85: 49 | AG85: 50
A86: 50 | AG86: 51
A87: 51 | AG87: 52
A88: 52 | AG88: 53
A89: 53 | AG89: 54
... A93: 57 | AG93: 58
A94: 58 | AG94: Pitch
A95: Pitch | B95: =B54 -> Wed | C95: =C54 -> Thu | D95: =D54 -> Fri | E95: =E54 -> Sat | F95: =F54 -> Sun | G95: =G54 -> Mon | H95: =H54 -> Tue | I95: =I54 -> Wed | ... AF95: =AF54 -> Fri | AG95: No.
A96: No. | B96: 1 | C96: 2 | D96: 3 | E96: 4 | F96: 5 | G96: 6 | H96: 7 | I96: 8 | J96: 9 | K96: 10 | L96: 11 | M96: 12 | N96: 13 | O96: 14 | P96: 15 | Q96: 16 | R96: 17 | S96: 18 | T96: 19 | U96: 20 | V96: 21 | W96: 22 | X96: 23 | Y96: 24 | Z96: 25 | AA96: 26 | AB96: 27 | AC96: 28 | AD96: 29 | AE96: 30 | AF96: 31 | AG96: TOP CAMPING FIELD
A97: TOP CAMPING FIELD | AG97: N
A98: N | AG98: O
A99: O | AG99: N
A100: N
AG101: E
A102: E | AG102: L
A103: L | AG103: E
...

Sheet Mar 2014
A1: BACK-UP 31 March @ 2000 | I1: last worked on 30 March @ 1720 | AH1: Not here
B2: OFF PEAK | I2: OFF PEAK | Q2: OFF PEAK | X2: OFF PEAK | AH2: Tent
A3: Pitch | B3: Sat | C3: Sun | D3: Mon | E3: Tue | F3: Wed | G3: Thu | H3: Fri | I3: Sat | J3: Sun | K3: Mon | L3: Tue | M3: Wed | N3: Thu | O3: Fri | P3: Sat | Q3: Sun | R3: Mon | S3: Tue | T3: Wed | U3: Thu | V3: Fri | W3: Sat | X3: Sun | Y3: Mon | Z3: Tue | AA3: Wed | AB3: Thu | AC3: Fri | AD3: Sat | AE3: Sun | AF3: Mon | AG3: Pitch | AH3: Trailer tent
A4: No. | B4: 1 | C4: 2 | D4: 3 | E4: 4 | F4: 5 | G4: 6 | H4: 7 | I4: 8 | J4: 9 | K4: 10 | L4: 11 | M4: 12 | N4: 13 | O4: 14 | P4: 15 | Q4: 16 | R4: 17 | S4: 18 | T4: 19 | U4: 20 | V4: 21 | W4: 22 | X4: 23 | Y4: 24 | Z4: 25 | AA4: 26 | AB4: 27 | AC4: 28 | AD4: 29 | AE4: 30 | AF4: 31 | AG4: No. | AH4: Caravan
A5: 1 | D5: Page | H5: Carrie-Ann | R5: Howard | Z5: O'Connor | AG5: 1 | AH5: Camper van
A6: 1a | P6: Steve | W6: Steve | AD6: Steve | AG6: 1a | AH6: Motorhome
A7: 2 | AG7: 2 | AH7: NO DOGS
A8: 3 | AG8: 3 | AH8: NO DOGS
A9: 4 | H9: Day | AC9: Charlton | AG9: 4 | AH9: NO DOGS
A10: 5 | B10: Oxlade | I10: 1 | P10: 2 | W10: 3 | AC10: Oxlade | AG10: 5 | AH10: NO DOGS
A11: 6 | M11: Smith | V11: Swadling | AG11: 6 | AH11: NO DOGS
A12: 7 | J12: Hodkinson | O12: Wakefield | S12: v
A13: 8 | C13: Quincey | H13: Ward | L13: Pitch-Port | N13: Forster | T13: Toms | Z13: Lunn | AA13: Dukes | AD13: Roach | AG13: 8 | AH13: NO DOGS
A14: 9 | E14: Steve here | I14: Steve Keep £140 | R14: Plews | Y14: Plews | AG14: 9 | AH14: NO DOGS
A15: 10 | B15: Price | D15: McLellan | G15: Lloyd | H15: Farne | N15: Gibson | S15: Lilley | Y15: Dyment | AG15: 10 | AH15: NO SHOW
A16: 11 | B16: Lee Davies | H16: Butt /Hawcroft | L16: Daniels | T16: Gorman | V16: Adams | AE16: Oliver | AG16: 11
A17: 12 | B17: Rudnik | D17: Johnson | E17: Fox | H17: Butt | K17: Dyment/Lyus | S17: Patefield | W17: Deakin | X17: Wear | Z17: Barnes | AC17: Potts | AG17: 12
A18: 13 | B18: Letch cont.. | J18: 2 | Q18: 3 | X18: 4 | AE18: 1 | AG18: 13 | AH18: RV
A19: 14 | B19: Mario | AG19: 14 | AH19: Free night
A20: 15 | AG20: 15 | AH20: Poss Extra / late stay
A21: 16 | O21: Taylor | R21: Urquhart | AD21: Tomline | AG21: 16 | AH21: Hard Standing
A22: 16a | AG22: 16a | AH22: Not in use
A23: 17 | AG23: 17 | AH23: late stay
A24: 17a | AG24: 17a | AH24: Cancelled
A25: 18 | AG25: 18
A26: 18a | B26: NO ELECTRIC - - - - - - - - - - - - - - - - - - - - - - - - - - - - - - - - - | U26: NO ELECTRIC - - - - - - - - - - - - - - - - - - - - - - - - - - - - - - - - - | AG26: 18a
A27: 19 | D27: Hurst | I27: Smith | U27: Keedwell | AD27: Newey | AG27: 19 | AH27: =ALERTS!E24 -> 0
A28: 20 | B28: Kite | C28: £300 due for 2wks | I28: 3 | L28: alan.kite2@gmail.com | P28: 4 | Q28: Alan Kite £150wk | W28: Blewitt | Z28: Bercich | AG28: 20 | AH28: =ALERTS!E25 -> 0
A29: 21 | B29: cont.. | D29: Rowtledge | H29: Lelong | J29: Aitken | M29: Ley | Q29: Frost | X29: Mann | AE29: Bullough | AG29: 21 | AH29: =ALERTS!E26 -> 0
A30: 22 | AG30: 22
A31: Pitch | B31: =B3 -> Sat | C31: =C3 -> Sun | D31: =D3 -> Mon | E31: =E3 -> Tue | F31: =F3 -> Wed | G31: =G3 -> Thu | H31: =H3 -> Fri | I31: =I3 -> Sat | ... AF31: =AF3 -> Mon | AG31: Pitch
A32: No. | B32: 1 | C32: 2 | D32: 3 | E32: 4 | F32: 5 | G32: 6 | H32: 7 | I32: 8 | J32: 9 | K32: 10 | L32: 11 | M32: 12 | N32: 13 | O32: 14 | P32: 15 | Q32: 16 | R32: 17 | S32: 18 | T32: 19 | U32: 20 | V32: 21 | W32: 22 | X32: 23 | Y32: 24 | Z32: 25 | AA32: 26 | AB32: 27 | AC32: 28 | AD32: 29 | AE32: 30 | AF32: 31 | AG32: No. | AH32: TODAY IS
A33: 23 | E33: L | F33: E | G33: O | H33: N | I33: I | J33: E | L33: AND | N33: M | O33: A | P33: L | Q33: C | R33: O | S33: L | T33: M | V33: J | W33: A | X33: R | Y33: R | Z33: E | AA33: T | AB33: T | AG33: 23 | AH33: =TODAY() -> 45692
A34: 23a | B34: Victor Buckley | AG34: 23a
A35: 24 | B35: Hedley | C35: 2 | D35: £350 DUE for 2wks | J35: 1 | Q35: 2 | R35: £350 DUE for 2wks | X35: 1 | AD35: £116.60 EACH | AF35: 1 | AG35: 24
A36: 25 | B36: Justin Sanders | AG36: 25
A37: 26 | B37: Mike Charlton £147/week | H37: mick | P37: Maddy | AG37: 26
A38: 27 | B38: John Talbot | K38: Talbot | Q38: 2 | R38: Talbot | X38: 2 | Y38: Talbot | AE38: 2 | AF38: 120 | AG38: 27
A39: 28 | B39: Steve here | J39: Davis | N39: Rabone | Z39: Gwilliam | AG39: 28
A40: 29 | B40: Tom Keep £140 | I40: Tom Keep | P40: Tom | W40: Tom | AD40: Tom | AG40: 29 | AH40: NO DOGS
A41: 30 | B41: Ade | I41: Ade £140 | P41: Ade | W41: Ade | AD41: Ade | AG41: 30 | AH41: NO DOGS
A42: 31 | D42: Carruthers | I42: Glover | J42: Plews | O42: Fernades | T42: Goss | X42: Audley | AG42: 31 | AH42: NO DOGS
A43: 32 | B43: Pat & Barry Rose £300 due for 2wks | N43: 2 | O43: Barry Rose | U43: 1 | AB43: 2 | AC43: £300 due for 2wks | AG43: 32 | AH43: NO DOGS
A44: 33 | D44: Tudor- drove over grass | I44: Meridan | J44: Mingaye | M44: Stone? | O44: Elsden | S44: Kegelman | Z44: Marcer | AA44: Shayle | AG44: 33 | AH44: NO DOGS
A45: 34 | B45: cont.. | D45: Chant | H45: Stoker - DO NOT MOVE | L45: Poyser | N45: Paskins | AG45: 34 | AH45: NO DOGS
A46: 35 | AG46: 35
A47: 36 | R47: Webb - John | AG47: 36
A48: 37 | AG48: 37
A49: 38 | T49: Rankin | AG49: 38
A50: 39 | AG50: 39
A51: 40 | J51: Hinchin | AG51: 40
A52: 41 | R52: Lawrence | Y52: Carruthers | AG52: 41
A53: Late arrival bay | D53: Brown | F53: O'Connor | G53: Kenedy | J53: Barson | Q53: Martin | AG53: late arrival bay
A54: Pitch | B54: =B31 -> Sat | C54: =C31 -> Sun | D54: =D31 -> Mon | E54: =E31 -> Tue | F54: =F31 -> Wed | G54: =G31 -> Thu | H54: =H31 -> Fri | I54: =I31 -> Sat | ... V54: =V31 -> Fri | W54: Sat | X54: =X31 -> Sun | Y54: =Y31 -> Mon | Z54: =Z31 -> Tue | AA54: =AA31 -> Wed | AB54: =AB31 -> Thu | AC54: =AC31 -> Fri | AD54: =AD31 -> Sat | AE54: =AE31 -> Sun | AF54: =AF31 -> Mon | AG54: Pitch
A55: No. | B55: 1 | C55: 2 | D55: 3 | E55: 4 | F55: 5 | G55: 6 | H55: 7 | I55: 8 | J55: 9 | K55: 10 | L55: 11 | M55: 12 | N55: 13 | O55: 14 | P55: 15 | Q55: 16 | R55: 17 | S55: 18 | T55: 19 | U55: 20 | V55: 21 | W55: 22 | X55: 23 | Y55: 24 | Z55: 25 | AA55: 26 | AB55: 27 | AC55: 28 | AD55: 29 | AE55: 30 | AF55: 31 | AG55: No.
B56: Oxlade | I56: 1 | P56: 2 | W56: 3 | Y56: paid to leave caravan until 29/3 | AD56: 4
A57: 2b | AG57: 2b
A58: Bailey Senator | AG58: Bailey Senator
A59: ABI Manhatton | Q59: Windsor | AG59: ABI Manhatton
A60: 4b | P60: Green | W60: Green | AG60: 4b
A61: 5b | AC61: Bryant | AG61: 5b
A62: 6b | B62: Maddy & Steve | G62: Maddy | M62: 1 | N62: Maddy | T62: 2 | AE62: Mann | AG62: 6b
A63: 7B | S63: Price | AG63: 7B
A64: 8B | AG64: 8B
W65: Christopher
A66: Paddock camping with electric | AG66: Paddock camping with electric
A67: 7a | P67: Peachment | Y67: Coyne | AG67: 7a
A68: 8a | Y68: Coyne | AG68: 8a
A69: 9a | AG69: 9a
A70: 10a | AG70: 10a
A71: 11a | AG71: 11a
A72: 12a | AG72: 12a
A73: 13a | AG73: 13a
A74: 14a | AD74: Jenkins | AG74: 14a
X75: Grundy DO NOT MOVE
A76: Paddock = families No elec | AG76: Paddock = families No elec
A77: 42 | AG77: 42
A78: 43 | AG78: 43
A79: 44 | AG79: 44
A80: 45 | AG80: 45
A81: 46 | AG81: 46
A82: 47 | AG82: 47
A83: 48 | AG83: 48
A84: 49 | AG84: 49
A85: 50 | AG85: 50
A86: 51 | AG86: 51
A87: 52 | AG87: 52
A88: 53 | AG88: 53
... A93: 58 | AG93: 58
A94: Pitch | B94: =B54 -> Sat | C94: =C54 -> Sun | D94: =D54 -> Mon | E94: =E54 -> Tue | F94: =F54 -> Wed | G94: =G54 -> Thu | H94: =H54 -> Fri | I94: =I54 -> Sat | ... AF94: =AF54 -> Mon | AG94: Pitch
A95: No. | B95: 1 | C95: 2 | D95: 3 | E95: 4 | F95: 5 | G95: 6 | H95: 7 | I95: 8 | J95: 9 | K95: 10 | L95: 11 | M95: 12 | N95: 13 | O95: 14 | P95: 15 | Q95: 16 | R95: 17 | S95: 18 | T95: 19 | U95: 20 | V95: 21 | W95: 22 | X95: 23 | Y95: 24 | Z95: 25 | AA95: 26 | AB95: 27 | AC95: 28 | AD95: 29 | AE95: 30 | AF95: 31 | AG95: No.
A96: TOP CAMPING FIELD | AG96: TOP CAMPING FIELD
A97: N | AG97: N
A98: O | AG98: O
A99: N | AG99: N
A101: E | AG101: E
A102: L | AG102: L
A103: E | AG103: E
A104: C | AG104: C
A105: T | AG105: T
...

Sheet Feb 2014
A1: BACK-UP 01 Mar @ 2044 | I1: Last worked on 19 Feb at 1045
I2: OFF PEAK | R2: OFF PEAK
A3: Pitch | B3: Sat | C3: Sun | D3: Mon | E3: Tue | F3: Wed | G3: Thu | H3: Fri | I3: Sat | J3: Sun | K3: Mon | L3: Tue | M3: Wed | N3: Thu | O3: Fri | P3: Sat | Q3: Sun | R3: Mon | S3: Tue | T3: Wed | U3: Thu | V3: Fri | W3: Sat | X3: Sun | Y3: Mon | Z3: Tue | AA3: Wed | AB3: Thu | AC3: Fri | AD3: Pitch | AE3: Not here
A4: No. | B4: 1 | C4: 2 | D4: 3 | E4: 4 | F4: 5 | G4: 6 | H4: 7 | I4: 8 | J4: 9 | K4: 10 | L4: 11 | M4: 12 | N4: 13 | O4: 14 | P4: 15 | Q4: 16 | R4: 17 | S4: 18 | T4: 19 | U4: 20 | V4: 21 | W4: 22 | X4: 23 | Y4: 24 | Z4: 25 | AA4: 26 | AB4: 27 | AC4: 28 | AD4: No. | AE4: Tent
A5: 1 | B5: Foyle | C5: not sure how long here? | N5: Bergg | S5: Penny | T5: McNamara | U5: Perkins | W5: Walton | X5: Weatherall | AB5: Gavhann | AC5: Llewellyn | AD5: 1 | AE5: Trailer tent
A6: 1a | R6: Cairns | AD6: 1a | AE6: Caravan
A7: 2 | H7: CANCELLATIONS ARE DUE TO THE BAD WEATHER GALES & FLOODS | AD7: 2 | AE7: Camper van
A8: 3 | F8: Howells | M8: Howells | Q8: Crout | AD8: 3 | AE8: Motorhome
A9: 4 | E9: Wilkinson | AD9: 4 | AE9: NO DOGS
A10: 5 | F10: Thurson - re-booked | P10: Williams - re-booked | AB10: Flint ? | AD10: 5 | AE10: NO DOGS
A11: 6 | E11: Mellrow | AD11: 6 | AE11: NO DOGS
A12: 7 | O12: Buckle | AD12: 7 | AE12: NO DOGS
A13: 8 | B13: Granger cont.. | F13: Carruthers | L13: Charlton | V13: Jackson | Y13: Tordoss | AB13: Gill | AC13: Talman | AD13: 8 | AE13: NO DOGS
A14: 9 | D14: Graham Plews | V14: Turner | AB14: McNamara | AC14: Oxlade | AD14: 9 | AE14: NO DOGS
A15: 10 | D15: Pettit | L15: Farthing | U15: Hopkins | W15: Cooper | AC15: Price | AD15: 10
A16: 11 | V16: Nicholds | X16: Davies | AD16: 11 | AE16: SEASONAL
A17: 12 | H17: Tutt | J17: visitors | O17: Curtis | AB17: Rudnik | AD17: 12
A18: 13 | B18: Ian Letch | C18: 1 | J18: 2 | K18: Ian Letch £294 due for 2wks | Q18: 1 | X18: 2 | Y18: Letch | AD18: 13
A19: 14 | B19: Mario Del-Rey | AD19: 14
A20: 15 | H20: Quiddage Tournement cancelled too wet | AD20: 15 | AE20: RV
A21: 16 | H21: Hayley/Lillian | AD21: 16 | AE21: Free night
A22: 16a | AD22: 16a | AE22: Poss Extra / late stay
A23: 17 | AD23: 17 | AE23: Hard Standing
A24: 17a | AD24: 17a | AE24: Not in use
A25: 18 | AD25: 18 | AE25: late stay
A26: 18a | B26: NO ELECTRIC - - - - - - - - - - - - - - - - - - - - - - - - - - - - - - - - - | S26: NO ELECTRIC - - - - - - - - - - - - - - - - - - - - - - - - - - - - - - - - - | AD26: 18a
A27: 19 | B27: Chris Inch cont.. | O27: not here | S27: Chris back | AC27: Shergold | AD27: 19 | AE27: =ALERTS!E21 -> 0
A28: 20 | Q28: Alan Kite | W28: 1 | AD28: 20 | AE28: =ALERTS!E22 -> 0
A29: 21 | B29: Glew cont.. | G29: Ford | Q29: Douglas | S29: Hamilton | U29: Mike Rees | Y29: Denton | AB29: Anson | AC29: Heridge | AD29: 21 | AE29: =ALERTS!E23 -> 0
A30: 22 | AD30: 22
A31: Pitch | B31: =B3 -> Sat | C31: =C3 -> Sun | D31: =D3 -> Mon | E31: =E3 -> Tue | F31: =F3 -> Wed | G31: =G3 -> Thu | H31: =H3 -> Fri | I31: =I3 -> Sat | ... AC31: =AC3 -> Fri | AD31: Pitch
A32: No. | B32: 1 | C32: 2 | D32: 3 | E32: 4 | F32: 5 | G32: 6 | H32: 7 | I32: 8 | J32: 9 | K32: 10 | L32: 11 | M32: 12 | N32: 13 | O32: 14 | P32: 15 | Q32: 16 | R32: 17 | S32: 18 | T32: 19 | U32: 20 | V32: 21 | W32: 22 | X32: 23 | Y32: 24 | Z32: 25 | AA32: 26 | AB32: 27 | AC32: 28 | AD32: No.
A33: 23 | E33: L | F33: E | G33: O | H33: N | I33: I | J33: E | L33: AND | N33: M | O33: A | P33: L | Q33: C | R33: O | S33: L | T33: M | V33: J | W33: A | X33: R | Y33: R | Z33: E | AA33: T | AB33: T | AD33: 23
A34: 23a | B34: Victor Buckley | AD34: 23a | AE34: =TODAY() -> 45692
A35: 24 | B35: Alan Worthington | R35: Hedley | X35: 1 | AD35: 24
A36: 25 | B36: Justin Sanders | AD36: 25
A37: 26 | B37: Charlton cont.. | H37: Mick Charlton | V37: mick Charlton | AC37: 147 | AD37: 26
A38: 27 | B38: John Talbot £120wk | C38: 3 | D38: Talbot £120 due | K38: John Talbot £120 | R38: 120 | Y38: 120 wk + £8 if plugged in when not here
A39: 28 | W39: Steve Keep £140 pd | AD39: 28 | AG39: duty w
A40: 29 | B40: Ade £140 | F40: new caravan | I40: Tom Keep £140 | P40: Tom | W40: Tom Keep £140 pd | AD40: 29 | AE40: NO DOGS
A41: 30 | B41: Pam & Tony Oxlade | J41: 1 | P41: Ade £140WK | V41: 1 | W41: Ade £140 pd | AD41: 30 | AE41: NO DOGS
A42: 31 | B42: Ferrichi owe £145 per wk | I42: 1 | P42: 2 | W42: 7n | AC42: 13n | AD42: 31 | AE42: NO DOGS
A43: 32 | B43: Garlic cont. | H43: Pat & Barry Rose | O43: Rose | U43: 1 | AB43: 2 | AC43: £300 due | AD43: 32 | AE43: NO DOGS
A44: 33 | B44: Edwards | H44: Bray? | K44: Mears | P44: Minshull | AC44: Garlick | AD44: 33 | AE44: NO DOGS
A45: 34 | B45: Rowland | L45: Murcer | Q45: Farmer` | V45: Stefanuti | AB45: Robinson | AD45: 34 | AE45: NO DOGS
A46: 35 | AD46: 35
A47: 36 | AD47: 36
A48: 37 | AD48: 37
A49: 38 | AD49: 38
A50: 39 | AD50: 39
A51: 40 | AD51: 40
A52: 41 | AD52: 41
A53: LAYBY | C53: Lawrence | D53: Nicholls | J53: Markham | R53: Lawrence | S53: Farthing | AB53: Vallance | AC53: Anson
A54: Pitch | B54: =B31 -> Sat | C54: =C31 -> Sun | D54: =D31 -> Mon | E54: =E31 -> Tue | F54: =F31 -> Wed | G54: =G31 -> Thu | H54: =H31 -> Fri | I54: =I31 -> Sat | ... AC54: =AC31 -> Fri | AD54: Pitch
A55: No. | B55: 1 | C55: 2 | D55: 3 | E55: 4 | F55: 5 | G55: 6 | H55: 7 | I55: 8 | J55: 9 | K55: 10 | L55: 11 | M55: 12 | N55: 13 | O55: 14 | P55: 15 | Q55: 16 | R55: 17 | S55: 18 | T55: 19 | U55: 20 | V55: 21 | W55: 22 | X55: 23 | Y55: 24 | Z55: 25 | AA55: 26 | AB55: 27 | AC55: 28 | AD55: No.
A57: 2b | AD57: 2b
A58: Bailey Senator | AD58: Bailey Senator
A59: ABI Manhatton | AD59: ABI Manhatton
A60: 4b | B60: Steve Keep | D60: 140 | I60: Steve Keep | P60: Steve Keep | AD60: 4b
A61: 5b | I61: Ade £140 WK | O61: 1 | AD61: 5b
A62: 6b | B62: Maddy | G62: Maddy | N62: Maddy | U62: Maddy £147 | AB62: Maddy £147 | AD62: 6b
A63: 7B | AD63: 7B
A64: 8B | AD64: 8B
Q65: Pam Oxlade | X65: 3
A66: Paddock camping with electric | AD66: Paddock camping with electric
A67: 7a | AD67: 7a
A68: 8a | AD68: 8a
A69: 9a | AD69: 9a
A70: 10a | AD70: 10a
A71: 11a | AD71: 11a
A72: 12a | AD72: 12a
A73: 13a | AD73: 13a
A74: 14a | AD74: 14a
A76: Paddock = families No elec | AD76: Paddock = families No elec
A77: 42 | AD77: 42
A78: 43 | AD78: 43
A79: 44 | AD79: 44
A80: 45 | AD80: 45
A81: 46 | AD81: 46
A82: 47 | AD82: 47
A83: 48 | AD83: 48
A84: 49 | AD84: 49
A85: 50 | AD85: 50
A86: 51 | AD86: 51
A87: 52 | AD87: 52
A88: 53 | AD88: 53
... A93: 58 | AD93: 58
A94: Pitch | B94: =B54 -> Sat | C94: =C54 -> Sun | D94: =D54 -> Mon | E94: =E54 -> Tue | F94: =F54 -> Wed | G94: =G54 -> Thu | H94: =H54 -> Fri | I94: =I54 -> Sat | ... AC94: =AC54 -> Fri | AD94: Pitch
A95: No. | B95: 1 | C95: 2 | D95: 3 | E95: 4 | F95: 5 | G95: 6 | H95: 7 | I95: 8 | J95: 9 | K95: 10 | L95: 11 | M95: 12 | N95: 13 | O95: 14 | P95: 15 | Q95: 16 | R95: 17 | S95: 18 | T95: 19 | U95: 20 | V95: 21 | W95: 22 | X95: 23 | Y95: 24 | Z95: 25 | AA95: 26 | AB95: 27 | AC95: 28 | AD95: No.
A96: TOP CAMPING FIELD | AD96: TOP CAMPING FIELD
A97: N | AD97: N
A98: O | AD98: O
A99: N | AD99: N
A101: E | AD101: E
A102: L | AD102: L
A103: E | AD103: E
A104: C | AD104: C
A105: T | AD105: T
A106: R | AD106: R
A107: I | AD107: I
...

Sheet April 2014
A1: Back up done 30 April @ 1815 | M1: Last worked on 28 April at 1500 | AG1: Not here
C2: OFF PEAK | G2: PEAK | L2: P E A K | Q2: PEAK | S2: EASTER WK-END | Z2: Stella & Bill away | AG2: Tent
A3: Pitch | B3: Tue | C3: Wed | D3: Thu | E3: Fri | F3: Sat | G3: Sun | H3: Mon | I3: Tue | J3: Wed | K3: Thu | L3: Fri | M3: Sat | N3: Sun | O3: Mon | P3: Tue | Q3: Wed | R3: Thu | S3: Fri | T3: Sat | U3: Sun | V3: Mon | W3: Tue | X3: Wed | Y3: Thu | Z3: Fri | AA3: Sat | AB3: Sun | AC3: Mon | AD3: Tue | AE3: Wed | AF3: Pitch | AG3: Trailer tent
A4: No. | B4: 1 | C4: 2 | D4: 3 | E4: 4 | F4: 5 | G4: 6 | H4: 7 | I4: 8 | J4: 9 | K4: 10 | L4: 11 | M4: 12 | N4: 13 | O4: 14 | P4: 15 | Q4: 16 | R4: 17 | S4: 18 | T4: 19 | U4: 20 | V4: 21 | W4: 22 | X4: 23 | Y4: 24 | Z4: 25 | AA4: 26 | AB4: 27 | AC4: 28 | AD4: 29 | AE4: 30 | AF4: No. | AG4: Caravan
A5: 1 | F5: Judson | J5: Cherrill | N5: Joynson | Q5: Butchers | R5: Williams | S5: Farne | W5: Hathaway | AA5: Oxlade | AB5: Dermont | AD5: Beresford | AF5: 1 | AG5: Camper van
A6: 1a | B6: Steve | F6: Steve | G6: son & girlfriend here No Charge | M6: Steve | T6: Steve | AA6: £143 paid | AF6: 1a | AG6: Motorhome
A7: 2 | N7: May | S7: Mander | AF7: 2 | AG7: NO DOGS
A8: 3 | N8: May | T8: Hudd | AF8: 3 | AG8: NO DOGS
A9: 4 | R9: Riddolls | AF9: 4 | AG9: NO DOGS
A10: 5 | L10: not in use | O10: Plews | S10: Mockett | W10: Plews | AF10: 5 | AG10: NO DOGS
A11: 6 | L11: Tugby | O11: Not in use | R11: Bulcraig | W11: Harris | AA11: Kelly | AF11: 6 | AG11: NO DOGS
A12: 7 | E12: Audley | M12: Williams | S12: Holdsworth - DO NOT MOVE | AF12: 7 | AG12: NO DOGS
A13: 8 | B13: Roach cont… | I13: Morgan - emailed ok to have 1n carried over | P13: Emms | S13: Harris - Do not move asked for pl 8 | AB13: Quin | AD13: Freij | AF13: 8
A14: 9 | C14: Pearson | H14: Plews contin'd | L14: Midgeley | M14: Butley | N14: Brooks | P14: Dermont | Q14: Healey - do not move req hardstand | X14: Thoms | AB14: Coenen | AF14: 9
A15: 10 | F15: Haslam | I15: Matley-Jones | Q15: Robson | S15: Huggett - do not move | X15: Savage | Z15: Tansley | AB15: Courtier | AD15: Vanden Brink | AF15: 10
A16: 11 | B16: Oliver con'd | G16: Baldwin - Hymer | N16: Baggett | R16: Fox | S16: Huggett / Page - do not move | X16: Sparrow | AD16: deVries | AF16: 11
A17: 12 | F17: Tyzack | M17: Fawcett | P17: Haven | T17: Marriott - requested hardstanding | AF17: 12 | AG17: Poss Extra / late stay
A18: 13 | B18: Letch | G18: 2 | H18: £24 per night | O18: Letch | Q18: Johnson | V18: Letch | AF18: 13 | AG18: RV
A19: 14 | B19: Mario Del -Rey | AF19: 14 | AG19: Free night
A20: 16 | B20: cont.. | E20: Kev Lawrence | M20: Welton | R20: Clark with Gass - do not move | Z20: Maund | AF20: 16 | AG20: Hard Standing
A21: 16a | E21: Kev Lawrence | M21: Welton | R21: Gass with Clark - do not move | AF21: 16a | AG21: Not in use
A22: 17 | E22: Kev Lawrence | M22: Welton | R22: Bowman | AF22: 17 | AG22: late stay
A23: 17a | E23: Kev Lawrence | R23: Decastillo | AF23: 17a | AG23: Cancelled
A24: 18 | E24: Kev Lawrence | L24: Critchley | N24: Foldiing camper requested grass | U24: Spidler | AF24: 18
A25: 18a | B25: NO ELECTRIC - - - - - - - - - - - - - - - - - - - - - - - - - - - - - - - - - | T25: NO ELECTRIC - - - - - - - - - - - - - - - - - - - - - - - - - - - - - - - - - | AF25: 18a
A26: 19 | F26: Billing | K26: Littlehales | Q26: Littlehales | X26: Bromham | Z26: Bowker | AA26: Smith | AD26: Cattaway | AF26: 19 | AG26: =ALERTS!E27 -> 0
A27: 20 | F27: Billing | G27: Newman | O27: Bishop | R27: McGregor | S27: McGinlay | W27: Ayres | X27: Young | Y27: Crowther | Z27: McKillop | AB27: Ayres | AF27: 20 | AG27: =ALERTS!E28 -> 0
A28: 21 | B28: Bullough cont… | F28: Jones | G28: Morris | H28: Dewar | N28: Clare | R28: Tribbensee | S28: Smith | W28: Smith | Z28: Flemming | AF28: 21 | AG28: =ALERTS!E29 -> 0
A29: 22 | N29: not in use | Y29: Malcom & Leonie back from cruise | AF29: 22
A30: Pitch | B30: =B3 -> Tue | C30: =C3 -> Wed | D30: =D3 -> Thu | E30: =E3 -> Fri | F30: =F3 -> Sat | G30: =G3 -> Sun | H30: =H3 -> Mon | I30: =I3 -> Tue | ... AE30: =AE3 -> Wed | AF30: Pitch
A31: No. | B31: 1 | C31: 2 | D31: 3 | E31: 4 | F31: 5 | G31: 6 | H31: 7 | I31: 8 | J31: 9 | K31: 10 | L31: 11 | M31: 12 | N31: 13 | O31: 14 | P31: 15 | Q31: 16 | R31: 17 | S31: 18 | T31: 19 | U31: 20 | V31: 21 | W31: 22 | X31: 23 | Y31: 24 | Z31: 25 | AA31: 26 | AB31: 27 | AC31: 28 | AD31: 29 | AE31: 30 | AF31: No. | AG31: TODAY IS
A32: 23 | E32: L | F32: E | G32: O | H32: N | I32: I | J32: E | L32: AND | N32: M | O32: A | P32: L | Q32: C | R32: O | S32: L | T32: M | Z32: Duty | AA32: Duty | AB32: Duty | AC32: Duty | AD32: Duty | AG32: =TODAY() -> 45692
A33: 23a | B33: Victor Buckley | AF33: 23a
A34: 24 | B34: Hedley | H34: 2 | O34: hedley | V34: 1 | AB34: 2 | AC34: Hedley | AF34: 24
A35: 25 | B35: Justin Sanders | AF35: 25
A36: 26 | B36: Maddy | C36: Duty | E36: Duty | G36: Duty | I36: Duty | K36: Duty | M36: Duty | O36: Duty | Q36: Duty | S36: Duty | U36: Duty | AF36: 26
A37: 27 | B37: John Talbot | H37: John Talbot £120wk | V37: 126 | AC37: 129 | AF37: 27
A38: 28 | F38: Bridgewater | L38: Carrie-Ann | O38: Weisshaupt | R38: Beaumont | W38: Marshall | AB38: Gerrit | AD38: Cable | AF38: 28
A39: 29 | B39: Tom | M39: Tom | T39: Tom | AA39: £143 paid | AF39: 29 | AG39: NO DOGS
A40: 30 | B40: Ade | F40: Ade | M40: Ade | O40: Myles | R40: Mckenzie | S40: Hodgson | V40: Matley-Jones | AF40: 30 | AG40: NO DOGS
A41: 31 | B41: Audley | AC41: 1 | AF41: 31 | AG41: NO DOGS
A42: 32 | B42: Pat Rose | K42: 2 | R42: 1 | Y42: 2 | AF42: 32 | AG42: NO DOGS
A43: 33 | C43: Woods | H43: Adams | J43: Howells | R43: mILLS - DO NOT MOVE | AB43: Lea | AC43: Plews | AF43: 33 | AG43: NO DOGS
A44: 34 | C44: Thurson | E44: Stoker - DO NOT MOVE | L44: Perrett | R44: mILLS - DO NOT MOVE | AA44: Robin Paskins - Do not move | AF44: 34 | AG44: NO DOGS
A45: 35 | R45: Appleton | AF45: 35
A46: 36 | M46: David Tolson | P46: Borrowed hosepipe with connectors of Maddy | AA46: Nigel Fern | AF46: 36
A47: 37 | R47: Moss | Y47: Gore | AF47: 37
A48: 38 | N48: Wolf | R48: Middleton | AE48: Evans | AF48: 38
A49: 39 | R49: Conrad | AE49: Bourne | AF49: 39
A50: 40 | G50: Louks | O50: Lavelle | R50: Hatton | X50: Obern | AF50: 40
A51: 41 | K51: Carruthers | O51: Carruthers | S51: Ashford | AF51: 41
A52: LAB | B52: Husband | F52: Wearham | G52: Anderson | H52: Smith | J52: Barson | L52: Page | R52: Baggett | U52: Muddimun parking for 4hrs | V52: Fogg Do not move | W52: Burgess | Y52: Cole | AF52: Late arrival bay
A53: Pitch | B53: =B30 -> Tue | C53: =C30 -> Wed | D53: =D30 -> Thu | E53: =E30 -> Fri | F53: =F30 -> Sat | G53: =G30 -> Sun | H53: =H30 -> Mon | I53: =I30 -> Tue | ... AE53: =AE30 -> Wed | AF53: Pitch
A54: No. | B54: 1 | C54: 2 | D54: 3 | E54: 4 | F54: 5 | G54: 6 | H54: 7 | I54: 8 | J54: 9 | K54: 10 | L54: 11 | M54: 12 | N54: 13 | O54: 14 | P54: 15 | Q54: 16 | R54: 17 | S54: 18 | T54: 19 | U54: 20 | V54: 21 | W54: 22 | X54: 23 | Y54: 24 | Z54: 25 | AA54: 26 | AB54: 27 | AC54: 28 | AD54: 29 | AE54: 30 | AF54: No.
B55: Pam and Tony Oxlade | F55: 1 | M55: 2 | T55: 3 | AA55: 4wks stored
A56: 2b | N56: Evans | S56: Duffee / dolphin | AF56: 2b
A57: Bailey Senator | B57: Marilyn | O57: 2wks | V57: 1 | AC57: 2wks | AF57: Bailey Senator
A58: ABI Manhatton | O58: Marilyn's daughter | U58: 1 | AB58: 2 | AC58: Universal Stone | AF58: ABI Manhatton
A59: 4b | L59: Barny - Plan-It poster distribution | AF59: 4b | AG59: No Elec
A60: 5b | L60: Barny | S60: Baggott | T60: Oxlade | AF60: 5b
A61: 6b | L61: Barny | S61: McGregor | AF61: 6b
A62: 7B | O62: Barny | AF62: 7B | AG62: No Elec
A63: 8B | W63: Noel Rowley | AF63: 8B | AG63: No Elec
R64: Mares -
A65: Paddock camping with electric | H65: Please record in green when someone arrives for rally - thanks | AF65: Paddock camping with electric
A66: 7a | R66: Sebastian | AF66: 7a
A67: 8a | Q67: Thorpe | S67: Hunt | AF67: 8a
A68: 9a | N68: Irving | S68: Pavan | AF68: 9a
A69: 10a | S69: Rudd | AF69: 10a
A70: 11a | S70: Wild | AF70: 11a
A71: 12a | I71: dog chased chickens - £75 | S71: Sri | AF71: 12a
A72: 13a | F72: Caravan for 8n - £100 | S72: Seymour - do not move | AF72: 13a
A73: 14a | F73: Terry Spires M/H for 8n - £100 | R73: Wellington - do not move | AF73: 14a
F74: Terry Spires confirmed 10 vans to be here between them for total 33n (here 8n) | S74: 012564 10357
F75: £100 pounds for 8n if 10 or more units | AF75: Paddock = families No elec
A76: 42 | G76: £50 deposit received cheq Sep 2013 - Wendy Woods chairman | T76: Taylor | AF76: 42
A77: 43 | F77: Welton Owners Club Rally | AF77: 43
A78: 44 | F78: email dated 12 Sep 13 | AF78: 44
A79: 45 | Q79: Davis | AF79: 45
A80: 46 | M80: Prince | O80: Noel Rowley | S80: Bell | AF80: 46
A81: 47 | F81: Horne | Q81: Munns | AF81: 47
A82: 48 | R82: Rowlatt | AF82: 48
A83: 49 | J83: Gould | L83: Beaton | S83: Timmons | AF83: 49
A84: 50 | R84: Wood | AF84: 50
A85: 51 | S85: Brooks | AF85: 51
A86: 52 | S86: O'Connor | AF86: 52
A87: 53 | AF87: 53
A88: 54 | B88: Enquiry from Mr Audsley on 15 Sep 13 for pitch Apr - June as want to be near 1st grandchild due told him about £21 per night | AA88: Reed | AF88: 54
A89: 55 | AF89: 55
A90: 56 | AF90: 56
A91: 57 | AF91: 57
A92: 58 | AF92: 58
B94: =B53 -> Tue | C94: =C53 -> Wed | D94: =D53 -> Thu | E94: =E53 -> Fri | F94: =F53 -> Sat | G94: =G53 -> Sun | H94: =H53 -> Mon | I94: =I53 -> Tue | ... AE94: =AE53 -> Wed | AF94: Pitch
A95: No. | B95: 1 | C95: 2 | D95: 3 | E95: 4 | F95: 5 | G95: 6 | H95: 7 | I95: 8 | J95: 9 | K95: 10 | L95: 11 | M95: 12 | N95: 13 | O95: 14 | P95: 15 | Q95: 16 | R95: 17 | S95: 18 | T95: 19 | U95: 20 | V95: 21 | W95: 22 | X95: 23 | Y95: 24 | Z95: 25 | AA95: 26 | AB95: 27 | AC95: 28 | AD95: 29 | AE95: 30 | AF95: No.
A96: TOP CAMPING FIELD | AF96: TOP CAMPING FIELD
A97: N | AF97: N
A98: O | AF98: O
A99: N | AF99: N
A101: E | AF101: E
A102: L | AF102: L
...

Sheet May 2014
A1: BACK-UP done 31 May @ 18.30 | I1: Stella last worked on 31 May @ 1830 | AH1: Not here
B2: OFF | C2: PEAK | I2: OFF PEAK | P2: OFF PEAK | V2: OFF PEAK | X2: Rain | AC2: PEAK | AH2: Tent
A3: Pitch | B3: Thu | C3: Fri | D3: Sat | E3: Sun | F3: Mon | G3: Tue | H3: Wed | I3: Thu | J3: Fri | K3: Sat | L3: Sun | M3: Mon | N3: Tue | O3: Wed | P3: Thu | Q3: Fri | R3: Sat | S3: Sun | T3: Mon | U3: Tue | V3: Wed | W3: Thu | X3: Fri | Y3: Sat | Z3: Sun | AA3: Mon | AB3: Tue | AC3: Wed | AD3: Thu | AE3: Fri | AF3: Sat | AG3: Pitch | AH3: Trailer tent
A4: No. | B4: 1 | C4: 2 | D4: 3 | E4: 4 | F4: 5 | G4: 6 | H4: 7 | I4: 8 | J4: 9 | K4: 10 | L4: 11 | M4: 12 | N4: 13 | O4: 14 | P4: 15 | Q4: 16 | R4: 17 | S4: 18 | T4: 19 | U4: 20 | V4: 21 | W4: 22 | X4: 23 | Y4: 24 | Z4: 25 | AA4: 26 | AB4: 27 | AC4: 28 | AD4: 29 | AE4: 30 | AF4: 31 | AG4: No. | AH4: Caravan
A5: 1 | D5: Blake | E5: Leah | N5: Allen - Do not move | X5: Oxlade | Z5: Watkins | AD5: Griffiths | AE5: Young | AG5: 1 | AH5: Camper van
A6: 1a | B6: Steve Keep | R6: steve | Y6: Steve Keep | AF6: Steve | AG6: 1a | AH6: Motorhome
A7: 2 | J7: Ettridge - sold Ariba caravan whilst here! | P7: 1 | W7: 2wks | X7: Symes | AF7: Marriott | AG7: 2 | AH7: NO DOGS
A8: 3 | R8: Harris | S8: Quinlan | X8: Harborn | AA8: Arends | AG8: 3 | AH8: NO DOGS
A9: 4 | D9: Muit | R9: Clare | X9: Jan Boyd | Z9: Fehse | AA9: must leave lead | AB9: Paulsen | AE9: Sadler | AG9: 4 | AH9: NO DOGS
A10: 5 | C10: Swanbrick | F10: Prosser | J10: Evans | Q10: Mintram | V10: James - asked for pl 6 but not available | AE10: Smith | AG10: 5 | AH10: NO DOGS
A11: 6 | G11: Robin Paskins back - do not move unless to pl 34 | X11: Wharton | AG11: 6 | AH11: NO DOGS
A12: 7 | C12: Mepsted | J12: Rickard | M12: Young | R12: Bates | Z12: Wild | AF12: Kelly | AG12: 7 | AH12: NO DOGS
A13: 8 | B13: cont.. | C13: Struyk | E13: Pinto | G13: Griffiths | L13: Wooner | N13: Kiefer | Q13: Bosley | X13: McMullen | AA13: Price | AD13: Kiefer - do not move | AG13: 8
A14: 9 | C14: West | F14: Viz | G14: Plews | L14: Deavin | M14: Plews | Q14: Keer | T14: Plews | X14: Carr | AB14: Plews | AF14: Williams | AG14: 9
A15: 10 | C15: Marshall | D15: Barns | L15: Sydenham | M15: Laing | X15: Dodd | AB15: Cleverly | AG15: 10
A16: 11 | C16: Bartholomew | G16: Coles - do not move | K16: Bourne | M16: Hooke | R16: Hitchman | U16: Maddocks | X16: Parsons - do not move | AC16: Price | AF16: Messingham DO NOT move | AG16: 11
A17: 12 | B17: Marriott cont… | J17: 12 nights @ £21 = £252 + £73 storage = £333 no tow bar Paid | X17: Holt - do not move | AB17: Price-Jones | AG17: 12
A18: 13 | B18: Letch cont.. | F18: Letch - 2wks £300 | M18: 1wk | S18: 2wks | T18: Ian Letch 2wks | X18: Cumbridge | AA18: Ian Letch | AG18: 13 | AH18: RV
A19: 14 | B19: Mario | AG19: 14 | AH19: Free night
A20: 15 | C20: NOT IN USE | M20: NOT IN USE | AG20: 15 | AH20: Poss Extra / late stay
A21: 16 | C21: Burgess 1/2 | Q21: Grieves | X21: Squires - do not move | AD21: Perry | AG21: 16 | AH21: Hard Standing
A22: 16a | C22: Markham 2/2 | X22: Titshall - do not move | AG22: 16a | AH22: Not in use
A23: 17 | Q23: McMahon | U23: Squires (dad) - do not move | AE23: Seldon | AG23: 17 | AH23: late stay
A24: 17a | Y24: Godfrey | AF24: Timson | AG24: 17a | AH24: Refund
A25: 18 | I25: Davey | Q25: Brain | Y25: Cross - | Z25: BURNT GRASS! | AF25: Tyers | AG25: 18 | AH25: Cancelled
A26: 18a | B26: NO ELECTRIC - - - - - - - - - - - - - - - - - - - - - - - - - - - - - - - - - | K26: Tafft keep with Turner | T26: NO ELECTRIC - - - - - - - - - - - - - - - - - - - - - - - - - - - - - - - - - | AA26: Stanford | AG26: 18a
A27: 19 | B27: Lamboley | D27: Luke | G27: 4 | J27: Parsons | N27: Sandercock | X27: Chilton Visitors 12.30 black car | AA27: Seaton | AB27: Pegg | AD27: Prout | AE27: Krummen-Archer | AG27: 19
A28: 6 | C28: Gould | K28: Turner keep with Tafft | N28: Havercroft | P28: Slater | S28: Smith | Y28: Taylor | AF28: Gunter Karl | AG28: 20 | AH28: =ALERTS!E30 -> 0
A29: 21 | B29: Diegan | E29: cullum | I29: Paulson | L29: Punchard | N29: Adams | X29: Colella | AA29: Shepherd | AD29: McWirther | AG29: 21 | AH29: =ALERTS!E31 -> 0
A30: 22 | R30: Duty | S30: move to here if Bill says ok? | X30: Duty | Z30: Duty | AB30: Duty | AD30: Duty | AF30: Duty | AG30: 22 | AH30: =ALERTS!E32 -> 0
A31: Pitch | B31: =B3 -> Thu | C31: =C3 -> Fri | D31: =D3 -> Sat | E31: =E3 -> Sun | F31: =F3 -> Mon | G31: =G3 -> Tue | H31: =H3 -> Wed | I31: =I3 -> Thu | ... AF31: =AF3 -> Sat | AG31: Pitch
A32: No. | B32: 1 | C32: 2 | D32: 3 | E32: 4 | F32: 5 | G32: 6 | H32: 7 | I32: 8 | J32: 9 | K32: 10 | L32: 11 | M32: 12 | N32: 13 | O32: 14 | P32: 15 | Q32: 16 | R32: 17 | S32: 18 | T32: 19 | U32: 20 | V32: 21 | W32: 22 | X32: 23 | Y32: 24 | Z32: 25 | AA32: 26 | AB32: 27 | AC32: 28 | AD32: 29 | AE32: 30 | AF32: 31 | AG32: No.
A33: 23 | B33: j | C33: a | D33: r | E33: r | F33: e | G33: t | H33: t | S33: Ian Strark | Z33: Stark | AG33: 23 | AH33: TODAY IS
A34: 23a | B34: Victor Buckley | AG34: 23a | AH34: =TODAY() -> 45692
A35: 24 | B35: Hedley | C35: keys in drawer | L35: 2 | S35: 1 | Z35: 2 | AA35: £116.60 x 3 | AG35: 24
A36: 25 | B36: Justin Sanders | AG36: 25
A37: 26 | B37: Maddy YE56GSO | E37: Duty | I37: away | K37: Duty | M37: Duty | O37: Duty | Q37: Duty | S37: Duty | U37: Duty | W37: Duty | Y37: Duty | AA37: Duty | AC37: Duty | AE37: Duty | AG37: 26
A38: 27 | B38: John Talbot | M38: Talbot | T38: Talbot | AA38: £129 Paid | AG38: 27
A39: 28 | D39: Readings | K39: Kite | Q39: 1wk | X39: 2wks | AE39: 3wk | AG39: 28
A40: 29 | B40: Tom Keep | R40: £143 paid | Y40: Tom | AF40: Tom | AG40: 29 | AH40: NO DOGS
A41: 30 | B41: Matley-Jones - do not move | F41: Cornish | M41: Parker | P41: Matley-Jones DO NOT MOVE | X41: Boyd/Debbie Conwell | AA41: Richardson - Defleff | AG41: 30 | AH41: NO DOGS
A42: 31 | B42: Audley | E42: 2 | M42: 3 | T42: 4 | Z42: 5 | AA42: Audley | AG42: 31 | AH42: NO DOGS
A43: 32 | B43: Pat Rose cont…. | G43: ? | I43: 2wks | J43: 1 | Q43: 2 | X43: £300 due for 2wks | AG43: 32 | AH43: NO DOGS
A44: 33 | C44: Pearce | H44: Crebo | K44: Hart | S44: Bryant | Y44: daughter | AA44: £18 for daugter | AE44: Palmer | AG44: 33 | AH44: NO DOGS
A45: 34 | C45: Van Schlie | J45: Stoker - DO NOT MOVE | X45: Morgan | Y45: Clutson | AD45: Camburn | AE45: Fletcher | AG45: 34 | AH45: NO DOGS
A46: 35 | U46: Fox | W46: House / Visitors am | AC46: Finch | AG46: 35
A47: 36 | D47: Fern | P47: Earthrowl | X47: Jones | AD47: Young | AG47: 36
A48: 37 | F48: Barr | Q48: Dickinson | V48: Strudwick | AC48: Cann | AG48: 37
A49: 38 | D49: Chapman | Q49: Haxton | X49: Slogget do not move | AD49: Aram | AG49: 38
A50: 39 | D50: Chapman | K50: Wainman | N50: Whittle | Q50: Collier | U50: Sheppards | V50: Lindsell do not move with Sloggett | AF50: Pickton | AG50: 39
A51: 40 | H51: Bridge | Q51: Hughes | T51: jones 1 day early | X51: Good | AE51: Faulkener | AG51: 40
A52: 41 | N52: Lidbury | X52: Smyth | AF52: Jackson | AG52: 41
A53: Late arrival bay | C53: Ducros | E53: Messari | H53: Diegan | J53: Briggs | P53: Leppier | Q53: ` | X53: Cowley | Y53: Bowerman | AE53: Chopping | AG53: LATE ARRIVAL BAY
B54: Thu | C54: Fri | D54: Sat | E54: Sun | F54: Mon | G54: Tue | H54: Wed | I54: Thu | J54: Fri | K54: Sat | L54: Sun | M54: Mon | N54: Tue | O54: Wed | P54: Thu | Q54: Fri | R54: Sat | S54: Sun | T54: Mon | U54: Tue | V54: Wed | W54: Thu | X54: Fri | Y54: Sat | Z54: Sun | AA54: Mon | AB54: Tue | AC54: Wed | AD54: Thu | AE54: Fri | AF54: Sat
B55: 1 | C55: 2 | D55: 3 | E55: 4 | F55: 5 | G55: 6 | H55: 7 | I55: 8 | J55: 9 | K55: 10 | L55: 11 | M55: 12 | N55: 13 | O55: 14 | P55: 15 | Q55: 16 | R55: 17 | S55: 18 | T55: 19 | U55: 20 | V55: 21 | W55: 22 | X55: 23 | Y55: 24 | Z55: 25 | AA55: 26 | AB55: 27 | AC55: 28 | AD55: 29 | AE55: 30 | AF55: 31
B56: Pam and Tony Oxlade | K56: 6wks | L56: Told £80 storage for 29 Mar to 23 May | R56: 7wks | Y56: 8wks | AD56: Arends | AH56: STORAGE
A57: 2b | H57: Gue | AG57: 2b
A58: Bailey Senator | C58: 4 | H58: Stron | K58: Pearl & Barry Saxby | Q58: 1 | X58: 2 | AE58: 3 | AG58: Bailey Senator
A59: ABI Manhatton | P59: Joan Mircea - from Romania | W59: Joan Mircea & T. Muresan | AD59: Muresan | AG59: ABI Manhatton
A60: 4b | X60: Martin | AE60: Aynesworth | AG60: LUNAR Solaris
A61: 5b | J61: Henderson | O61: Moran | X61: Erry - our lead on loan/brought back | AF61: Russell | AG61: 5b
A62: 6b | M62: Edwards | T62: Edwards to pay on arrival | X62: Williams | AF62: Garfield | AG62: 6b
A63: 7B | N63: Noel Rowley | U63: Noel Rowley | X63: Williams | AF63: Dixon | AG63: 7B | AH63: No Electric
A64: 8B | U64: Rothernel | Y64: Norman | Z64: Pegler | AF64: Evans | AG64: 8B | AH64: No Electric
G65: Rowley back | X65: Baker
A66: Paddock camping with electric | X66: Jan Boyd -mother in Solaris | AG66: Paddock camping with electric
A67: 7a | C67: Mitchell | I67: Dougdale | Q67: Painter | Y67: Jones With Perry | AB67: Austin | AC67: Price | AE67: Warner | AG67: 7a
A68: 8a | C68: kent/Goodall | F68: Riley | Y68: Perry with Jones | AD68: Cooper-Smith | AG68: 8a
A69: 9a | C69: Kent | Y69: Snow | Z69: Paid for visitor EN52 FOK | AE69: Warner | AG69: 9a
A70: 10a | C70: Lofts | Q70: Young | X70: Harrison | AD70: Hughes | AG70: 10a
A71: 11a | C71: Bowen | X71: Brackstone | AB71: Northcote | AE71: Campbell | AG71: 11a
A72: 12a | E72: White | X72: Richardson | AD72: Mair | AE72: do not move | AF72: Hampton | AG72: 12a
A73: 13a | E73: Huckins | X73: Gates - do not move | AD73: Braddon | AE73: do not move | AF73: Williams | AG73: 13a
A74: 14a | L74: Redpath | X74: Thompson - do not move | AD74: Robinson | AE74: do not move | AG74: 14a
Y75: Leather
A76: Paddock = families No elec | Y76: Price | Z76: Price | AG76: Paddock = families No elec
A77: 42 | AG77: 42
A78: 43 | AA78: Denyer | AB78: Denyer | AG78: 43
A79: 44 | AC79: Nicholson | AG79: 44
A80: 45 | K80: Shaw | Q80: Bennett | S80: Bartham-Evans | Y80: Lisa Matthews | AA80: Stillwell | AD80: Ewens | AE80: Dawson | AG80: 45
A81: 46 | D81: Johnson | K81: Partington | R81: Davison | Y81: Lisa Matthews friends | AD81: Morrey | AG81: 46
A82: 47 | D82: Johnson/Little | F82: Shaw | X82: Andy Cole | AC82: Rabin | AG82: 47
A83: 48 | R83: Garrod | T83: Radcliffe | Y83: Round | AE83: Dumbrell | AG83: 48
A84: 49 | X84: Chalmers | AE84: Bailey | AG84: 49
A85: 50 | X85: Westron | AG85: 50
A86: 51 | S86: Martin | X86: Westron/Shaw | AG86: 51
A87: 52 | Y87: Dawson | AG87: 52
A88: 53 | Y88: Willson | AG88: 53
A89: 54 | Z89: McTurk | AG89: 54
A90: 55 | D90: O'Hara | Z90: Weir | AG90: 55
A91: 56 | AG91: 56
A92: 57 | W92: Walker, here to put up awning, take photo's and then away | AG92: 57
A93: 58 | AG93: 58
A94: Pitch | B94: =B54 -> Thu | C94: =C54 -> Fri | D94: =D54 -> Sat | E94: =E54 -> Sun | F94: =F54 -> Mon | G94: =G54 -> Tue | H94: =H54 -> Wed | I94: =I54 -> Thu | ... AF94: =AF54 -> Sat | AG94: Pitch
A95: No. | B95: 1 | C95: 2 | D95: 3 | E95: 4 | F95: 5 | G95: 6 | H95: 7 | I95: 8 | J95: 9 | K95: 10 | L95: 11 | M95: 12 | N95: 13 | O95: 14 | P95: 15 | Q95: 16 | R95: 17 | S95: 18 | T95: 19 | U95: 20 | V95: 21 | W95: 22 | X95: 23 | Y95: 24 | Z95: 25 | AA95: 26 | AB95: 27 | AC95: 28 | AD95: 29 | AE95: 30 | AF95: 31 | AG95: No.
A96: TOP CAMPING FIELD | W96: Compton | Y96: left early as windy | AG96: TOP CAMPING FIELD
A97: N | X97: Harris | AF97: Moodie | AG97: N
A98: O | X98: Franchis | AF98: Giles | AG98: O
A99: N | Y99: Barnes | AF99: Bolt | AG99: N
Y100: Burge | AF100: Newbold
...

Sheet June 2014
A1: BACK-UP done 30 June @ 17.30 | K1: Stella worked on 30 June @ 1830 | AG1: Not here
D2: OFF PEAK | J2: OFF PEAK | Q2: OFF PEAK | Y2: OFF PEAK | AG2: Tent
A3: Pitch | B3: Sun | C3: Mon | D3: Tue | E3: Wed | F3: Thu | G3: Fri | H3: Sat | I3: Sun | J3: Mon | K3: Tue | L3: Wed | M3: Thu | N3: Fri | O3: Sat | P3: Sun | Q3: Mon | R3: Tue | S3: Wed | T3: Thu | U3: Fri | V3: Sat | W3: Sun | X3: Mon | Y3: Tue | Z3: Wed | AA3: Thu | AB3: Fri | AC3: Sat | AD3: Sun | AE3: Mon | AF3: Pitch | AG3: Trailer tent
A4: No. | B4: 1 | C4: 2 | D4: 3 | E4: 4 | F4: 5 | G4: 6 | H4: 7 | I4: 8 | J4: 9 | K4: 10 | L4: 11 | M4: 12 | N4: 13 | O4: 14 | P4: 15 | Q4: 16 | R4: 17 | S4: 18 | T4: 19 | U4: 20 | V4: 21 | W4: 22 | X4: 23 | Y4: 24 | Z4: 25 | AA4: 26 | AB4: 27 | AC4: 28 | AD4: 29 | AE4: 30 | AF4: No. | AG4: Caravan
A5: 1 | C5: Zimmermann | F5: Seaton | G5: Bradford | H5: Williams | I5: ostertag | J5: Key | N5: Goodwin | R5: Chiesa | V5: Townhill | Z5: Simon | AA5: Matley-Jones | AF5: 1 | AG5: Camper van
A6: 1a | B6: Steve Keep | H6: Steve £140 | O6: Steve £140 | V6: Steve £140 | AC6: Steve £140 | AF6: 1a | AG6: Motorhome
A7: 2 | K7: Ellis | N7: Robinson | O7: Pentrey | V7: Saunders | AB7: Skelland | AC7: Holmes | AD7: Summer | AF7: 2 | AG7: NO DOGS
A8: 4 | B8: Sadler cont.. | H8: Keelan | M8: Hignell | W8: NOT IN USE | AF8: 4 | AG8: NO DOGS
A9: Solaris | N9: Hignell | AA9: Helen Baker | AF9: Solaris | AG9: NO DOGS
A10: 5 | G10: Chadwick | N10: Santo | Q10: Ege | U10: Chadwick - do not move | AB10: Prentice-do not move | AF10: 5 | AG10: NO DOGS
A11: 6 | C11: Wandiss | G11: Short | J11: Till 6pm | N11: Bradshaw | Q11: 5-6pm | U11: Cox | AB11: Sycamore - do not move | AF11: 6 | AG11: NO DOGS
A12: 7 | B12: Kelly cont | E12: Smith | I12: Burch | K12: Woods early arrival 9am | V12: Ferrie | AB12: Wiseman | AF12: 7 | AG12: NO DOGS
A13: 8 | B13: Knabe | E13: Craven | G13: Store | N13: Weishaupt | P13: vd Veen | Q13: Bell | W13: Visconti | Y13: Burch | AA13: Ward-do not move | AE13: Wharton | AF13: 8
A14: 9 | C14: Plews | F14: Bray | J14: Plews | N14: Martin | Q14: Plews | U14: Dyer | X14: Plews | AB14: Warrilow | AC14: Jones | AE14: Plews | AF14: 9
A15: 10 | B15: Price | C15: Marriott | G15: 1 | N15: 2wks | U15: 3wks | Y15: P512 JYC | AB15: 4wks | AF15: 10
A16: 11 | B16: Messingham Cont…. Dark blue Astra vis | I16: Hepworth | L16: Birchley | P16: Pettit | V16: Hitchman | AB16: Plumb | AD16: Seeny | AE16: Phebi | AF16: 11
A17: 12 | E17: Longman with Craven | G17: Parks | I17: Leavesley | V17: Perruchoud | AB17: Clarke | AF17: 12 | AG17: Did not turn up
A18: 13 | B18: 2wks | C18: Ian Letch | I18: 1wk | P18: 2 | Q18: Ian Letch | W18: 1wk | AF18: 13 | AG18: RV
A19: 14 | B19: Mario | AF19: 14 | AG19: Free night
A20: 15 | X20: 0 | AF20: 15 | AG20: Poss Extra / late stay
A21: 16 | C21: Hendrie | M21: Hutcheson | T21: Hutchinson | AB21: Griffin | AF21: 16 | AG21: Hard Standing
A22: 16a | AB22: Ingles | AF22: 16a | AG22: Not in use
A23: 17 | B23: Seldon cont | E23: De Witte | H23: Moss | M23: Zyl | T23: Paggart | Z23: Hough | AF23: 17 | AG23: late stay
A24: 17a | B24: Timson cont | E24: Drupsteen | AF24: 17a | AG24: Refund
A25: 18 | M25: Hunt | O25: Chamberlain | AB25: Day | AF25: 18 | AG25: Cancelled
A26: 18a | B26: NO ELECTRIC - - - - - - - - - - - - - - - - - - - - - - - - - - - - - - - - - | S26: NO ELECTRIC - - - - - - - - - - - - - - - - - - - - - - - - - - - - - - - - - | AF26: 18a
A27: 19 | B27: Krummen-Archer ~Cont | F27: Brake | H27: Egerer | J27: Adams | N27: Parsons | R27: Peak | W27: Brim | Z27: Browitali | AB27: Lyon-Shaw | AF27: 19
A28: 20 | C28: Gunther | G28: Redrup | K28: Clayton | N28: King | R28: Brake | S28: Conway | T28: Stamm | U28: Shelagh & Barrry- to be paid | AA28: Loveridge | AF28: 20 | AG28: =ALERTS!E33 -> 0
A29: 21 | B29: McWirther cont | H29: Martin | J29: Clayton | K29: Shelagh & Barrry - | U29: Carter Do not move | Z29: Shelagh & Barrry | AF29: 21 | AG29: =ALERTS!E34 -> 0
A30: 22 | B30: Leonie | C30: Duty | E30: Away on cruise | I30: Duty | K30: Duty | M30: Duty | O30: Duty | Q30: Duty | S30: Duty | U30: Duty | W30: Duty | Y30: Duty | AA30: Duty | AC30: Duty | AE30: Duty | AF30: 22 | AG30: =ALERTS!E35 -> 0
A31: Pitch | B31: =B3 -> Sun | C31: =C3 -> Mon | D31: =D3 -> Tue | E31: =E3 -> Wed | F31: =F3 -> Thu | G31: =G3 -> Fri | H31: =H3 -> Sat | I31: =I3 -> Sun | ... AE31: =AE3 -> Mon | AF31: Pitch
A32: No. | B32: 1 | C32: 2 | D32: 3 | E32: 4 | F32: 5 | G32: 6 | H32: 7 | I32: 8 | J32: 9 | K32: 10 | L32: 11 | M32: 12 | N32: 13 | O32: 14 | P32: 15 | Q32: 16 | R32: 17 | S32: 18 | T32: 19 | U32: 20 | V32: 21 | W32: 22 | X32: 23 | Y32: 24 | Z32: 25 | AA32: 26 | AB32: 27 | AC32: 28 | AD32: 29 | AE32: 30 | AF32: No.
A33: 23 | B33: Ian Stark cont | I33: £147 Paid Ref? | P33: Ian Stark | W33: Ian Stark - in France from 21 - 29 June | AD33: Ian Stark | AF33: 23 | AG33: TODAY IS
A34: 23a | B34: Victor Buckley | K34: V ic & wife here | AF34: 23a | AG34: =TODAY() -> 45692
A35: 24 | B35: Hedley | I35: 2wks | J35: Hedley | P35: 1 | W35: 2 | X35: Hedley | AD35: 1 | AF35: 24
A36: 25 | B36: Justin Sanders | AF36: 25
A37: 26 | B37: Maddy | D37: Duty | E37: Duty | F37: Duty | H37: Duty | J37: Duty | L37: Duty | N37: Duty | P37: Duty | R37: Duty | T37: Duty | V37: Duty | X37: Duty | Z37: Duty | AB37: Duty | AD37: Duty | AF37: 26
A38: 27 | B38: John Talbot | I38: £120 paid | N38: Away on holiday until 23rd June | X38: Due | AD38: Talbot | AF38: 27
A39: 28 | B39: Alan Kite cont… | G39: 4wks | H39: Kite | N39: 1 | T39: Alan back | AB39: Lucas | AC39: Peak | AF39: 28
A40: 29 | B40: Tom Keep | H40: Tom | N40: 1 wk | O40: Tom | U40: 1 wk | V40: Tom £140 | AB40: 1wk | AC40: Tom | AF40: 29 | AG40: NO DOGS
A41: 30 | B41: Richardson cont. | G41: Roberts | I41: Cooper | J41: Stockman | L41: Geyer | N41: Jennings | O41: Matthews | Y41: Barlow | AA41: Dawson | AC41: Brook | AD41: FANCETT | AF41: 30 | AG41: NO DOGS
A42: 31 | B42: Audley | I42: 2 | P42: 3 | W42: 4 | AD42: 5 | AF42: 31 | AG42: NO DOGS
A43: 32 | B43: Pat & Barry Rose cont… | G43: £300 due | M43: 1 | T43: 2 | AA43: 3 | AF43: 32 | AG43: NO DOGS
A44: 33 | E44: Rodwell | H44: Severis | M44: Poppe | N44: Williams | Q44: Cox | X44: Griewel | AA44: Priestley-do not move | AF44: 33 | AG44: NO DOGS
A45: 34 | F45: Bontempes | H45: Smaje | K45: Bontempes | N45: Heppel | X45: Schmitz | AB45: Hillson-do not move | AF45: 34 | AG45: NO DOGS
A46: 35 | B46: Finch cont.. | N46: Borst | U46: Watson | AA46: Lane | AF46: 35
A47: 36 | B47: Young cont… | H47: Buckle | J47: Dow | O47: Collins | S47: Dowdell | V47: Rock | Y47: Lampart | AF47: 36
A48: 37 | H48: Doncker | K48: Ford | N48: Payne | S48: Bruton | AF48: 37
A49: 38 | B49: Aram cont | H49: Jackson | M49: Griffin | N49: Morley | O49: Hill | R49: Page | U49: Kaye | AD49: Griffin | AF49: 38
A50: 39 | B50: Pickton cont | C50: Duddingtn | D50: Holmes | F50: Berry | H50: Nelson | I50: Duddingtn | K50: Clark | M50: Drew | N50: Beeston | O50: Bannister | Q50: Longley | R50: James | Z50: Mockridgge | AB50: Smiley | AC50: Wynne | AF50: 39
A51: 40 | C51: Brogden | N51: Daincy | O51: Fursland | R51: Hall | V51: Owen | Z51: Nowell | AC51: Woodcock | AD51: Catherall | AF51: 40
A52: 41 | R52: Buck | AF52: 41
A53: late arrival | E53: Knapman - Do not move | G53: Morgan | O53: Dixon | P53: Mullins | T53: Kaye | U53: Jackson | V53: Lees | AD53: Nelson | AE53: Longley | AF53: Late Arrival Bay
A54: Pitch | B54: =B3 -> Sun | C54: =C3 -> Mon | D54: =D3 -> Tue | E54: =E3 -> Wed | F54: =F3 -> Thu | G54: =G3 -> Fri | H54: =H3 -> Sat | I54: =I3 -> Sun | ... AE54: =AE3 -> Mon | AF54: Pitch
A55: No. | B55: 1 | C55: 2 | D55: 3 | E55: 4 | F55: 5 | G55: 6 | H55: 7 | I55: 8 | J55: 9 | K55: 10 | L55: 11 | M55: 12 | N55: 13 | O55: 14 | P55: 15 | Q55: 16 | R55: 17 | S55: 18 | T55: 19 | U55: 20 | V55: 21 | W55: 22 | X55: 23 | Y55: 24 | Z55: 25 | AA55: 26 | AB55: 27 | AC55: 28 | AD55: 29 | AE55: 30 | AF55: No.
Z57: Fancett | AD57: Move onto plot 30??
A58: storage | B58: Arend cont… | X58: Montgomery | AG58: STORAGE
A59: storage | N59: Collins | W59: Briggs | AA59: John Burch- move from pl 8 | AG59: STORAGE
A60: 2b | AF60: 2b
A61: Bailey Senator | B61: Pearl & Barry | H61: Pearl & Barry Saxby | U61: 2 | AB61: 3 | AF61: Bailey Senator
A62: ABI Manhatton | B62: Mursan | F62: Joan Mircea | M62: £300 paid | T62: Joan Mircea | AA62: £300 paid | AF62: ABI Manhatton
A63: Storm | C63: Cozmin | J63: Cozmin | Q63: Cozmin only 2 persons this week | X63: Cozmin | AE63: Cozmin £300 due | AF63: Storm
A64: 5b | G64: Michel | J64: McCaffer | O64: Legrand | P64: Buckley | Q64: Jordan | W64: 1wk | AD64: 2wks | AF64: 5b
A65: 6b | C65: Johnson | F65: Sleigh | G65: Montonati | H65: Selby | J65: Edwards | N65: Arends | Q65: McCaffer | X65: Warmsley | AC65: Prentice | AF65: 6b
A66: 7B | D66: Noel Rowley | O66: Bradshaw | S66: Hughes | AF66: 7B | AG66: No Elec
A67: 8B | D67: Shayler | U67: Claudio | AF67: 8B | AG67: No Elec
K68: Noel Rowley | O68: Paulino | Q68: Noel Rowley next to chickens | V68: Marshall | X68: Noel Rowley nr bonfire
M69: Marchis near chickens | T69: Adrian Marchis | AA69: £119 paid
A71: Paddock camping with electric | AB71: Giles | AF71: Paddock camping with electric
A72: 7a | B72: Warner | E72: Austin | K72: Whitton | N72: Ryan | T72: Lynn | X72: Evans | AA72: Egleton - do not move | AF72: 7a
A73: 8a | I73: Smith | N73: Hunt/Beedle | V73: Fisher | AA73: Heanue - do not move | AF73: 8a
A74: 9a | C74: Vink - Dutch | N74: Hunt/Johnson | T74: Ellis | V74: Hulland | AA74: Turner - do not move | AF74: 9a
A75: 10a | N75: Hunt | Q75: Starkie | U75: Blackmoor | AB75: Gopsill | AF75: 10a
A76: 11a | U76: Berland | AA76: Dund | AF76: 11a
A77: 12a | B77: Hampton cont | M77: Matthews | U77: Clemencet | AB77: Nichols | AF77: 12a
A78: 13a | O78: Visser | U78: Clootens | AB78: Williams | AF78: 13a
A79: 14a | N79: Radwell | U79: Noel | AB79: Jones | AF79: 14a
K80: Chatelier | AB80: Heyes
A81: Paddock = families No elec | M81: Chadwick | AF81: Paddock = families No elec
A82: 43 | E82: Perry | M82: Brennan | S82: Jarrett | AF82: 43
A83: 44 | I83: Bailey | AC83: Overton | AF83: 44
A84: 45 | B84: Dawson cont…… | G84: Studebaker | L84: Heaven | N84: Fazmil | S84: Hans | U84: Legg | W84: Boomer | AA84: Davison | AB84: Peach | AC84: McClurg | AE84: Blears | AF84: 45
A85: 46 | F85: Greenaway | N85: Fazmil Too | U85: Hobb | AA85: Rowd | AF85: 46
A86: 47 | F86: Hattersley | J86: Denyer | M86: Brown | N86: Donnehy | AA86: Howroyd | AC86: Harris | AF86: 47
A87: 48 | G87: Pedro Papadimatriou | M87: Loderbauer | N87: van Dijk | AA87: Obeney | AC87: Brown | AF87: 48
A88: 49 | N88: Macloud with Zange | AC88: Theakston | AF88: 49
A89: 50 | M89: Teagle | N89: Zange with Mcloud | AF89: 50
A90: 51 | N90: Voskuilen | AF90: 51 | AG90: No electric unless splitter
A91: 52 | F91: Thorncroft | J91: Belcher | O91: Bronder | AF91: 52
A92: 53 | AC92: Heyse | AE92: BBQ ! | AF92: 53
A93: 54 | O93: Pizics | AC93: Kamutzky | AF93: 54
A94: 55 | AC94: Wohlpart | AF94: 55
A95: Pitch | B95: =B54 -> Sun | C95: =C54 -> Mon | D95: =D54 -> Tue | E95: =E54 -> Wed | F95: =F54 -> Thu | G95: =G54 -> Fri | H95: =H54 -> Sat | I95: =I54 -> Sun | ... AE95: =AE54 -> Mon | AF95: Pitch
A96: No. | B96: 1 | C96: 2 | D96: 3 | E96: 4 | F96: 5 | G96: 6 | H96: 7 | I96: 8 | J96: 9 | K96: 10 | L96: 11 | M96: 12 | N96: 13 | O96: 14 | P96: 15 | Q96: 16 | R96: 17 | S96: 18 | T96: 19 | U96: 20 | V96: 21 | W96: 22 | X96: 23 | Y96: 24 | Z96: 25 | AA96: 26 | AB96: 27 | AC96: 28 | AD96: 29 | AE96: 30 | AF96: No.
A97: TOP CAMPING FIELD | Z97: Warner | AE97: Price | AF97: TOP CAMPING FIELD
A98: N | G98: Mainwaring | M98: Kavangh | Z98: Kavanagh | AF98: N
A99: O | AC99: Barns | AF99: O
A100: N | P100: Duckworth | AF100: N
A102: E | AF102: E
A103: L | AF103: L
...

Sheet July 2014
A1: BACK-UP done 31 July @ 1800 | L1: DO NOT LET CHICKENS OUT12-13 juLY | V1: Stella on 27 July @ 0830 | AH1: Not here
D2: OFF PEAK | J2: OFF PEAK | M2: dog show | Q2: OFF PEAK | Y2: PEAK | AD2: PEAK | AH2: Tent
A3: Pitch | B3: Tue | C3: Wed | D3: Thu | E3: Fri | F3: Sat | G3: Sun | H3: Mon | I3: Tue | J3: Wed | K3: Thu | L3: Fri | M3: Sat | N3: Sun | O3: Mon | P3: Tue | Q3: Wed | R3: Thu | S3: Fri | T3: Sat | U3: Sun | V3: Mon | W3: Tue | X3: Wed | Y3: Thu | Z3: Fri | AA3: Sat | AB3: Sun | AC3: Mon | AD3: Tue | AE3: Wed | AF3: Thu | AG3: Pitch | AH3: Trailer tent
A4: No. | B4: 1 | C4: 2 | D4: 3 | E4: 4 | F4: 5 | G4: 6 | H4: 7 | I4: 8 | J4: 9 | K4: 10 | L4: 11 | M4: 12 | N4: 13 | O4: 14 | P4: 15 | Q4: 16 | R4: 17 | S4: 18 | T4: 19 | U4: 20 | V4: 21 | W4: 22 | X4: 23 | Y4: 24 | Z4: 25 | AA4: 26 | AB4: 27 | AC4: 28 | AD4: 29 | AE4: 30 | AF4: 31 | AG4: No. | AH4: Caravan
A5: 1 | E5: Arch | F5: Watkins | G5: Callard | L5: Matley-Jones do not move | N5: Tidey | O5: O'Neil | Q5: Buckney | S5: Clews-Cartwright | T5: Connor | V5: Watkins | W5: Nimmo | Y5: Marchant | Z5: Admans | AB5: Ezery | AC5: King | AG5: 1 | AH5: Camper van
A6: 1a | B6: Steve Keep | F6: Hughes - do not move | P6: Steve's van back on pitch | S6: Steve Due £169 (5x£20 3x£23) | AA6: Steve (given £8 off) | AG6: 1a | AH6: Motorhome
A7: 2 | F7: Hampshire | G7: Tanner | H7: Dear | J7: Newman | K7: Malcomson | L7: Hampshire | M7: Congreve | N7: Cook - folding caravan | R7: Barrott | V7: Uplegger | X7: Hughes - do not move | AA7: Evans | AB7: Hawkins | AC7: Cunningham | AF7: Rouse | AG7: 2 | AH7: NO DOGS
A8: 3 | J8: Do not use if Solaris is rented | P8: NO ELECTRIC - - - - - - - - - - - - - - - - - - - - - - - - - - - - - - - - - | AA8: Malewski | AG8: 3 | AH8: NO DOGS
A9: 4 | B9: Baker cont…. | D9: 1wk | J9: 2wks | AG9: Solaris | AH9: NO DOGS
A10: 5 | C10: Horne | E10: Stubbs | J10: Nijeboer | L10: Chadwick | O10: Frizelle | R10: Lunouvel | V10: Dekker | X10: Chadwick | Z10: Mosely | AB10: Simmer | AF10: Evans | AG10: 5 | AH10: NO DOGS
A11: 6 | B11: Morres | J11: Thomson | L11: Wheatly | T11: Hamil | W11: King | X11: 2 vis | Z11: Slade | AE11: ehrbar | AG11: 6 | AH11: NO DOGS
A12: 7 | B12: Wiseman | I12: Osman | S12: Martinet | X12: Wierick | AA12: Garland | AB12: Bickerton - do not move | AG12: 7 | AH12: NO DOGS
A13: 8 | B13: Wharton | C13: Huty | E13: Saunders | F13: Hussey | R13: Rasenberg | Y13: Mebbelke | AC13: Netherway | AE13: Unrch | AG13: 8
A14: 9 | B14: cont.. | F14: Dobson | I14: Plews | L14: Jansen | O14: Plews | R14: Scheffer | V14: Plews | Z14: Lancaster-Park | AC14: Thorne | AD14: Plews | AF14: Zoccante | AG14: 9
A15: 10 | B15: Marriott cont.. | F15: M/H | G15: M/H | H15: M/H | Z15: Capstick | AA15: Bailey | AB15: Olivotto | AC15: Bernards | AD15: Conquest- | AG15: 10
A16: 11 | B16: Phebi cont.. | L16: Davis | N16: Goodfellow | W16: Schumann | X16: Matley-Jones - DO NOT MOVE | Z16: Right | AB16: Smart | AC16: Schmidt | AE16: Kos | AG16: 11
A17: 12 | E17: Long | K17: wk | V17: Wright | Z17: Ball | AD17: Judge | AG17: 12
A18: 13 | I18: Rees | M18: Ian back | O18: Ian Letch £294+£48=£342 (12&13july) for 2wks | U18: 2 | AB18: 1 | AC18: Ian | AG18: 13 | AH18: RV
A19: 14 | B19: Mario | AG19: 14 | AH19: Free night
A20: 15 | X20: 0 | AF20: 15 | AG20: 15 | AH20: Poss Extra / late stay
A21: 16 | E21: Guidal | L21: Stredwick | O21: Kuipers | R21: Eccleshaw | U21: Davey | Y21: Barrett | AA21: Bishop | AF21: Tomline | AG21: 16 | AH21: Hard Standing
A22: 16a | E22: Manson | L22: Morris | M22: Turrell | R22: Christian | AA22: bishop/Marston | AG22: 16a | AH22: Not in use
A23: 17 | B23: Hough cont. | L23: Wilkinson | R23: Milnik | T23: Holcroft | U23: Ranson | AA23: Ody | AG23: 17 | AH23: late stay
A24: 17a | M24: Watson | T24: Pilkington | AA24: Jukes with Garland | AG24: 17a | AH24: Refund
A25: 18 | D25: Davey | E25: Cullen | L25: Huey - do not move | T25: Lister | U25: Falconer | X25: Carter | AG25: 18 | AH25: Cancelled
A26: 18a | B26: NO ELECTRIC - - - - - - - - - - - - - - - - - - - - - - - - - - - - - - - - - | T26: NO ELECTRIC - - - - - - - - - - - - - - - - - - - - - - - - - - - - - - - - - | AA26: Williams with Garland | AG26: 18a | AH26: Did not turn up
A27: 19 | E27: Peacock | G27: Adams | L27: Townsend | R27: Warren | Y27: Rowan - do not move | AG27: 19
A28: 20 | B28: Loveridge cont | C28: Hanson | E28: Green | G28: Bromley | H28: MacWhirter | K28: Last | O28: Meyer | P28: 7 | X28: Ingman | Y28: Mclaren - do not move | AG28: 20
A29: 21 | B29: Shelagh & Barrry- to be paid | AA29: Tomlinson | AD29: Hieber | AF29: Chapman | AG29: 21
A30: 22 | C30: Duty | E30: Duty | G30: Duty | I30: Duty | K30: Duty | M30: Duty | O30: Duty | Q30: Duty | S30: Duty | U30: Duty | W30: Duty | Y30: Duty | AA30: Duty | AC30: Duty | AE30: Duty | AG30: 22
A31: Pitch | B31: =B3 -> Tue | C31: =C3 -> Wed | D31: =D3 -> Thu | E31: =E3 -> Fri | F31: =F3 -> Sat | G31: =G3 -> Sun | H31: =H3 -> Mon | I31: =I3 -> Tue | ... AF31: =AF3 -> Thu | AG31: Pitch | AH31: =TODAY() -> 45692
A32: No. | B32: 1 | C32: 2 | D32: 3 | E32: 4 | F32: 5 | G32: 6 | H32: 7 | I32: 8 | J32: 9 | K32: 10 | L32: 11 | M32: 12 | N32: 13 | O32: 14 | P32: 15 | Q32: 16 | R32: 17 | S32: 18 | T32: 19 | U32: 20 | V32: 21 | W32: 22 | X32: 23 | Y32: 24 | Z32: 25 | AA32: 26 | AB32: 27 | AC32: 28 | AD32: 29 | AE32: 30 | AF32: 31 | AG32: No.
A33: 23 | B33: Ian Stark cont.. | F33: 1 | M33: 2 | N33: Ian Stark | T33: 1 | AA33: 2 | AB33: £160 wk peak time(given £8 off) | AG33: 23
A34: 23a | B34: Victor Buckley | AG34: 23a
A35: 24 | B35: Hedley | G35: 2 | H35: £116.60 x 3 | N35: 1 | U35: 2 | AB35: 1 wk | AG35: 24
A36: 25 | B36: Justin Sanders | Z36: Sands | AA36: Sechei - | AE36: Sechei | AG36: COMPASS 556
A37: 26 | B37: Maddy | D37: Duty | F37: Duty | H37: Duty | J37: Duty | L37: Duty | N37: Duty | P37: Duty | R37: Duty | T37: Duty | V37: Duty | X37: Duty | Z37: Duty | AB37: Duty | AD37: Duty | AF37: Duty | AG37: 26
A38: 27 | B38: John Talbot | H38: £120 due | O38: £120 due | V38: £126 due | AC38: £132 due | AG38: 27
A39: 28 | F39: Cox | G39: Barnes | H39: Webb | M39: Gunster | Q39: Georg | U39: Watkins | W39: Lane - DO NOT MOVE - thanks Stella | AG39: 28
A40: 29 | B40: Tom | F40: Tom | M40: Tom | T40: Tom | AA40: Tom | AG40: 29 | AH40: NO DOGS
A41: 30 | B41: FANCETT | F41: 1 | M41: 2 | T41: 3 | AA41: 4 | AG41: 30 | AH41: NO DOGS
A42: 31 | F42: Adrian Long in Steve's Van | R42: Cox | S42: Doe | Y42: Ramsmans | AG42: 31 | AH42: NO DOGS
A43: 32 | F43: Dempsy | G43: Sillitoe | L43: Hames | M43: Pick | S43: Smythe | Z43: Slaven | AC43: Dyer | AG43: 32 | AH43: NO DOGS
A44: 33 | B44: Graham Priestley cont.. | H44: Lawlor | N44: Pot | W44: Gruden | AB44: Polson | AG44: 33 | AH44: NO DOGS
A45: 34 | E45: Matley-Jones | H45: Brittan | L45: Stoker - DO NOT MOVE | O45: Snow | V45: Wright - HOSE | Z45: Cassa | AA45: McBurnie | AG45: 34 | AH45: NO DOGS
A46: 35 | B46: Di & Dave Lane cont….. | M46: Lambert | N46: Sharrett | V46: Winfield | AG46: 35
A47: 36 | C47: Zeh | F47: Sellers - do not move | L47: 1 | S47: 2 | T47: Hamlin | AA47: Williams | AC47: evers | AG47: 36
A48: 37 | B48: Bruton | J48: Williams | L48: Jenner | R48: Day | X48: Smith | Y48: Gale | Z48: Butler | AG48: 37
A49: 38 | C49: McClaine | M49: Fern | U49: Ayres | V49: Watts | W49: Hawes | Y49: Stanley | AA49: Arnut | AG49: 38
A50: 39 | B50: Lamb | C50: ` | D50: Burch | E50: James | F50: Cable | G50: Miller Don't move | N50: Shaw | Q50: Crawford | V50: Leinchby | X50: Jones | Z50: Saha | AA50: Garton | AB50: Williams | AC50: Nieston | AG50: 39
A51: 40 | B51: Cambell | E51: Grove with McMasters | F51: Miller - Do not move need to be near toilets | M51: Abbott | Q51: Brining | S51: Rolles | T51: Hamilton | V51: Hannah | X51: Lawton | Y51: Bartram | Z51: Armashall | AA51: Hougton | AB51: Newitt | AE51: Croft | AF51: Fawdrey | AG51: 40
A52: 41 | E52: McMasters with Grove | F52: Collins | G52: Tyers - Do not move | L52: Kelly | M52: Wilkins | T52: Shivers | AG52: 41
A53: Late arrival bay | B53: Martin | F53: Smith | G53: Malone | I53: Oglethorpe | S53: Griffiths | W53: Dear | Y53: Reed | Z53: Slack | AA53: Morris | AB53: Marsh | AC53: Collins | AD53: Lees | AF53: Round | AH53: Late arrival bay
B54: =B31 -> Tue | C54: =C31 -> Wed | D54: =D31 -> Thu | E54: =E31 -> Fri | F54: =F31 -> Sat | G54: =G31 -> Sun | H54: =H31 -> Mon | I54: =I31 -> Tue | ... AA54: =AA31 -> Sat | AB54: Sun | AC54: =AC31 -> Mon | AD54: =AD31 -> Tue | AE54: =AE31 -> Wed | AF54: =AF31 -> Thu | AG54: Pitch
B55: 1 | C55: 2 | D55: 3 | E55: 4 | F55: 5 | G55: 6 | H55: 7 | I55: 8 | J55: 9 | K55: 10 | L55: 11 | M55: 12 | N55: 13 | O55: 14 | P55: 15 | Q55: 16 | R55: 17 | S55: 18 | T55: 19 | U55: 20 | V55: 21 | W55: 22 | X55: 23 | Y55: 24 | Z55: 25 | AA55: 26 | AB55: 27 | AC55: 28 | AD55: 29 | AE55: 30 | AF55: 31 | AG55: No.
A56: Storgae | B56: Marriott cont.. | AB56: Evans | AG56: Storage
A57: Storage | C57: Norris trailer stored until 10 July Pd£36 - 063 ST10EEH | AA57: Brooks back | AG57: Storage
A58: Storage | B58: Burch cont | K58: Forthomme - do not move | S58: McGowan | AA58: Whittle - do not move | AG58: Storage
A59: Storage | B59: Audley caravan stored until 11 July all paid | AG59: Storage
A60: Bailey Senator | B60: Saxby | E60: 4wks | L60: 1 | S60: 2 | Z60: 3 | AG60: Bailey Senator
A61: ABI | B61: Marchis cont | K61: only 3 now | Q61: 1 | R61: Ionel Pop 3 in | X61: 2 | AE61: 1 | AG61: ABI Manhatton
A62: Storm | B62: Cont…… | H62: Cozmin | O62: Cozmin | V62: Cozmin | AC62: Marchis | AG62: Storm
A63: 5b | B63: Legrand | F63: Reserved for Luke Peck - working at Mayflower until Sep | Z63: 3wk | AG63: 5b | AH63: Elec
A64: 6b | I64: Dewer | L64: Pickering | O64: Sowerby | Z64: Worrall - Do not move | AE64: Stocker-son in wheelchair-do not move please | AG64: 6b | AH64: Elec
A65: 7B | L65: Ewing | O65: Edwards | S65: Spence | W65: Phillippe | Z65: Gill - Do not move | AG65: 7B | AH65: No Elec
A66: 8B | R66: Rasmussen | X66: Sechei - | AE66: De Groot | AG66: 8B | AH66: No Elec
B67: Noel Rowley | L67: Sechei - near chickens | AA67: Guest
B68: Marchis cont | D68: pd for 2 ex nights | L68: Ciascai - near chickens | S68: Ciascai - | Z68: Ciascai - Due £140
B69: Bartlett | L69: Diane Smith | Q69: Taylor | W69: Iveson | AA69: Woodcock
A70: Paddock camping with electric | L70: Rally booking re: Pauline Smart email 6/7/13 | S70: Hart ?? | AA70: Woodcock | AG70: Paddock camping with electric
A71: 7a | F71: Gray | G71: Umbach | L71: McGuigan | N71: Johnson | T71: Eccles | U71: Prentice | V71: Hari | X71: Morgan | Z71: Ruiz | AC71: Hopper | AE71: Watts | AG71: 7a
A72: 8a | F72: Mosely | K72: Pragnell | R72: Johnson | X72: Toneer | AA72: Higgs | AD72: Hawthorn | AG72: 8a
A73: 9a | F73: Padfield | K73: Cuff | P73: Merridew | T73: Blakeway | Z73: Cooper | AG73: 9a
A74: 10a | F74: Ely | L74: P Jones | R74: Hughes | S74: Kay | Z74: Weidmann | AG74: 10a
A75: 11a | E75: Lee | H75: Sowerby | L75: Hodgson | R75: Conway | S75: Le Maistre | AA75: Bradley with Manton | AG75: 11a
A76: 12a | K76: Fenies | S76: McDonald | AA76: Manton with Bradley | AG76: 12a
A77: 13a | E77: Biles with Le Maistre | L77: Ventress | R77: Albery/C Dick | U77: Hammersley | AA77: Andrews | AG77: 13a
A78: 14a | E78: Le Maistre with Biles | H78: Carlson | L78: Pauline Smart | P78: Dewer | S78: Albery | Z78: Maclean | AD78: Downey | AG78: 14a
E79: Fenn | L79: £15 per unit & for any extra nights | S79: Albery/J Dick | AA79: Weisen | AD79: Downey
A80: Paddock = families No elec | K80: McCormack | S80: Albery/Randell | AA80: Barcan | AG80: Paddock = families No elec
A81: 42 | C81: Yacme | T81: Rouse | AA81: Griffin | AG81: 42
A82: 43 | C82: Amaud | E82: Jones | L82: Adam Jones | Z82: Kane | AA82: Shaw | AG82: 43
A83: 44 | B83: Kesterton | F83: Lorrie | R83: Keller | T83: Angerhn | U83: Bohen - need REG | Z83: Hussi | AA83: Lampton | AB83: Heming | AG83: 44
A84: 45 | B84: Blears cont… | F84: Coram | G84: Elvin | J84: Scholtholt | L84: Thibault | M84: Leighton Jones | S84: Roland | V84: Black | X84: John | AA84: Huckle | AE84: Roelants | AG84: 45
A85: 46 | E85: Thomas | G85: Brazier | M85: Bennet | T85: Guggiari | AA85: Gobes | AC85: Cohen | AG85: 46
A86: 47 | B86: Anderson | G86: Black | L86: Nortje | N86: Djorgenson | T86: Lovelock | V86: Thomas | W86: Veskrnova | X86: Squirrel | Y86: Cockroft | AB86: Bancroft | AE86: Gleeson | AG86: 47
A87: 48 | F87: Hartley | G87: Smart | L87: Fox | T87: Lovelock Too | W87: Veskrnova | Z87: Mansfield | AA87: Siddell | AC87: Lopera | AE87: Newman | AG87: 48
A88: 49 | F88: Indaco | M88: Morris | O88: Frankish | S88: Jones | V88: Frankish | Z88: Cook | AA88: Robinson | AE88: jenkins | AG88: 49
A89: 50 | N89: Forrester | T89: Foster | Y89: Willis | Z89: Allsopp | AF89: Ferguson | AG89: 50
A90: 51 | M90: Thompson | S90: Baxter | Z90: Howarth | AG90: 51
A91: 52 | T91: Franks | W91: Jenkins | Z91: Daykin | AG91: 52
A92: 53 | M92: Richards | T92: Krzystos | AA92: Walton | AG92: 53
A93: 54 | M93: Carrascoza | T93: Jones | AA93: Thorne | AG93: 54
A94: 55 | M94: Damiani | V94: Quick | X94: Pinnick | AA94: Capstick | AG94: 55
A95: Pitch | B95: =B54 -> Tue | C95: =C54 -> Wed | D95: =D54 -> Thu | E95: =E54 -> Fri | F95: =F54 -> Sat | G95: =G54 -> Sun | H95: =H54 -> Mon | I95: =I54 -> Tue | ... AF95: =AF54 -> Thu | AG95: Pitch
A96: No. | B96: 1 | C96: 2 | D96: 3 | E96: 4 | F96: 5 | G96: 6 | H96: 7 | I96: 8 | J96: 9 | K96: 10 | L96: 11 | M96: 12 | N96: 13 | O96: 14 | P96: 15 | Q96: 16 | R96: 17 | S96: 18 | T96: 19 | U96: 20 | V96: 21 | W96: 22 | X96: 23 | Y96: 24 | Z96: 25 | AA96: 26 | AB96: 27 | AC96: 28 | AD96: 29 | AE96: 30 | AF96: 31 | AG96: No.
A97: TOP CAMPING FIELD | F97: Paulina | L97: Goodfellow | S97: Football club - £40 family | W97: Cub | AA97: Ferguson | AE97: Lewis | AG97: TOP CAMPING FIELD
A98: N | B98: Price cont | F98: Ford | G98: Hinsey | M98: Ekstedt | S98: Jackie Wolverson | W98: Tents up | Y98: said ok for archery & air rifle | AG98: No electric
A99: O | F99: Sanchez | L99: Hall with Walsh | Y99: 3rd Bitterne cub camp for 1 week
A100: N | F100: Hail | L100: Walsh with Hall | S100: Flanders | Y100: agreed to pay £400
...

Sheet Aug 2014
A1: BACK-UP done 31 August @ 1800 | W1: 3 night bookings only | AH1: Not here
D2: PEAK | K2: P E A K | N2: 5 | Q2: P E A K | W2: BANK HOLIDAY | AC2: P E A K | AH2: Tent
A3: Pitch | B3: Fri | C3: Sat | D3: Sun | E3: Mon | F3: Tue | G3: Wed | H3: Thu | I3: Fri | J3: Sat | K3: Sun | L3: Mon | M3: Tue | N3: Wed | O3: Thu | P3: Fri | Q3: Sat | R3: Sun | S3: Mon | T3: Tue | U3: Wed | V3: Thu | W3: Fri | X3: Sat | Y3: Sun | Z3: Mon | AA3: Tue | AB3: Wed | AC3: Thu | AD3: Fri | AE3: Sat | AF3: Sun | AG3: Pitch | AH3: Trailer tent
A4: No. | B4: 1 | C4: 2 | D4: 3 | E4: 4 | F4: 5 | G4: 6 | H4: 7 | I4: 8 | J4: 9 | K4: 10 | L4: 11 | M4: 12 | N4: 13 | O4: 14 | P4: 15 | Q4: 16 | R4: 17 | S4: 18 | T4: 19 | U4: 20 | V4: 21 | W4: 22 | X4: 23 | Y4: 24 | Z4: 25 | AA4: 26 | AB4: 27 | AC4: 28 | AD4: 29 | AE4: 30 | AF4: 31 | AG4: No. | AH4: Caravan
A5: 1 | B5: Brown | C5: Pendleton | D5: Brown - do not move SM | Q5: Lanaway | X5: Pegg | AA5: Dawson | AF5: Conway | AG5: 1 | AH5: Camper van
B6: cont.. | J6: Steve Keep | P6: Pettit | R6: Waudby | X6: Raynor | AA6: O'Hare | AD6: Orr | AE6: Payne | AG6: 1a | AH6: Motorhome
A7: 2 | B7: rouse cont | C7: Holmes | D7: Connor | E7: Muller | G7: Addy | L7: Hennig | P7: Jones | Q7: Darwood-Brown | R7: Eddy | W7: Timbrell | Z7: Down | AD7: Donnan | AG7: 2 | AH7: NO DOGS
A8: 3 | B8: Van Hoven | D8: Dale | I8: Meir | L8: Waterworth | M8: Banks | O8: Bald | R8: Dechelle | W8: Timbrell/Murch | Z8: Detlef | AB8: Born | AG8: 3 | AH8: NO DOGS
A9: 4 | B9: Palmer | I9: Peskatt | P9: Upsall | Q9: Brown | U9: Hirons with Davis | V9: Meir | W9: Varley | AG9: 4 | AH9: NO DOGS
A10: 5 | C10: Greenwood | D10: Evans | G10: Ehrler | J10: Perry | K10: Palmer | R10: Constable | U10: Shepherd | V10: Wright | W10: Doe | Z10: Turner | AF10: Garfield | AG10: 5 | AH10: NO DOGS
A11: 6 | C11: Wild | N11: Robin Paskins - do not move | AG11: 6 | AH11: NO DOGS
A12: 7 | B12: Bickerton cont | K12: Holdsworth DO NOT MOVE | Q12: 1wk | X12: 2wks | Y12: Jarvis | AA12: Warrington | AG12: 7 | AH12: NO DOGS
A13: 8 | B13: White | D13: Hayes | I13: Robottom | L13: Riley | Q13: Fuller | R13: Prince | U13: Marshall | AD13: Cairns-Smith | AG13: 8
A14: 9 | B14: Zoccante cont | C14: D'Mateo | E14: Plews | G14: Plews | L14: Plews | O14: Turner | P14: Elumi | Q14: Bulbeck | S14: Plews | V14: Winter | W14: Dean | Z14: Elwood | AA14: Plews | AC14: Leusink | AF14: Shilton | AG14: 9
A15: 10 | C15: Peake | E15: Boetcher | G15: Dechelle | J15: Simmons | L15: ` | P15: Young | V15: Vorowiec | W15: Hurst | Z15: Howden | AD15: Marriott | AG15: 10
A16: 11 | B16: cont.. | C16: Zoccante | E16: Ward | G16: Smith | J16: Simmons also | P16: Fabier | S16: Hardi | U16: Girling | W16: A.Smith | Z16: Horne | AB16: . | AD16: Cattermer | AF16: Brand | AG16: 11
A17: 12 | B17: Milkereit | H17: 1 | O17: 2 | V17: 3 | AC17: 4 | AG17: 12
A18: 13 | B18: Ian Letch | D18: 2 | K18: 1 | L18: Ian | R18: 2 | X18: Heath | AC18: Emery | AG18: 13 | AH18: RV
A19: 14 | B19: Mario | AG19: 14 | AH19: Free night
A20: 15 | X20: 0 | AF20: 15 | AG20: 15 | AH20: Poss Extra / late stay
A21: 16 | B21: cont.. | C21: Firth | D21: Bradley | E21: Hernden | L21: Parson | P21: Bertollo | Q21: Brooks-do not move | U21: ow | W21: Turner | AD21: Tween | AG21: 16 | AH21: Hard Standing
A22: 16a | B22: Garlick | E22: no children | L22: Parson/Skillern | Q22: Brooks/Cash-do not move | W22: Turner/Millership | AG22: 16a | AH22: Not in use
A23: 17 | B23: Ody cont… | E23: Munne | I23: Dyer | N23: Roughly | P23: Ford | V23: Springthorpe | W23: Jukes/Bennett - do not move | AC23: Parson | AG23: 17 | AH23: late stay
A24: 17a | B24: Molenaar | E24: thank you Stella | P24: Ford/Hubbard | V24: Gibson | W24: Jukes/Hopwood - do not move | AC24: Parson/ Toose | AG24: 17a | AH24: Refund
A25: 18 | B25: Abbott - with Francis | H25: Perry | Q25: Mitchell | W25: Jukes - do not move | AD25: Elliott | AE25: Doree | AG25: 18 | AH25: Cancelled
A26: 18a | B26: Francis - with Abbott | D26: NO ELECTRIC - - - - - - - - - - - - - - - - - - - - - - - - - - - - - - - - - | R26: NO ELECTRIC - - - - - - - - - - - - - - - - - - - - - - - - - - - - - - - - - | AG26: 18a | AH26: NO ELECTRIC
A27: 19 | B27: Rowan Cont | K27: Lancelot | L27: Fuller | R27: Bonner | V27: McDonald | AB27: Couch | AD27: Coella | AG27: 19 | AH27: Did not turn up
A28: 20 | B28: Mclaren cont | K28: Litchfield | Q28: 1 | X28: 2 | AE28: 3 | AG28: 20
A29: 21 | B29: cont | C29: Walker | D29: Costanzi | G29: Cirretti | J29: Brooks back | AD29: Moore with Coella | AG29: 21 | AH29: =TODAY() -> 45692
A30: 22 | B30: Duty | D30: Duty | F30: Duty | H30: Duty | J30: Duty | L30: Duty | N30: Duty | P30: Duty | R30: Duty | T30: Duty | V30: Duty | X30: Duty | Z30: Duty | AD30: Duty | AF30: Duty | AG30: 22
A31: Pitch | B31: =B3 -> Fri | C31: =C3 -> Sat | D31: =D3 -> Sun | E31: =E3 -> Mon | F31: =F3 -> Tue | G31: =G3 -> Wed | H31: =H3 -> Thu | I31: =I3 -> Fri | ... AF31: =AF3 -> Sun | AG31: Pitch
A32: No. | B32: 1 | C32: 2 | D32: 3 | E32: 4 | F32: 5 | G32: 6 | H32: 7 | I32: 8 | J32: 9 | K32: 10 | L32: 11 | M32: 12 | N32: 13 | O32: 14 | P32: 15 | Q32: 16 | R32: 17 | S32: 18 | T32: 19 | U32: 20 | V32: 21 | W32: 22 | X32: 23 | Y32: 24 | Z32: 25 | AA32: 26 | AB32: 27 | AC32: 28 | AD32: 29 | AE32: 30 | AF32: 31 | AG32: No.
A33: 23 | B33: Ian Stark cont.. | C33: 1 | D33: Ian Stark | J33: 2 | Q33: 1 | R33: Ian Stark | X33: 2 | AE33: 1 | AG33: 23
A34: 23a | B34: Victor Buckley | AG34: 23a
A35: 24 | B35: Hedley | D35: 2wks | E35: £116.60 x 3 | K35: 1wk | R35: 2wks | S35: Hedley | Y35: 1wk | AF35: 2wks | AG35: 24
A36: 25 | B36: cont.. | G36: Sechei | M36: 1 | N36: Sechei | T36: 2 | U36: Sorin Sechei | AB36: Adrian Marchis | AG36: 25 | AH36: Compass
A37: 26 | C37: Maddy | E37: Duty | G37: Duty | I37: Duty | K37: Duty | M37: Duty | O37: Duty | Q37: Duty | S37: Duty | U37: Duty | W37: Duty | Y37: Duty | AA37: Duty | AC37: Duty | AE37: Duty | AG37: 26
A38: 27 | B38: John Talbot | L38: £132 due | S38: John Talbot | Z38: £132 due | AG38: 27
A39: 28 | B39: Lane | Q39: Robinson | V39: Delmeiren | W39: Rixon | Z39: Gallagher | AD39: Praschak | AG39: 28
A40: 29 | B40: Tom Keep | J40: Tom | Q40: Tom | X40: Tom | AE40: Tom | AG40: 29 | AH40: NO DOGS
A41: 30 | B41: Fancett cont.. | C41: 5 | J41: 6 | Q41: 7 | X41: 8 | AE41: 9 | AG41: 30 | AH41: NO DOGS
A42: 31 | B42: cont… | E42: Hitchen | J42: Syms | Q42: Williams | R42: Bainbridge | S42: Smart | W42: Stolzenburg | X42: Hull | AA42: John Patten | AG42: 31 | AH42: NO DOGS
A43: 32 | C43: Ogden | E43: Hitchen | K43: Muller | M43: Bolton | N43: Healy | V43: Thomas | Y43: Duncan | AF43: Oxlade | AG43: 32 | AH43: NO DOGS
A44: 33 | B44: Bouffaud | D44: Bouffaud cont.. | G44: Sillitoe | L44: Cunningham | Q44: Thain with boulding do not move | AG44: 33
A45: 34 | B45: McBurnie Continued | K45: Reiml | O45: Vazuaz | W45: Stoker - DO NOT MOVE | AF45: Weise | AG45: 34
A46: 35 | B46: cont… | E46: Ramsmans | G46: Trimpos | N46: Lynch | R46: Johnson | S46: Thain/Boulding with thain do not move | Y46: Jarvis/Roche | AD46: Wright | AE46: Stanger | AG46: 35
A47: 36 | B47: Bowles | D47: Grant | I47: Philips | K47: Parfrey | N47: Price | P47: Mills | R47: Marchant | W47: Jukes/Smith - do not move | AA47: Chamoso | AD47: Crutch | AG47: 36
A48: 37 | C48: Oldfield | E48: Love | J48: Edwards | K48: Moore | P48: Knight | Q48: Moore | U48: Holt | W48: Jukes/Grove - do not move | AA48: Barr | AG48: 37
A49: 38 | B49: Arnut cont | D49: Ayres | J49: R.Vickery | K49: Moore/Clifton | M49: Kirkman | N49: Tyler | O49: Akin | R49: Griffiths | U49: Ralph | X49: Chewter - do not move | AG49: 38
A50: 39 | B50: Llarn | C50: Walton with Adlington | D50: Astbury | F50: Holland | J50: D.Vickery | K50: Taylor | L50: Torralla | M50: Schiller | N50: Trewick | O50: D'Mateo | Q50: Scott | R50: Cable | S50: Trewick | U50: Phillips With Davis | W50: Taylor - do not move | AG50: 39
A51: 40 | B51: Meredith | C51: Adlington with Walton | D51: Astbury | F51: Davies | G51: Dow | J51: Tanzi | K51: Taylor | L51: Irvine | M51: Preisner | N51: Cook | O51: Proctor do not move | P51: Roberts | Q51: Meredith | R51: Mathen | U51: Davis | V51: Ford | AA51: Allen /Waugh | AG51: 40
A52: 41 | C52: Gosling | W52: Underwood | AA52: Allen | AG52: 41
A53: Late arrival bay | B53: Garside | C53: Briscoll | E53: Cooper | H53: Stead | I53: Gaffney | L53: Steadman | Q53: Tomline | R53: Hougton | S53: Greenwood | T53: Gosling | V53: Peel | X53: Dunks | AB53: Mckinnen | AD53: Robertson | AF53: Thompson | AG53: LaTE arrival bay
B54: =B31 -> Fri | C54: =C31 -> Sat | D54: =D31 -> Sun | E54: =E31 -> Mon | F54: =F31 -> Tue | G54: =G31 -> Wed | H54: =H31 -> Thu | I54: =I31 -> Fri | ... AF54: =AF31 -> Sun
B55: 1 | C55: 2 | D55: 3 | E55: 4 | F55: 5 | G55: 6 | H55: 7 | I55: 8 | J55: 9 | K55: 10 | L55: 11 | M55: 12 | N55: 13 | O55: 14 | P55: 15 | Q55: 16 | R55: 17 | S55: 18 | T55: 19 | U55: 20 | V55: 21 | W55: 22 | X55: 23 | Y55: 24 | Z55: 25 | AA55: 26 | AB55: 27 | AC55: 28 | AD55: 29 | AE55: 30 | AF55: 31
C56: Decon | I56: 6 | K56: Turner | L56: Lumley | P56: 7 | T56: Delisle | U56: Brookshaw | AC56: Nathan & Josie | AD56: 9
A57: Storage | B57: Brooks | L57: Hunt | V57: Vinery | AG57: Storage
A58: Storage | V58: Haylock | AG58: Storage
A59: Storage | W59: Pearson | Y59: Edwards | AG59: Storage
A60: Bailey Senator | B60: Saxby | I60: 1 | P60: 2 | T60: Bassett - AD91 EZ | AA60: Basset | AG60: Bailey Senator
A61: ABI Manhatton | G61: 2 | H61: £320 due for 3 persons | N61: 1 | O61: 2 persons now | U61: 2 | X61: O'Haloran | AD61: Mrs Helmsley? | AG61: ABI Manhatton
A62: Storm | B62: cont.. | E62: £370 4 pers | L62: £370 4 persons | R62: 1 | S62: £320 3 persons | Y62: 2 | Z62: PAID £370 as 4 persons | AG62: Storm
A63: 5b | B63: Reserved for Luke Peck - working at Mayflower until Sep | I63: 5wks | P63: 6wks | Q63: Pd £375 + £175 on 28 Aug up to 6 Sep | X63: 7wks | AG63: 5b
A64: 6b | C64: Bennett | L64: Brown | N64: Parslow | P64: Purkiss | R64: Hirons | S64: Spurrier | W64: Goodall/Kent | AE64: Franks | AG64: 6b
A65: 7B | C65: Tiziana | E65: Ribault | L65: Watkins | P65: Purkiss/Hansell | S65: Spurrier | W65: Goodall | AF65: Brunton/Ferguson | AG65: 7B | AH65: No Elec
A66: 8B | C66: Gofnal-Tyler | G66: Quinlin/Zoe | P66: Purkiss/Titchener | AG66: 8B | AH66: No Elec
J67: .
J68: Barrett
C69: Lear | F69: Seaton | K69: Jeggo | AD69: Curle
A70: Paddock camping with electric | I70: Daenin | W70: A. Smith | AG70: Paddock camping with electric
A71: 7a | B71: KARATE CLUB BOOKED | E71: Butler | F71: Tjeerdsma | G71: Quinlin/G&J | K71: Norris | Q71: Robinson | S71: Winning | AG71: 7a
A72: 8a | B72: cont… | F72: Notaris | I72: Andrews | J72: Atherfold | L72: Pegg | Q72: Gibbon/West | R72: Handley | S72: Scott | W72: Marsland | AA72: Timoney | AG72: 8a
A73: 9a | B73: Sampson | D73: Driver | Q73: van Kerkhoven | R73: Lloyd | W73: Marsland / P Randall | AB73: Moultie | AF73: Dyson | AG73: 9a
A74: 10a | C74: Holsall | P74: Truscott | W74: Marsland / S Randall | AA74: Miller | AD74: White | AG74: 10a
A75: 11a | B75: Bradley with Manton cont… | J75: Kent | Q75: Lament | W75: Bower | Z75: Bolton | AD75: Downs-Ford | AG75: 11a
A76: 12a | B76: Manton cont.. | D76: Los Adrianus | F76: Gifford | J76: Pritchard | L76: Ottaway | Q76: McCumskay - Knows pitch & code | R76: Jones | W76: Bower/Hayes | AD76: Paxton | AG76: 12a
A77: 13a | B77: Williams | E77: Bozwood-Davies | P77: MacWilliams | W77: Foley | X77: Rooney - Maria with Rooney and Lynn- do not move | AD77: Holden | AG77: 13a
A78: 14a | B78: Fortune | D78: Antonio | K78: Worden | O78: Fieldhouse | X78: Rooney - Pauline with Rooney & Lynn do not move | AG78: 14a
C79: Galvine | N79: Fieldhouse/Evans | R79: Blazey | X79: Rooney - Debbie Lynn -SPLITTER | AG79: 15a
A80: Paddock = families No elec | W80: 3 night bookings only | AG80: Paddock = families No elec
A81: 42 | AG81: 42
A82: 43 | B82: Shaw cont | C82: Pd £140 - 2268 | I82: 1 | P82: 2 | W82: 1 | AC82: Wiltshire | AG82: 43
A83: 44 | B83: KARATE CLUB BOOKED | E83: Smurthwaite | J83: Pugh | M83: Brimicombe | P83: Exton | Q83: Santtosh | S83: Ashman | AE83: Cranmore | AG83: 44
A84: 45 | J84: Ralls | L84: Sheerham | M84: Brooks | P84: Sims | Q84: Gibbon | S84: Urbe | U84: Findell | V84: Hawkins | AD84: Mitchel | AE84: Harrison | AG84: 45
A85: 46 | F85: Crook | I85: Hepstanstall | L85: Scholfield | X85: Waller | AA85: Carpenter | AC85: Heslip | AG85: 46
A86: 47 | G86: Holland | J86: Falkeheim | L86: Stanley-Smith | P86: Pearce do not move | Q86: Jones | R86: Fox | U86: Rivet | V86: Batley | Z86: Swincoe | AE86: Shaw | AG86: 47
A87: 48 | E87: Goeken | G87: Holliwell | I87: Butt | P87: Hayward | S87: Mugeridge | W87: Askew | AA87: Beasse | AB87: Millard | AD87: Knowles | AG87: 48
A88: 49 | B88: Maria | E88: Hasak | G88: Baumgart | I88: Leathead | M88: Banks | P88: Tribe | Q88: ` | S88: Hu | W88: Stanswood | AD88: Knowles/Helmsley | AG88: 49
A89: 50 | B89: cont.. | C89: Taylor | E89: McAlin | G89: Brunnauer | L89: Brusell | P89: Malicot | Q89: Schrank | S89: Samders | W89: Alana Welch | AD89: Cole | AG89: 50
A90: 51 | B90: Smith | F90: Black | K90: Olson | S90: Schlagenhaft | W90: Sally Welch | AD90: Vincent | AG90: 51
A91: 52 | C91: Barry | G91: Cook | L91: Bilkey | W91: Doe | AE91: Hyde | AG91: 52
A92: 53 | B92: Thierry | C92: Goldsack | L92: Castellotti | X92: Roach | AG92: 53
A93: 54 | C93: Firth-O'Reilly | L93: Bootby | W93: Raynor | X93: Gibling | AG93: 54
A94: 55 | C94: Firth-Pophan | D94: Dominguez | W94: Vazuaz | AD94: 4 | AG94: 55
A95: 56 | AG95: 56
A96: 57 | AG96: 57
A97: 58 | AG97: 58
A98: Pitch | B98: =B54 -> Fri | C98: =C54 -> Sat | D98: =D54 -> Sun | E98: =E54 -> Mon | F98: =F54 -> Tue | G98: =G54 -> Wed | H98: =H54 -> Thu | I98: =I54 -> Fri | ... R98: =R54 -> Sun | S98: 3 | T98: =T54 -> Tue | U98: =U54 -> Wed | V98: =V54 -> Thu | W98: =W54 -> Fri | X98: =X54 -> Sat | Y98: =Y54 -> Sun | Z98: =Z54 -> Mon | AA98: =AA54 -> Tue | ... AF98: =AF54 -> Sun | AG98: Pitch
A99: No. | B99: 1 | C99: 2 | D99: 3 | E99: 4 | F99: 5 | G99: 6 | H99: 7 | I99: 8 | J99: 9 | K99: 10 | L99: 11 | M99: 12 | N99: 13 | O99: 14 | P99: 15 | Q99: 16 | R99: 17 | S99: 18 | T99: 19 | U99: 20 | V99: 21 | W99: 22 | X99: 23 | Y99: 24 | Z99: 25 | AA99: 26 | AB99: 27 | AC99: 28 | AD99: 29 | AE99: 30 | AF99: 31 | AG99: No.
A100: TOP CAMPING FIELD | Z100: Nathan | AG100: TOP CAMPING FIELD
...

Sheet Sep 2014
A1: BACK-UP 30 Sept @ 2020 | AG1: Not here
A2: . | I2: 2 | Q2: BOAT SHOW | X2: Padstow | AA2: Off Peak | AG2: Tent
A3: Pitch | B3: Mon | C3: Tue | D3: Wed | E3: Thu | F3: Fri | G3: Sat | H3: Sun | I3: Mon | J3: Tue | K3: Wed | L3: Thu | M3: Fri | N3: Sat | O3: Sun | P3: Mon | Q3: Tue | R3: Wed | S3: Thu | T3: Fri | U3: Sat | V3: Sun | W3: Mon | X3: Tue | Y3: Wed | Z3: Thu | AA3: Fri | AB3: Sat | AC3: Sun | AD3: Mon | AE3: Tue | AF3: Pitch | AG3: Trailer tent
A4: No. | B4: 1 | C4: 2 | D4: 3 | E4: 4 | F4: 5 | G4: 6 | H4: 7 | I4: 8 | J4: 9 | K4: 10 | L4: 11 | M4: 12 | N4: 13 | O4: 14 | P4: 15 | Q4: 16 | R4: 17 | S4: 18 | T4: 19 | U4: 20 | V4: 21 | W4: 22 | X4: 23 | Y4: 24 | Z4: 25 | AA4: 26 | AB4: 27 | AC4: 28 | AD4: 29 | AE4: 30 | AF4: No. | AG4: Caravan
A5: 1 | E5: Everett | F5: Emmerson | G5: Jackson | L5: McCauley | N5: Wise | P5: Spicer | R5: Overbury | U5: Massey | Z5: Smith | AA5: Baker+late stay | AC5: O'Neill | AF5: 1 | AG5: Camper van
A6: 1a | E6: Carr | H6: Gregory | L6: Bonnie - reserved 1515 on 8th Sep | Z6: Colls | AF6: 1a | AG6: Motorhome
A7: 2 | F7: Priest | G7: Stone | M7: Potts | O7: Dean | P7: Phair | Q7: Pagliaro | S7: Taylor | T7: McGowan | AA7: Redmond | AF7: 2 | AG7: NO DOGS
A8: 3 | D8: Williams | M8: Cavanagh | U8: Kelbrick | AC8: Martin | AF8: 3 | AG8: NO DOGS
A9: 4 | AF9: 4 | AG9: NO DOGS
A10: 5 | B10: Garfield cont | F10: Duffy | K10: Dodds | M10: Wheatlans | R10: Dunkley | T10: Chattell | W10: Hall | AC10: Reilly | AF10: 5 | AG10: NO DOGS
A11: 6 | G11: Massey | K11: Teall | L11: Phair | M11: Maile | R11: Holden | V11: Woods | AA11: Santo | AF11: 6 | AG11: NO DOGS
A12: 7 | H12: Wesley | L12: Darley | T12: Barnes | AB12: Box | AF12: 7 | AG12: NO DOGS
A13: 8 | B13: Perry | C13: Marshall | E13: Setter | Q13: Tony Woods | V13: Lee - SM do not move | AF13: 8
A14: 9 | B14: Shilton cont | H14: Wynn | I14: Haven | J14: Plews | L14: Blackshaw | P14: Plews | S14: Stephenson | U14: Waters | V14: Rogers | W14: Plews | Z14: Farrell | AD14: Plews | AF14: 9
A15: 10 | B15: Jackie Marriott cont.. | N15: Beddow | R15: Parkman | T15: Rolf | V15: Lovett | AA15: Abbott | AF15: 10
A16: 11 | B16: Jakes | E16: Berry | F16: Pearson | G16: Newman | K16: Searle | M16: Jenny & Neil | Q16: Grant | S16: Cook | W16: Mobly | AA16: Herbert | AF16: 11
A17: 12 | G17: Stevenson | H17: Shelton moving from pl 9 | S17: Winder | T17: Palmer | Y17: Eale | AA17: Mullen | AF17: 12
A18: 13 | I18: Scherenbrand | L18: Farmer | M18: Jones | O18: Cooper | Q18: Lillywhite | S18: Crittenden | V18: Letch £153 due | AA18: 1 | AB18: 1 | AC18: Ian | AF18: 13 | AG18: RV
A19: 14 | B19: Mario Del-Rey | Q19: OTR | AF19: 14 | AG19: Free night
A20: 15 | X20: 0 | AF20: 15 | AG20: Poss Extra / late stay
A21: 16 | F21: Gladwell | M21: Cazey | Q21: Small | AA21: Clark | AE21: Pakes | AF21: 16 | AG21: Hard Standing
A22: 16a | G22: Yildrrim | M22: Timbrell | AF22: 16a | AG22: Not in use
A23: 17 | F23: Drew | G23: Jenny Morgan | N23: Driscoll | T23: Cattermer with Humes | AF23: 17 | AG23: late stay
A24: 17a | F24: Griffin | G24: Jenny Morgan/ Hollobone | O24: Race | T24: Humes with Cattermer | AF24: 17a | AG24: Refund
A25: 18 | B25: Doree cont | E25: Sloggett | H25: Carter | I25: Hayes | N25: Peake | AF25: 18 | AG25: Cancelled
A26: 18a | B26: NO ELECTRIC - - - - - - - - - - - - - - - - - - - - - - - - - - - - - - - - - | E26: Lindsell | T26: NO ELECTRIC - - - - - - - - - - - - - - - - - - - - - - - - - - - - - - - - - | AF26: 18a | AG26: Did not turn up
A27: 19 | F27: Talman | H27: Hinchcliff | I27: Pegg | L27: Aldercroft | N27: Smith | P27: Price | Q27: sxxxxxxxx | T27: Loveday | Y27: Bell | AA27: Parsons | AD27: Nater | AE27: Shrimpton with Ward | AF27: 19
A28: 20 | B28: Litchfield | H28: 1 | O28: 2 | V28: 3 | AC28: 4 | AF28: 20
A29: 21 | I29: Hood | L29: Roberts | R29: Hoare | T29: Townsend | X29: Malcom & Leonie | AB29: Ursell | AE29: McKillop | AF29: 21
A30: 22 | C30: Duty | E30: Duty | G30: Duty | I30: Duty | K30: Duty | M30: Duty | O30: Duty | Q30: Duty | S30: Duty | U30: Duty | W30: Duty | Y30: Duty | AA30: Duty | AC30: Duty | AE30: Duty | AF30: 22
A31: Pitch | B31: =B3 -> Mon | C31: =C3 -> Tue | D31: =D3 -> Wed | E31: =E3 -> Thu | F31: =F3 -> Fri | G31: =G3 -> Sat | H31: =H3 -> Sun | I31: =I3 -> Mon | ... AE31: =AE3 -> Tue | AF31: Pitch
A32: No. | B32: 1 | C32: 2 | D32: 3 | E32: 4 | F32: 5 | G32: 6 | H32: 7 | I32: 8 | J32: 9 | K32: 10 | L32: 11 | M32: 12 | N32: 13 | O32: 14 | P32: 15 | Q32: 16 | R32: 17 | S32: 18 | T32: 19 | U32: 20 | V32: 21 | W32: 22 | X32: 23 | Y32: 24 | Z32: 25 | AA32: 26 | AB32: 27 | AC32: 28 | AD32: 29 | AE32: 30 | AF32: No.
A33: 23 | B33: Ian Stark | F33: Ian away - back on 24/9 | AF33: 23
A34: 23a | B34: Victor Buckley | AF34: 23a
A35: 24 | B35: Hedley | H35: 1wk | O35: 2wks | P35: May be last week | V35: 1wk | W35: Hedley | AB35: Shelton | AF35: 24
A36: 25 | B36: cont | D36: Marchis | L36: Turner-Jones | R36: £50 per night during boat show + £10 for bedding | AF36: Compass
A37: 26 | B37: Maddy | F37: Duty | G37: off | H37: Duty | J37: Duty | L37: Duty | N37: Duty | P37: Duty | R37: Duty | T37: Duty | V37: Duty | X37: Duty | Z37: Duty | AF37: 26
A38: 27 | B38: John Talbot | I38: Talbot | P38: £132 due | W38: 120 | AD38: Talbot | AF38: 27
A39: 28 | G39: Graham | I39: Stratmann | L39: Sketcher | R39: 1 | Y39: 2 | AA39: Hunt | AF39: 28
A40: 29 | B40: Tom Keep | F40: 1 | G40: Tom Keep | M40: 2 | T40: 1 | U40: Tom Craig owes £153 | AA40: 2 | AB40: £131 if just 2 persons as £16 refund for Pegg) | AF40: 29 | AG40: NO DOGS
A41: 30 | B41: Karen Fancett | H41: Butt | N41: 1 | AB41: 3 | AF41: 30 | AG41: NO DOGS
A42: 31 | B42: John Patten | I42: 1 | J42: 132 due | P42: 2 | Q42: Patten | W42: 3 | X42: Patten | AD42: 4 | AE42: Patten | AF42: 31 | AG42: NO DOGS
A43: 32 | B43: Oxlade cont… | R43: Robin Paskins | AF43: 32 | AG43: NO DOGS
A44: 33 | B44: Clarke | F44: Dunn | H44: Sole | I44: Bradley | L44: Rosewarne | W44: Brown | X44: Webb. | AB44: Hockley | AE44: Michel | AF44: 33 | AG44: NO DOGS
A45: 34 | D45: Fay | I45: Hughes | J45: Abraham | L45: Buretter | M45: Stoker | P45: Lawrence | Q45: Thomson | T45: Freeland | AA45: Barroclough | AF45: 34 | AG45: NO DOGS
A46: 35 | C46: Beet | F46: Salway | I46: Bradfield | K46: Bourne | T46: Zoe Matthews | X46: Zoe Matthews | AF46: 35
A47: 36 | B47: Crutch cont | E47: Hough | G47: Elson | L47: North | N47: Underwood | T47: Courtney | U47: Olierook | AF47: 36
A48: 37 | F48: Dickinson | G48: Elson/Boxall | L48: Midmer | M48: Humphrey | T48: Huggins | AB48: Washington | AF48: 37
A49: 38 | F49: Avery | G49: Betteridge | H49: Williams | J49: Nickless | L49: Newens | AA49: Clough | AB49: Scott-Deness | AF49: 38
A50: 39 | H50: Pope | I50: Darnell | M50: Lavety | N50: Amriding | Q50: Marshall | T50: Chewter - do not move | AA50: Wilosh | AF50: 39
A51: 40 | G51: Darnell | I51: Wilson | K51: ex person for 11n | AA51: wilosh/Stockdale | AF51: 40
A52: 41 | M52: Farmer | N52: Whitehouse | T52: Smith | AA52: Jarrett | AF52: 41
A53: Late arrival bay | F53: Williams | H53: Rouse | M53: Amriding | Z53: Holland | AF53: Late arrival bay
B54: =B31 -> Mon | C54: =C31 -> Tue | D54: =D31 -> Wed | E54: =E31 -> Thu | F54: =F31 -> Fri | G54: =G31 -> Sat | H54: =H31 -> Sun | I54: =I31 -> Mon | ... AE54: =AE31 -> Tue
B55: 1 | C55: 2 | D55: 3 | E55: 4 | F55: 5 | G55: 6 | H55: 7 | I55: 8 | J55: 9 | K55: 10 | L55: 11 | M55: 12 | N55: 13 | O55: 14 | P55: 15 | Q55: 16 | R55: 17 | S55: 18 | T55: 19 | U55: 20 | V55: 21 | W55: 22 | X55: 23 | Y55: 24 | Z55: 25 | AA55: 26 | AB55: 27 | AC55: 28 | AD55: 29 | AE55: 30
M56: Phair | V56: Stuart Brind | AA56: Constable with Herbert
A57: Storage | J57: Rosewarne trailer | AA57: Morrison | AG57: Storage
A58: Storage | O58: Southwick | AA58: Yearron | AG58: Storage
A59: Storage | Q59: Shilton storage up to Sunday 28 sept | AG59: Storage
A60: Bailey Senator | B60: Bassett cont.. | I60: 1 | J60: £250 due | P60: 2 | Q60: Jane | W60: 3 | X60: Bassett | AF60: Bailey Senator
A61: ABI Manhatton | B61: Stuart Brind | L61: Hannah £16 per night for extra person as should have been £40 per night for 1 person during boat show not £32 so was undercharged | AF61: ABI Manhatton
A62: Storm | B62: 3 persons only now | L62: MacDonald | M62: £40 per night during boat show for 1 person £50 if 2 persons | AF62: Storm
A63: 5b | B63: Reserved for Luke Peck | K63: Farmer - here as 3yr old away from park road also have sm tent | X63: 2 | AF63: 5b
A64: 6b | B64: Thornton | W64: Miller | AD64: Thornton | AF64: 6b
A65: 7B | B65: Brunton/Ferguson cont | G65: 2 | H65: Ferguson | O65: Brunton | U65: 1 | V65: Ferguson | AF65: 7B
A66: 8B | P66: Daek | AD66: Daek | AF66: 8B
D67: Allman | I67: Carl Pickering | AD67: Carl Pickering
C68: Martyr | M68: Arbellot - cant hold any longer as no response
E69: Roberts | N69: Farmer
A70: Paddock camping with electric | M70: Townsend | AF70: Paddock camping with electric
A71: 7a | F71: Dowling | M71: Clark | T71: French | V71: Kaasa | AE71: . | AF71: 7a
A72: 8a | F72: Dowling/Smith | M72: Beddow | N72: Lane | AB72: Ayling | AF72: 8a
A73: 9a | B73: Dyson cont | I73: Hoskins | X73: Mellor | AF73: 9a
A74: 10a | F74: Mitchell | L74: Matley-Jones | T74: Jackson | AA74: Matley-Jones | AF74: 10a
A75: 11a | G75: Brockman | H75: Adams | M75: Poore | AF75: 11a
A76: 12a | G76: Bills with Howell | M76: Collins | AA76: Whaddon | AF76: 12a
A77: 13a | G77: Howells with Bills | M77: Doidge | AF77: 13a
A78: 14a | F78: LeMaistre | L78: Sido | AA78: Williams | AF78: 14a
F79: Drew/Roberts | L79: Sido
A80: Paddock = families No elec | K80: Kelleher | T80: Haydon | AF80: Paddock = families No elec
A81: 42 | I81: Daeak - DID NOT TURN UP! | O81: 1 | AF81: 42
A82: 43 | G82: Lacy | M82: Johnsons | R82: Daniel | S82: Bannister | AF82: 43
A83: 44 | E83: Siefken | V83: Parr | AF83: 44
A84: 45 | E84: Stewart | M84: Thompson | N84: Buckley | O84: Dennaford | S84: Vennor | T84: Richards now 'cartent' | V84: Richards | X84: Black | AC84: Archilbold | AF84: 45
A85: 46 | D85: McTaggart | J85: Raybould | M85: Jones | O85: Marcombe | U85: Chalmers | AC85: Wazell | AF85: 46
A86: 47 | F86: Hennell | N86: Elliott | T86: Kent with Monday | AD86: Sleigh | AF86: 47
A87: 48 | F87: Robins | M87: Cox | T87: Monday with Kent | AF87: 48
A88: 49 | F88: Mills | M88: Penfold | U88: Burr | AF88: 49
A89: 50 | L89: Cooper | AF89: 50
A90: 51 | M90: Wright | AF90: 51
A91: 52 | M91: Wright | AF91: 52
A92: 53 | AF92: 53
A93: 54 | AF93: 54
A94: 55 | AF94: 55
A95: Pitch | B95: =B54 -> Mon | C95: =C54 -> Tue | D95: =D54 -> Wed | E95: =E54 -> Thu | F95: =F54 -> Fri | G95: =G54 -> Sat | H95: =H54 -> Sun | I95: =I54 -> Mon | ... AE95: =AE54 -> Tue | AF95: Pitch
A96: No. | B96: 1 | C96: 2 | D96: 3 | E96: 4 | F96: 5 | G96: 6 | H96: 7 | I96: 8 | J96: 9 | K96: 10 | L96: 11 | M96: 12 | N96: 13 | O96: 14 | P96: 15 | Q96: 16 | R96: 17 | S96: 18 | T96: 19 | U96: 20 | V96: 21 | W96: 22 | X96: 23 | Y96: 24 | Z96: 25 | AA96: 26 | AB96: 27 | AC96: 28 | AD96: 29 | AE96: 30 | AF96: No.
A97: TOP CAMPING FIELD | R97: Mayne | U97: Crouch | AF97: TOP CAMPING FIELD
A98: N | G98: Hawkins | I98: Quencers | M98: Notley | P98: McMurray | U98: Emes | AF98: N
A99: O | G99: Hawkins | I99: Quencers | N99: Wallis | U99: Thornton | AF99: O
A100: N | G100: Hawkins | I100: Quencers | L100: Tiffen | AF100: N
...

Sheet Oct 2014
A1: BACK-UP 31 Oct @ 1710 | AH1: Not here
H2: OFF PEAK | L2: Stella away cruise | R2: OFF PEAK | U2: ` | W2: OFF PEAK | AB2: OFF PEAK | AH2: Tent
A3: Pitch | B3: Wed | C3: Thu | D3: Fri | E3: Sat | F3: Sun | G3: Mon | H3: Tue | I3: Wed | J3: Thu | K3: Fri | L3: Sat | M3: Sun | N3: Mon | O3: Tue | P3: Wed | Q3: Thu | R3: Fri | S3: Sat | T3: Sun | U3: Mon | V3: Tue | W3: Wed | X3: Thu | Y3: Fri | Z3: Sat | AA3: Sun | AB3: Mon | AC3: Tue | AD3: Wed | AE3: Thu | AF3: Fri | AG3: Pitch | AH3: Trailer tent
A4: No. | B4: 1 | C4: 2 | D4: 3 | E4: 4 | F4: 5 | G4: 6 | H4: 7 | I4: 8 | J4: 9 | K4: 10 | L4: 11 | M4: 12 | N4: 13 | O4: 14 | P4: 15 | Q4: 16 | R4: 17 | S4: 18 | T4: 19 | U4: 20 | V4: 21 | W4: 22 | X4: 23 | Y4: 24 | Z4: 25 | AA4: 26 | AB4: 27 | AC4: 28 | AD4: 29 | AE4: 30 | AF4: 31 | AG4: No. | AH4: Caravan
A5: 1 | E5: Jones | K5: Pergunas | M5: Brown | AD5: Armstrong | AE5: Gradidge | AF5: Rigby | AG5: 1 | AH5: Camper van
A6: 1a | Z6: Allinson | AG6: 1a | AH6: Motorhome
A7: 2 | AG7: 2 | AH7: NO DOGS
A8: 3 | B8: cont.. | Y8: Ledwith | AG8: 3 | AH8: NO DOGS
A9: 4 | AG9: 4 | AH9: NO DOGS
A10: 5 | B10: cont.. | Z10: Pool | AG10: 5 | AH10: NO DOGS
A11: 6 | Y11: Fabes | AD11: Hawkridge | AG11: 6 | AH11: NO DOGS
A12: 7 | B12: Box cont.. | K12: White | R12: Morgan | Z12: Tofes | AG12: 7 | AH12: NO DOGS
A13: 8 | J13: Apel Trath | L13: Loose - do not move | P13: Kerton | T13: Stead | X13: Smith | Y13: Waterton | Z13: Catheral - Do not move | AG13: 8
A14: 9 | C14: Kirkpatrick | G14: Plews | K14: Robinson | N14: Plews | Q14: Wills | U14: Plews | Z14: Thomas | AB14: Plews | AF14: Dunn | AG14: 9
A15: 10 | H15: Lawlor | K15: Stefinuti | R15: Day | U15: Worm | Y15: Harborow | AB15: Hales | AF15: Armstrong | AG15: 10
A16: 11 | B16: Pelham | J16: Feuldath | K16: Wild | Y16: Smith | AG16: 11
A17: 12 | G17: Pelham | J17: Newbold | R17: Chewter | X17: Bateson | AG17: 12
A18: 13 | B18: Letch | F18: £294 for 2wks | L18: 1 | S18: 2 | T18: Ian | Z18: 3 | AA18: Marshall | AC18: Wheeler | AG18: 13 | AH18: RV
A19: 14 | B19: Mario Del-Rey | AG19: 14 | AH19: Free night
A20: 15 | AG20: 15 | AH20: Poss Extra / late stay
A21: 16 | B21: cont…. | E21: Bolton with Frewin | Z21: Dean | AG21: 16 | AH21: Hard Standing
A22: 16a | E22: Frewin with Bolton | AG22: 16a | AH22: Not in use
A23: 17 | Z23: Bayliss | AG23: 17 | AH23: late stay
A24: 17a | AG24: 17a | AH24: Refund
A25: 18 | B25: Ward with Shrimpton | H25: s | Z25: Jeffries | AG25: 18 | AH25: Cancelled
A26: 18a | B26: NO ELECTRIC - - - - - - - - - - - - - - - - - - - - - - - - - - - - - - - - - | T26: NO ELECTRIC - - - - - - - - - - - - - - - - - - - - - - - - - - - - - - - - - | AG26: 18a
A27: 19 | B27: Shrimpton cont…. | G27: Barnes | J27: Barnes | O27: Hood | X27: Young | AD27: Glendenning | AG27: 19
A28: 20 | B28: Kerry Litchfield | AG28: 20 | AH28: =ALERTS!E45 -> 0
A29: 21 | C29: Platts | O29: Cranfield | R29: Terry Morgan | W29: Howlett | AE29: Slater | AG29: 21
A30: 22 | C30: Duty | E30: Duty | G30: Duty | I30: Duty | K30: Duty | M30: Duty | Y30: Duty | AA30: Duty | AC30: Duty | AE30: Duty | AG30: 22 | AI30: Duty | AK30: Duty
A31: Pitch | B31: =B3 -> Wed | C31: =C3 -> Thu | D31: =D3 -> Fri | E31: =E3 -> Sat | F31: =F3 -> Sun | G31: =G3 -> Mon | H31: =H3 -> Tue | I31: =I3 -> Wed | ... AF31: =AF3 -> Fri | AG31: Pitch
A32: No. | B32: 1 | C32: 2 | D32: 3 | E32: 4 | F32: 5 | G32: 6 | H32: 7 | I32: 8 | J32: 9 | K32: 10 | L32: 11 | M32: 12 | N32: 13 | O32: 14 | P32: 15 | Q32: 16 | R32: 17 | S32: 18 | T32: 19 | U32: 20 | V32: 21 | W32: 22 | X32: 23 | Y32: 24 | Z32: 25 | AA32: 26 | AB32: 27 | AC32: 28 | AD32: 29 | AE32: 30 | AF32: 31 | AG32: No.
A33: 23 | B33: Ian Stark | E33: £147 due | H33: move to pl 25 if possible | M33: Stark | S33: 1 | T33: stark | Z33: 2 | AA33: £147 paid | AG33: 23
A34: 23a | B34: Victor Buckley | AG34: 23a
A35: 24 | B35: Shelton | F35: Shelton | L35: 1 | S35: 2 | T35: Matt | Z35: 1 | AG35: 24 | AH35: TODAY IS
A36: 25 | W36: Irvine | AG36: 25 | AH36: =TODAY() -> 45692
A37: 26 | Q37: Scott May | Z37: Parker | AA37: Stephenson | AB37: Newton | AD37: Middleton | AG37: 26
A38: 27 | B38: John Talbot cont… | G38: Talbot | N38: Talbot | U38: John | AB38: £48 due | AG38: 27
A39: 28 | B39: Garner | F39: Rossi | J39: Medley | L39: Atkinson | P39: Marshall | R39: =+I:AG -> 0 | S39: Eborall | U39: Morris | Y39: Huelin | AA39: Mabbott | AB39: Atkinson | AC39: Kucmyda | AD39: Tales | AF39: Clegg | AG39: 28
A40: 29 | B40: Tom Keep | D40: 1 | E40: Paid - see comment | K40: 2 | L40: 175 less £40 overcharged Total due £135 | S40: Tom Craig | Y40: 2 | Z40: Tom Keep £175 due | AF40: 1 | AG40: 29
A41: 30 | B41: Butt | E41: 4 | F41: Butt | S41: 2 | Z41: 3 | AG41: 30
A42: 31 | B42: John Patten cont…. | H42: Patten | O42: £120 paid | V42: Patten | Y42: Edwin | AF42: Sutton | AG42: 31
A43: 32 | B43: Robin cont.. | P43: Robin Paskins | AD43: Hatch | AG43: 32
A44: 33 | B44: Michel | K44: Oxborough | S44: Dadswell | U44: Foley | Y44: Omara | AA44: Hillier | AC44: Smith | AE44: Collins | AF44: Scott | AG44: 33
A45: 34 | B45: Kite | N45: Gumbley | R45: Stoker - DO NOT MOVE | Z45: Cornwell-Smith | AB45: Armstrong | AD45: Whitehouse | AG45: 34
A46: 35 | Z46: Chandler | AG46: 35
A47: 36 | Z47: McPhaden | AD47: Robin Paskins | AG47: 36
A48: 37 | Y48: Whiteford | AA48: ok to come once week to empty cassett | AG48: 37
A49: 38 | Z49: Marriott | AG49: 38
A50: 39 | L50: Hogan | AA50: Morris | AG50: 39
A51: 40 | AE51: Albert | AG51: 40
A52: 41 | B52: Malcolm & Leoni new caravan | Z52: Malcolm & Leo Caravan | AG52: 41
A53: Late arrival bay | E53: Soul | I53: Karpinas | M53: Marshal | N53: Thomas | R53: Hewitt | S53: Thornley | X53: Hextall | Z53: Stephenson | AF53: Stephenson | AG53: Late arrival bay
A54: Pitch | B54: =B31 -> Wed | C54: =C31 -> Thu | D54: =D31 -> Fri | E54: =E31 -> Sat | F54: =F31 -> Sun | G54: =G31 -> Mon | H54: =H31 -> Tue | I54: =I31 -> Wed | ... AF54: =AF31 -> Fri | AG54: Pitch
A55: No. | B55: 1 | C55: 2 | D55: 3 | E55: 4 | F55: 5 | G55: 6 | H55: 7 | I55: 8 | J55: 9 | K55: 10 | L55: 11 | M55: 12 | N55: 13 | O55: 14 | P55: 15 | Q55: 16 | R55: 17 | S55: 18 | T55: 19 | U55: 20 | V55: 21 | W55: 22 | X55: 23 | Y55: 24 | Z55: 25 | AA55: 26 | AB55: 27 | AC55: 28 | AD55: 29 | AE55: 30 | AF55: 31 | AG55: No.
M56: Severis
A57: Storage | H57: Barnes | U57: Danny cont… | AA57: 1 | AH57: Storage
A58: Storage | AH58: Storage
A59: Storage | M59: Danny White - | T59: White | AH59: Storage
A60: Bailey Senator | AB60: Baker | AG60: Bailey Senator
A61: ABI Manhatton | AA61: Ray Johnson | AG61: ABI Manhatton
A62: Storm | AC62: Hall | AF62: Morgan | AG62: Storm
A63: 5b | AG63: 5b
A64: 6b | B64: Cont… | F64: Thornton | M64: £147 paid | T64: Shane Thornton | AA64: Thornton | AG64: 6b
A65: 7B | AG65: 7B
A66: 8B | B66: Dabek | G66: Dabek | N66: Dabek | U66: Dabek | AB66: Dabek | AG66: 8B
B67: cont.. | P67: DABEK HAS GOT OUR LEAD - must make sure we get it back when they leave
A68: Paddock camping with electric | AG68: Paddock camping with electric
A69: 7a | B69: cont… | G69: Brunton | W69: DuPreez | AG69: 7a
A70: 8a | X70: Coswoi | AG70: 8a
A71: 9a | D71: McCartny | AG71: 9a
A72: 10a | D72: Fancote | AG72: 10a
A73: 11a | E73: Franks | AG73: 11a
A74: 12a | K74: ` | AG74: 12a
A75: 13a | N75: Brunton | AG75: 13a
A76: 14a | AG76: 14a
Y77: Nezum
A78: Paddock = families No elec | AG78: Paddock = families No elec
A79: 42 | AG79: 42
A80: 43 | AG80: 43
A81: 44 | B81: Parr cont…. | AG81: 44
A82: 45 | B82: Archibold cont.. | K82: Moyle | Z82: Diggons | AG82: 45
A83: 46 | E83: Banks | U83: Streling | Y83: Shaw | AG83: 46
A84: 47 | Y84: Shaw | AG84: 47
A85: 48 | E85: Newman | Y85: Shaw | AG85: 48
A86: 49 | AG86: 49
A87: 50 | AG87: 50
A88: 51 | AG88: 51
A89: 52 | AG89: 52
A90: 53 | AG90: 53
A91: 54 | AG91: 54
A92: 55 | AG92: 55
A93: 56 | AG93: 56
A94: 57 | AG94: 57
A95: 58 | AG95: 58
A96: Pitch | B96: =B54 -> Wed | C96: =C54 -> Thu | D96: =D54 -> Fri | E96: =E54 -> Sat | F96: =F54 -> Sun | G96: =G54 -> Mon | H96: =H54 -> Tue | I96: =I54 -> Wed | ... AF96: =AF54 -> Fri | AG96: Pitch
A97: No. | B97: 1 | C97: 2 | D97: 3 | E97: 4 | F97: 5 | G97: 6 | H97: 7 | I97: 8 | J97: 9 | K97: 10 | L97: 11 | M97: 12 | N97: 13 | O97: 14 | P97: 15 | Q97: 16 | R97: 17 | S97: 18 | T97: 19 | U97: 20 | V97: 21 | W97: 22 | X97: 23 | Y97: 24 | Z97: 25 | AA97: 26 | AB97: 27 | AC97: 28 | AD97: 29 | AE97: 30 | AF97: 31 | AG97: No.
A98: TOP CAMPING FIELD | AG98: TOP CAMPING FIELD
A99: N | D99: Hayman | AG99: N
A100: O | D100: Hayman | AG100: O
...

Sheet Nov 2014
A1: BACK-UP 30 Nov @ 16.00 | AG1: Not here
G2: Stella & Bill Oriana | R2: OFF PEAK | V2: Stella & Bill Thailand | W2: & Bill Holiday | X2: Holiday | Z2: OFF PEAK | AG2: Tent
A3: Pitch | B3: Sat | C3: Sun | D3: Mon | E3: Tue | F3: Wed | G3: Thu | H3: Fri | I3: Sat | J3: Sun | K3: Mon | L3: Tue | M3: Wed | N3: Thu | O3: Fri | P3: Sat | Q3: Sun | R3: Mon | S3: Tue | T3: Wed | U3: Thu | V3: Fri | W3: Sat | X3: Sun | Y3: Mon | Z3: Tue | AA3: Wed | AB3: Thu | AC3: Fri | AD3: Sat | AE3: Sun | AF3: Pitch | AG3: Trailer tent
A4: No. | B4: 1 | C4: 2 | D4: 3 | E4: 4 | F4: 5 | G4: 6 | H4: 7 | I4: 8 | J4: 9 | K4: 10 | L4: 11 | M4: 12 | N4: 13 | O4: 14 | P4: 15 | Q4: 16 | R4: 17 | S4: 18 | T4: 19 | U4: 20 | V4: 21 | W4: 22 | X4: 23 | Y4: 24 | Z4: 25 | AA4: 26 | AB4: 27 | AC4: 28 | AD4: 29 | AE4: 30 | AF4: No. | AG4: Caravan
A5: 1 | B5: Green | C5: Bulpitt | E5: Gladwin | G5: Latten | H5: Cameron | J5: Birkenshaw | K5: Usher - do not move | L5: Hartnoll | P5: Huxley | Q5: Corns | S5: Simmons | T5: Bulpitt | AB5: Rally/Southeran | AF5: 1 | AG5: Camper van
A6: 1a | B6: Finch | C6: no need to move can stay here but must park car in car park | AD6: Price | AF6: 1a | AG6: Motorhome
A7: 2 | I7: Brown | AF7: 2 | AG7: NO DOGS
A8: 3 | AB8: Rally / Davey | AF8: 3 | AG8: NO DOGS
A9: 4 | AF9: 4 | AG9: NO DOGS
A10: 5 | H10: Demmery | AF10: 5 | AG10: NO DOGS
A11: 6 | B11: Hawkridge cont.. | AF11: 6 | AG11: NO DOGS
A12: 7 | AF12: 7 | AG12: NO DOGS
A13: 8 | B13: Hall | G13: Wallis | H13: Sellen | K13: Etasse | P13: Carrigan | R13: Andrews | V13: Nelson | Z13: Patience | AB13: Ward - do not move | AE13: Rally- Alder | AF13: 8
A14: 9 | B14: cont.. | H14: Bussell | I14: Brown | P14: Burt | V14: Taylor | Y14: Mitchell | AA14: Kegleman | AD14: Reed | AF14: 9
A15: 10 | B15: cont.. | C15: Marriott | J15: Nigel | Q15: Jackie Marriott | V15: Dash | X15: Marriott back | Y15: £147 for wk | AD15: Paid £231 see note | AF15: 10
A16: 11 | E16: Bulpitt | R16: Bulpitt | V16: Martin | AC16: Matley-Jones | AE16: Davis | AF16: 11
A17: 12 | B17: TRUE | C17: Whitehouse | P17: Campbell | V17: Davies | W17: Walker | Y17: Pickton | AB17: Rally/ O'Dell | AF17: 12
A18: 13 | B18: Wheeler cont.. | H18: Blair | O18: Barker | V18: Burrows | Y18: Harris | AA18: Lilley | AF18: 13 | AG18: RV
A19: 14 | B19: Mario | I19: Brett/Bonny | O19: Stark | AA19: Hodges | AF19: 14 | AG19: Free night
A20: 15 | AF20: 15 | AG20: Poss Extra / late stay
A21: 16 | AF21: 16 | AG21: Hard Standing
A22: 16a | AF22: 16a | AG22: Not in use
A23: 17 | AF23: 17 | AG23: late stay
A24: 17a | AF24: 17a | AG24: Refund
A25: 18 | AF25: 18 | AG25: Cancelled
A26: 18a | B26: NO ELECTRIC - - - - - - - - - - - - - - - - - - - - - - - - - - - - - - - - - | U26: NO ELECTRIC - - - - - - - - - - - - - - - - - - - - - - - - - - - - - - - - - | AC26: Rally- Alder | AF26: 18a
A27: 19 | D27: Saunders | I27: Graham | L27: Wylie | O27: Bolton | P27: Haden | Q27: Garner | V27: Ward | Y27: Deakin | AB27: Rally/Antil | AF27: 19
A28: 20 | B28: Litchfield | AF28: 20 | AG28: =ALERTS!E48 -> 0
A29: 21 | D29: Miller | I29: Dewhurst | K29: Kennedy | O29: Wherry | Q29: Buckley | AB29: Rally/Woods | AF29: 21 | AG29: =ALERTS!E49 -> 0
A30: 22 | B30: Duty | D30: Duty | F30: Duty | H30: Duty | J30: Duty | P30: Duty | R30: Duty | T30: away for day | V30: Duty | X30: Duty | Z30: Duty | AB30: Duty | AD30: Duty | AF30: 22 | AG30: =ALERTS!E50 -> 0
A31: Pitch | B31: =B3 -> Sat | C31: =C3 -> Sun | D31: =D3 -> Mon | E31: =E3 -> Tue | F31: =F3 -> Wed | G31: =G3 -> Thu | H31: =H3 -> Fri | I31: =I3 -> Sat | ... AE31: =AE3 -> Sun | AF31: Pitch
A32: No. | B32: 1 | C32: 2 | D32: 3 | E32: 4 | F32: 5 | G32: 6 | H32: 7 | I32: 8 | J32: 9 | K32: 10 | L32: 11 | M32: 12 | N32: 13 | O32: 14 | P32: 15 | Q32: 16 | R32: 17 | S32: 18 | T32: 19 | U32: 20 | V32: 21 | W32: 22 | X32: 23 | Y32: 24 | Z32: 25 | AA32: 26 | AB32: 27 | AC32: 28 | AD32: 29 | AE32: 30 | AF32: No.
A33: 23 | B33: Ian Stark | I33: 1 | J33: Stark | P33: 1 | Q33: Ian | W33: 1 | AD33: 1 | AE33: 147 paid | AF33: 23
A34: 23a | B34: Victor Buckley | AF34: 23a | AG34: TODAY IS
A35: 24 | B35: Shelton | J35: Shelton back | Q35: Matt | AA35: Rally - Roy & Margaret Martin | AF35: 24 | AG35: =TODAY() -> 45692
A36: 25 | B36: Irvine | D36: Higgins | H36: Harrison | I36: Watts | P36: Joanne | U36: Dabek | Z36: Hudson | AC36: Lyne | AF36: 25
A37: 26 | B37: Middleton | F37: Paul | M37: Middleton | T37: Middleton | AA37: Middleton - £170 paid | AF37: 26
A38: 27 | E38: John Talbot | J38: 1 | K38: John Talbot | Q38: 1 | R38: Talbot | X38: 1 | AE38: 2 | AF38: 27
A39: 28 | B39: Clegg cont | D39: Johnston | E39: Gould | G39: Soul | J39: Cameron | K39: Stephenson | L39: Winfield | O39: Oxlade | S39: Allen | Z39: Clifton | AB39: Rally/Parker | AF39: 28
A40: 29 | B40: Tom Craig | H40: 2 | I40: Tom Keep | O40: 1 | P40: Tom Craig | V40: 2 | W40: Tom Keep £147 | AC40: 1 | AD40: 175 | AF40: 29 | AG40: NO DOGS
A41: 30 | B41: Butt cont…. | I41: 1 | P41: 2 | W41: 3 | AD41: 4 | AG41: NO DOGS
A42: 31 | B42: Rich | D42: John Patten | K42: Patten | O42: Swain | X42: Bilson | AD42: Bolton | AF42: 31 | AG42: NO DOGS
A43: 32 | E43: Fey | H43: May | K43: Robin Paskins | AB43: Rally/Powell | AE43: Ellis | AF43: 32 | AG43: NO DOGS
A44: 33 | B44: Scott cont.. | E44: Cameron | H44: Leonard | L44: Wallbridge | T44: McGinti | V44: Kendall | AA44: Rally/ HARRY | AF44: 33 | AG44: NO DOGS
A45: 34 | C45: Claydon | G45: Evans | J45: Cook | K45: Edmondson | O45: Stoker - DO NOT MOVE | AB45: Rally/Crook | AF45: 34 | AG45: NO DOGS
A46: 35 | AF46: 35
A47: 36 | B47: Robin Paskins | AF47: 36
A48: 37 | AF48: 37
A49: 38 | AF49: 38
A50: 39 | AF50: 39
A51: 40 | AF51: 40
A52: 41 | AF52: 41
A53: Late arrival bay | K53: Husband | N53: Johnston | S53: Corn | AD53: Ellis | AE53: Reed
A54: Pitch | B54: =B31 -> Sat | C54: =C31 -> Sun | D54: =D31 -> Mon | E54: =E31 -> Tue | F54: =F31 -> Wed | G54: =G31 -> Thu | H54: =H31 -> Fri | I54: =I31 -> Sat | ... AE54: =AE31 -> Sun | AF54: Pitch
A55: No. | B55: 1 | C55: 2 | D55: 3 | E55: 4 | F55: 5 | G55: 6 | H55: 7 | I55: 8 | J55: 9 | K55: 10 | L55: 11 | M55: 12 | N55: 13 | O55: 14 | P55: 15 | Q55: 16 | R55: 17 | S55: 18 | T55: 19 | U55: 20 | V55: 21 | W55: 22 | X55: 23 | Y55: 24 | Z55: 25 | AA55: 26 | AB55: 27 | AC55: 28 | AD55: 29 | AE55: 30 | AF55: No.
A56: Stored | B56: Danny cont… | J56: 3 | Q56: 4 | AC56: Rally/Harper | AE56: Watkins
D57: Jasper | R57: Oxlade storage until 24 Dec | X57: 1 | AE57: 2 | AG57: Oxlade storage
A58: Bailey Senator | AF58: Bailey Senator
A59: ABI Manhatton | C59: Johnson | R59: Silk | AF59: ABI Manhatton
A60: Storm | B60: cont.. | D60: Dabek | K60: Jasper | O60: Neil | R60: Jasper | Y60: Jasper | AF60: Storm
A61: Compass | AF61: Compass
A62: 6b | C62: Thornton £147 paid | J62: Miller £147 paid | Q62: Thornton | X62: Thornton to move to here | Y62: £147 due will move to pl 24 on Sat) | AE62: Thornton £147 due | AF62: 6b
A63: 7B | AF63: 7B
A64: 8B | B64: Dabek | J64: 2 | K64: Dabek | R64: Dabek | U64: move to plot 25 | AF64: 8B
R65: Schoales | AE65: £294 due for 2 wks
A66: Paddock camping with electric | AF66: Paddock camping with electric
A67: 7a | AF67: 7a
A68: 8a | AF68: 8a
A69: 9a | AF69: 9a
A70: 10a | AF70: 10a
A71: 11a | AF71: 11a
A72: 12a | AF72: 12a
A73: 13a | AF73: 13a
A74: 14a | AF74: 14a
A76: Paddock = families No elec | AF76: Paddock = families No elec
A77: 42 | AF77: 42
A78: 43 | AF78: 43
A79: 44 | AF79: 44
A80: 45 | D80: Hanks | AF80: 45
A81: 46 | AF81: 46
A82: 47 | AF82: 47
A83: 48 | AF83: 48
A84: 49 | AF84: 49
A85: 50 | AF85: 50
A86: 51 | AF86: 51
A87: 52 | AF87: 52
A88: 53 | AF88: 53
A89: 54 | AF89: 54
A90: 55 | AF90: 55
A91: 56 | AF91: 56
A92: 57 | AF92: 57
A93: 58 | AF93: 58
A94: Pitch | B94: =B54 -> Sat | C94: =C54 -> Sun | D94: =D54 -> Mon | E94: =E54 -> Tue | F94: =F54 -> Wed | G94: =G54 -> Thu | H94: =H54 -> Fri | I94: =I54 -> Sat | ... AE94: =AE54 -> Sun | AF94: Pitch
A95: No. | B95: 1 | C95: 2 | D95: 3 | E95: 4 | F95: 5 | G95: 6 | H95: 7 | I95: 8 | J95: 9 | K95: 10 | L95: 11 | M95: 12 | N95: 13 | O95: 14 | P95: 15 | Q95: 16 | R95: 17 | S95: 18 | T95: 19 | U95: 20 | V95: 21 | W95: 22 | X95: 23 | Y95: 24 | Z95: 25 | AA95: 26 | AB95: 27 | AC95: 28 | AD95: 29 | AE95: 30 | AF95: No.
A96: TOP CAMPING FIELD | AF96: TOP CAMPING FIELD
A97: N | AF97: N
A98: O | AF98: O
A99: N | AF99: N
A101: E | AF101: E
A102: L | AF102: L
...

Sheet Dec 2014
A1: BACK-UP 31 Dec 1610 | AH1: Not here
I2: OFF PEAK | R2: OFF PEAK | Y2: P E A K | AD2: P E A K | AH2: Tent
A3: Pitch | B3: Mon | C3: Tue | D3: Wed | E3: Thu | F3: Fri | G3: Sat | H3: Sun | I3: Mon | J3: Tue | K3: Wed | L3: Thu | M3: Fri | N3: Sat | O3: Sun | P3: Mon | Q3: Tue | R3: Wed | S3: Thu | T3: Fri | U3: Sat | V3: Sun | W3: Mon | X3: Tue | Y3: Wed | Z3: Thu | AA3: Fri | AB3: Sat | AC3: Sun | AD3: Mon | AE3: Tue | AF3: Wed | AG3: Pitch | AH3: Trailer tent
A4: No. | B4: 1 | C4: 2 | D4: 3 | E4: 4 | F4: 5 | G4: 6 | H4: 7 | I4: 8 | J4: 9 | K4: 10 | L4: 11 | M4: 12 | N4: 13 | O4: 14 | P4: 15 | Q4: 16 | R4: 17 | S4: 18 | T4: 19 | U4: 20 | V4: 21 | W4: 22 | X4: 23 | Y4: 24 | Z4: 25 | AA4: 26 | AB4: 27 | AC4: 28 | AD4: 29 | AE4: 30 | AF4: 31 | AG4: No. | AH4: Caravan
A5: 1 | B5: Harris | G5: Mac | I5: Hitchen | M5: Hartnoll | AA5: Kelland | AG5: 1 | AH5: Camper van
A6: 1a | H6: Fear | AG6: 1a | AH6: Motorhome
A7: 2 | O7: Pye | AG7: 2 | AH7: NO DOGS
A8: 3 | P8: Jaskolka | AG8: 3 | AH8: NO DOGS
A9: 4 | AG9: 4 | AH9: NO DOGS
A10: 5 | AG10: 5 | AH10: NO DOGS
A11: 6 | T11: Bilson | AG11: 6 | AH11: NO DOGS
A12: 7 | AG12: 7 | AH12: NO DOGS
A13: 8 | B13: Collett | C13: Stroud | F13: Fernandez | G13: Judd | I13: Ketley | L13: Mansell | N13: Bryce | U13: Watts | Y13: Roberts | AC13: Ward - do not move | AG13: 8
A14: 9 | E14: Korczakowski | I14: Paddock | M14: Bilson | AA14: Bilson Knows pitch and code | AF14: Mason | AG14: 9
A15: 10 | B15: Marriott cont | F15: Baker | I15: Franks | AG15: 10
A16: 11 | B16: Davis cont | X16: Roe with Stewart | AE16: Keel - with Baker pl 20 | AG16: 11
A17: 12 | F17: Wanklyn | I17: Sears | X17: Stewart with Roe | AD17: Love | AG17: 12
A18: 13 | AG18: 13 | AH18: RV
A19: 14 | B19: Carrie Litchfield | H19: 1 | O19: 2 | V19: 3 | AC19: 4 | AG19: 14 | AH19: Free night
A20: 15 | AG20: 15 | AH20: Poss Extra / late stay
A21: 16 | AG21: 16 | AH21: Hard Standing
A22: 16a | AG22: 16a | AH22: Not in use
A23: 17 | AG23: 17 | AH23: late stay
A24: 17a | AG24: 17a | AH24: Refund
A25: 18 | AG25: 18 | AH25: Cancelled
A26: 18a | B26: NO ELECTRIC - - - - - - - - - - - - - - - - - - - - - - - - - - - - - - - - - | T26: NO ELECTRIC - - - - - - - - - - - - - - - - - - - - - - - - - - - - - - - - - | AG26: 18a
A27: 19 | F27: Goddard | I27: Ketley | N27: Blunt | P27: Sammels | Q27: Buckley | V27: Sue Noyes - do not move | AG27: 19
A28: 20 | C28: Green | S28: Carr | AC28: Tanya Baker -do not move | AG28: 20 | AH28: =ALERTS!E51 -> 0
A29: 21 | C29: Marks | F29: Cross | H29: Smith | W29: Richmond | AD29: Simpson - do not move | AG29: 21 | AH29: =ALERTS!E52 -> 0
A30: 22 | B30: Duty | D30: Duty | F30: Duty | H30: Duty | L30: Duty | N30: Duty | P30: Duty | R30: Duty | T30: Duty | V30: Duty | AB30: Duty | AD30: Duty | AF30: Duty | AG30: 22 | AH30: =ALERTS!E53 -> 0
A31: Pitch | B31: =B3 -> Mon | C31: =C3 -> Tue | D31: =D3 -> Wed | E31: =E3 -> Thu | F31: =F3 -> Fri | G31: =G3 -> Sat | H31: =H3 -> Sun | I31: =I3 -> Mon | ... AF31: =AF3 -> Wed | AG31: Pitch
A32: No. | B32: 1 | C32: 2 | D32: 3 | E32: 4 | F32: 5 | G32: 6 | H32: 7 | I32: 8 | J32: 9 | K32: 10 | L32: 11 | M32: 12 | N32: 13 | O32: 14 | P32: 15 | Q32: 16 | R32: 17 | S32: 18 | T32: 19 | U32: 20 | V32: 21 | W32: 22 | X32: 23 | Y32: 24 | Z32: 25 | AA32: 26 | AB32: 27 | AC32: 28 | AD32: 29 | AE32: 30 | AF32: 31 | AG32: No.
A33: 23 | B33: Ian Stark | G33: 1 | N33: 2 | O33: Stark | S33: move caravan to store until 6th Jan | AB33: 4 | AD33: Clarke | AG33: 23
A34: 23a | B34: Victor Buckley | M34: here | AG34: 23a
A35: 24 | B35: Rally | I35: Colin Taylor - lent our lead | P35: £63 paid | T35: Jarrett | AG35: 24 | AH35: TODAY IS
A36: 25 | B36: cont… | H36: Thornton | N36: 1 | O36: £84 paid | AG36: 25 | AH36: =TODAY() -> 45692
A37: 26 | B37: Cont.. | D37: Middleton | K37: Middleton | R37: Middleton £84 due if leaving Fri? If not £170 | X37: Ost | AG37: 26
A38: 27 | B38: Talbot | H38: 3 | O38: 4 | P38: Talbot | AG38: 27
A39: 28 | B39: Wrighton | F39: Parkes | I39: Perry | L39: Craig | N39: Claridge | S39: MacKenzie | X39: Pam Oxlade back | AG39: 28
A40: 29 | B40: cont.. | G40: Tom Keep | N40: Craig Keep | U40: Tom £180 up to 4th Jan | Y40: 12 nights not here | AG40: 29 | AH40: NO DOGS
A41: 30 | B41: Butt cont…. | G41: 1 | N41: 2 | U41: 3 | AB41: 4 | AG41: 30 | AH41: NO DOGS
A42: 31 | B42: Fear | S42: Oxborough | X42: Chudley | AG42: 31 | AH42: NO DOGS
A43: 32 | B43: Dinsmore with Paddon | F43: Martin | T43: Kelland | AG43: 32 | AH43: NO DOGS
A44: 33 | B44: Paddon with Dinsmore | F44: Lloyd | G44: Elford | I44: Summers | L44: Nesbit | V44: Christer | AB44: Hacking | AD44: Wilson | AG44: 33 | AH44: NO DOGS
A45: 34 | B45: Flann | I45: Lawler | AG45: 34 | AH45: NO DOGS
A46: 35 | AG46: 35
A47: 36 | AG47: 36
A48: 37 | AG48: 37
A49: 38 | AG49: 38
A50: 39 | AG50: 39
A51: 40 | AG51: 40
A52: 41 | AG52: 41
A53: Late arrival bay | C53: Grundey | E53: Parkes | G53: Robins | I53: Pollak | P53: Gregson | AA53: Hobley | AG53: LAB
A54: Pitch | B54: =B31 -> Mon | C54: =C31 -> Tue | D54: =D31 -> Wed | E54: =E31 -> Thu | F54: =F31 -> Fri | G54: =G31 -> Sat | H54: =H31 -> Sun | I54: =I31 -> Mon | ... AF54: =AF31 -> Wed | AG54: Pitch
A55: No. | B55: 1 | C55: 2 | D55: 3 | E55: 4 | F55: 5 | G55: 6 | H55: 7 | I55: 8 | J55: 9 | K55: 10 | L55: 11 | M55: 12 | N55: 13 | O55: 14 | P55: 15 | Q55: 16 | R55: 17 | S55: 18 | T55: 19 | U55: 20 | V55: 21 | W55: 22 | X55: 23 | Y55: 24 | Z55: 25 | AA55: 26 | AB55: 27 | AC55: 28 | AD55: 29 | AE55: 30 | AF55: 31 | AG55: No.
B56: Koerper | AC56: Skillett
B57: Oxlade cont… | H57: 3 | O57: 4 | V57: 5 | AH57: Storage
A58: Bailey Senator | AG58: Bailey Senator
A59: ABI Manhatton | AG59: ABI Manhatton
A60: Storm | B60: Jasper | I60: Jasper £210 | Q60: Jasper | AG60: Storm
A61: 5b | AG61: 5b
A62: 6b | AG62: 6b
A63: 7B | AG63: 7B
A64: 8B | AG64: 8B
B65: Watkins cont booked on 9
A66: Paddock camping with electric | AG66: Paddock camping with electric
A67: 7a | AG67: 7a
A68: 8a | AG68: 8a
A69: 9a | AG69: 9a
A70: 10a | AG70: 10a
A71: 11a | AG71: 11a
A72: 12a | AG72: 12a
A73: 13a | AG73: 13a
A74: 14a | AG74: 14a
A76: Paddock = families No elec | AG76: Paddock = families No elec
A77: 42 | AG77: 42
A78: 43 | AG78: 43
A79: 44 | AG79: 44
A80: 45 | AG80: 45
A81: 46 | AG81: 46
A82: 47 | AG82: 47
A83: 48 | AG83: 48
A84: 49 | AG84: 49
A85: 50 | AG85: 50
A86: 51 | AG86: 51
A87: 52 | AG87: 52
A88: 53 | AG88: 53
... A93: 58 | AG93: 58
A94: Pitch | B94: =B54 -> Mon | C94: =C54 -> Tue | D94: =D54 -> Wed | E94: =E54 -> Thu | F94: =F54 -> Fri | G94: =G54 -> Sat | H94: =H54 -> Sun | I94: =I54 -> Mon | ... AF94: =AF54 -> Wed | AG94: Pitch
A95: No. | B95: 1 | C95: 2 | D95: 3 | E95: 4 | F95: 5 | G95: 6 | H95: 7 | I95: 8 | J95: 9 | K95: 10 | L95: 11 | M95: 12 | N95: 13 | O95: 14 | P95: 15 | Q95: 16 | R95: 17 | S95: 18 | T95: 19 | U95: 20 | V95: 21 | W95: 22 | X95: 23 | Y95: 24 | Z95: 25 | AA95: 26 | AB95: 27 | AC95: 28 | AD95: 29 | AE95: 30 | AF95: 31 | AG95: No.
A96: TOP CAMPING FIELD | AG96: TOP CAMPING FIELD
A97: N | AG97: N
A98: O | AG98: O
A99: N | AG99: N
A101: E | AG101: E
A102: L | AG102: L
A103: E | AG103: E
A104: C | AG104: C
A105: T | AG105: T
A106: R | AG106: R
...

Sheet Problems
A1: NAME | B1: MOBILE | C1: COMMENT
A2: Oswald | B2: 07966 516 804 | C2: They know people in Thornhill (Ayres) who stayed with them see note, if Oswald back then NO visitors
A3: Ayres | B3: 07959-750056 | C3: It appears that Ayres was the problem or at least someone with them?
A4: Berry Jill | C4: Jill has put horrible review on google - cant find any record of her booking which was approx July 2013
A5: Campion | B5: 41510 | C5: They moaned before even getting out of the car because not happy about the picnic table - refused refund and started taking photo's of the aggregate heaps and tractors
A6: Chappell | B6: 07718 074664 | C6: Whinger who brought a dog and extra car and didn't want to pay for either
A8: Dixon - Nile | B8: 7968906809 | C8: stayed 14 June 14 - emailed to complain about LAB and not put on pitch! Said no room to unhitch and far too expensive to be put in a bay (we were fully booked)
A9: Evans | B9: 41194 | C9: booked in as 6m when arrived it was a lot longer - did not want to pay ex so gave refund to get rid of them in the rain
A10: Henderson | C10: Kelly was ok but Irish partner aggressive when drinking, they also had ex people in without saying
A11: Holmes | C11: rock up on Sat - tel call from Police Sunday as looking for them Older guy grey hair younger dark hair dress in skirt & boots put fairy lights around caravan
A12: Ingles | B12: with Griffin | C12: Dogs very yappy, kept people awake until 2am Friday, Stella had a word Sat morning then then at 1130pm warden was knocked up with complaint from same couple on plot 18. Spoke to several people near by said they heard talking but was not distured by it.
A13: Ingles/Griffin | B13: with Ingles | C13: booked on pl16 & 16a with sister Ingles - moaned on arrival did not want to back onto tents as noisy last year! Could not move as booked with sister.
A14: Lea | C14: only booked day before - then sent email (28 July) running site down and said too expensive
A15: Midgeley & Perrett | B15: 789100997 | C15: 11/04/14: MHx2. Rung up whilst on way here. Insisting fully paid & was quite rude. Couldn't find paperwork or ref.nr. Turned out wasn't booked at all! On arrival booked m on pitch 9&10, 1 elec.point out of order and mrs Midgley said well, move us to that pitch, why don't you. Not a plesant lady at all!
A16: Mitchell | C16: Fine when they arrived - and until brother arrived for 2b see below, Mr Campion,
A17: Osborne | C17: stayed July 13 left 3 dogs in caravan - barking all afternoon did not ans mobile or text message
A18: Rankin - Peter | B18: 7843 7780 750 | C18: Stayed 4n from 19 March 14 - booked on day then arrived late 7.30pm in dark then wanted hardstand, stella said call in office in morning - he did'nt then 2 days later said so hardstanding not all booked!
A19: Smith | B19: 01277636216 /07836662000 | C19: 04/06/2014:
A20: Tucker | B20: 41590 | C20: very rude to Leoni on phone - did not want to pay before arrival said they would write bad review - great | D20: Has put a very nice review on google and said will be back!
A21: Window | C21: left leaving 2 bagfull of rubbish on pitch
A22: Banhan - Josie | B22: josie Burson | C22: Were fighting first time around in July (under name Burson). When they came this time MS told them we weren't happy about last time, as we're not here to police campers.
A23: Nathan & Josie | B23: 2380465190 | C23: On 12/8/14 @ 1030 several people came to the office to report their concerns as Josie punched Nathan in the face and they were fighting again. I went over to find all their stuff strewn over TCF. I've told them off and to clean up as they were upsetting other campers. Went back 30 mins later, Josie was still at it, so explained whatever the reason, it was no excuse to shout and ball all the time.
C24: Threw their rubbish in the hedge. Two full bags of it.
A25: Coppini | C25: Coppini & Conway: Arguing in front of the whole top field. Using foul language. Been told to pack up & leave. | D25: LOCALS
A26: Conway
A27: Drew | B27: 7921214736 | C27: HK10XOS eta 1700 Caravan 7m with dogs and left dog poo all over their pitch and didn't declare or pay for dog

Sheet Ferry
A1: NAME | B1: MOBILE | C1: HOME | D1: ADDRESS
A2: Andrews | C2: 01736 710 855
A3: Atkinson
A4: Blunt
A5: Buckley
A6: Cook | B6: 079 79 5602 378 | C6: 0150 853 8626 | D6: 41952 | E6: M/H being shipped to New Zealand for there holiday - wife from NZ | L6: NR14 7EU
A7: Edmondson
A8: Edmondson
A9: Flann | E9: From Scotland
A10: Sadler | B10: 07766 11 2658 | C10: 0137 985 2342 | E10: 42005
A11: Hargreaves
A12: Kennedy
A13: Koerper | C13: 0122 5421338 | D13: back Dec 14 - cancelled as hosp appt
A14: Marks | E14: Dec 14 on plot 21
A15: Miller
A16: Perry | B16: 07831 444 193 | E16: Back Dec 14
A17: Simmons | E17: back Dec 14 come here every year then to Portugal - son nearby
A18: Smith | C18: 01428 71528 | E18: back Dec 14 come from Beverly in Yorkshire - had knee op
A19: Usher - do not move

Sheet Data Base
A1: NAME | B1: MOBILE | C1: HOME | D1: ADDRESS | E1: COMMENTS
A2: Adams | C2: 01481 253029 | D2: stayed b4 - from Gurnsey came back oct 13
A3: Adams
A4: Alan Worthington | D4: Linda Birchwood recommended - owner of caravan park Wareham, stayed whilst working on a boat in Hamble
A5: Andy Cole | B5: 0795 111 8928 | D5: andycole15@talktalk.net | F5: TW2 5GH
A6: Ayres - James | D6: Stayed few times 2013 live in France back 22 April 14
A7: Baker | B7: 07850 214 846
A8: Barber Mrs | B8: 07883 149 881
A9: Barker | B9: 07729 733 899 | C9: 01792 404713 | D9: Back in Oct 13
A10: Bartlett - Michael | B10: 07918 185 240
A11: Bassett - AD91 EZ Jane & Chris | B11: 0784 0244617
A12: Beamont - Thelma & John | B12: 0770 246 9016 | C12: 01524 770448 | D12: 2 |+ dog + car 23' M/H - family near by | G12: Doctor
A13: Bellinger | C13: 01865 727744 | D13: from Oxford - stayed Nov 13 said will be back loved it
A14: Bickerton | B14: 01270 569513 | D14: back in July 14 - Stella gave £25 discount as booked for 12 nights
A15: Bissell | B15: 0753 4734607
A16: Bone | B16: 7920140720 | D16: 29' came 2012 for wife to have heart op in General Hos
A17: Bowman | B17: 07836 259 659 | C17: 01442 265891
A18: Brawn | B18: 077 390 39687 | C18: 01795 870106 | D18: 30'M/H son lives in Shotters Cl off Botley Rd
A19: Bray | B19: 0777 375 1286 | D19: stayed in 2013-back June 2014
A20: Brown - John & Sue | B20: 782 566 9238 | C20: BB4 2013 | D20: Likes to watch cruise ships sail out
A21: Buckley - SEASONAL | B21: 07790 570012 | C21: 01706 656068 | D21: Vic and Jan, Daughter died in Dec 2012 he still comes down to see grandchildren | K21: No 4 | L21: OO12 6JW
A22: Burgess | B22: 0781 455 6190 | C22: 0154 367 6558 | D22: back in 2014
A23: Burnard - Sonia | D23: Sonia very kindly offered to put review on google - if she comes back free wk-end
A24: Burrell | C24: 01726 6369 0 | D24: back in July 13
A25: Buxton | B25: 07769 357728 | C25: 01789 450610 | D25: stayed wk only pitch left pl 23 so bit noisy as nere rd
A26: Cadden | B26: 0797 171 2924 | D26: son at Soton Uni
A27: Candy - Justin & Anne | B27: 07884 265 075 | C27: 01244 638552 | D27: stayed again Nov 13
A28: Carruthers - Stuart | B28: 0790 999 2382 | D28: Stuart work at RYC Hamble | F28: TE36 5NU | H28: No 2
A29: Claridge | B29: 07765 214 467 | C29: 01242 234212
A30: Clarke | B30: 07825 870 535
A31: Colin Wilson | B31: 7787 576 737 | D31: Colin goes home wk ends to Darlington
A32: Cooper | D32: 7 lads 2 cars stayed July 13 they were all ok no noise & polite
A33: Cooper | C33: 02380 457 510
A34: Coverley
A35: Cummerson | B35: 7920 196 161 | D35: Mike & Amanda
A36: Dabek | B36: 0782 333 9042 | D36: 014 - No. 30
A37: Del Rey - Mario | B37: 34609357276 | D37: mariodelrey@hotmail.com | F37: Fairlie Yachts Ltd, Unit 4, Port Hamble, SO31 ANN
A38: Diggons | B38: 0772 405 6751 | C38: 01799 598144 | D38: son at uni stayed Oct 14
A39: Dingle - Bruce | B39: 077 977 16137 | D39: Son at Soton Uni from Sep12 - left day early
A40: Dodd | B40: 07958 663532 | C40: german shepherd | D40: 1st time here Oct 13, wife parkinsons so near toilets - daughter Swanmore
A41: Diggons | B41: 0772 405 6751 | D41: nice couple stayed Oct 14 daughter just started Soton Uni
A42: Downie | B42: 07973 279 134
A43: Duff | B43: 07952 339 418 | D43: stayed in 2012 back 2013 loved watching the boats & ship[s | E43: would love to go out on tug
A44: Dyer | B44: 0788 9774095
A45: Earthrowl | B45: 07871 158483 | D45: son just moved to area yr ago
A46: Edder - | B46: 07791 209 651 | D46: Eriba - nice couple daughter in Soton & one in Portmth
A47: Edmonds | C47: 01903 714 246
A48: Egleton - do not move | D48: No problem had 3 pitches, stayed June 14 will be back - had 6 magnams
A49: Egleton/Heanue - do not move
A50: Egleton/Turner - do not move
A51: Ellis | C51: 01733 5600 18 | D51: daughter in area
A52: Etheridge | B52: 0751 651 9928 | D52: short contract at BAT - stays 4 or 5 nights then goes home wk ends
A53: Evans | B53: 078171 94629 | C53: 7.1m | D53: stayed Nov 13 back April 2014
A54: Evans - Barry | B54: 07503 960701 | D54: Barry arrived with son who drove van, then 2 days later son gone & wife here, not seen Barry drive
A55: Evans - Rob | B55: 07787 564 968
A56: Farne | B56: 7952 634 534 | D56: came back apr 14 thought he was on pl 9 but we put him on pl 1 (I think he had asked to be on pl 9)
A57: Franks- Dean | B57: 07779 471 950
A58: Freeland | B58: 079 195 28378 | C58: 1462 490051 | D58: daughter in area - back again 19 sep 14
A59: Furneaux | B59: 07866 729 877 | D59: came to see how get on as want to let house styayed longer loved site | E59: very nice couple
A60: Garlick - Peter | B60: 07581 033 228
A61: Gladwin | B61: 0789 4646 386 | D61: En route to ferry
A62: Goshawke - Roy & Teresa | D62: rdgoshawk@gmail.com
A63: Goss | B63: 07502 130934 | D63: Stays for 2wks or so on route to Spain each yr
A64: Granger | B64: 0755 296 9489 | D64: Watch out talks a lot
A65: Graybe | C65: 01255 553 612 | D65: Daughter at Solent Uni starts Sep 13 - family live Harich
A66: Green - Chris & Lynn | B66: 07702 155 173 | D66: Daughter lives nearby they come from Cornwall (very short lady)
A67: Grieves | B67: 078 250 66260
A68: Griffen | B68: withheld | D68: booked last min 13sep
A69: Hall - Paula | B69: 077 902 71582 | D69: Daughter at Uni
A70: Harding - Lynne | D70: coach driver for National Express? Stayes in winter when Titchfield closes
A71: Hargreaves | B71: 07850 970 930 | C71: 01706 370 073
A72: Harris | B72: 07519 921 438
A73: Harris - Marianne & Paul | D73: come each yr Easter for wk Plot 8. Have also left car whilst away on cruise
A74: Harrod | B74: 0790 434 1096
A75: Hatch | B75: 07969 891 803 | C75: 01473 250 928 | D75: Parents live at Netley
A76: Harvey | B76: 07880 7000 90 | C76: 01284 787 3209 | D76: Daughter near by - stayed July 13
A77: Haynes | B77: 07944-485720
A78: Hayes | B78: 01525 755 864 | C78: 07808 849 760 | D78: Stayed several times for 1n ferry back Sep 14
A79: Herbert Mr | B79: 07804 311 395
A80: Hicklin | B80: 07778 790027 | D80: Parents of Garreth Hicklin - Illigal Eagles
A81: Hill - Michael | B81: 07971 519 406
A82: Hodgkinson | B82: 079 793 02929 | C82: 1205837203 | D82: Eriba stayed while son at Warsash
A83: Hollingsworth - Neville | C83: 01476 561 112
A84: Hooper | B84: 07746 113 505 | C84: 01376 329983 | D84: What a rude man! Did not want to be helped on pitch Mr know it all ground very very wet
A85: Hubbard | B85: 01886 887740 | D85: Louise with big German Shepherd - husband boat in Hamble
A86: Huelin | B86: 07797 758 919 | D86: BB4 stayed again 5th & 25th Oct 13
A87: Huggett | B87: 07811 232582 | C87: 01923 777 826
A88: Hunter | B88: 0758 119 1150 | D88: Steve on own stayed week from 14 Jan 14 said will be back
A89: Huxley - Pauline | B89: 0777 376 039 | C89: 07895 8744 66 | D89: came back Jan 14 & Nov 14 | F89: GU52 8XG
A90: Inch | B90: 0797 9912 744 | C90: Inch | D90: rang 30 jan 14 to book 2wks said he left day early last yr when I checked he moved booking from July to Sep & arrived day late!
A91: Jackson A | B91: 079 58363658 | C91: 01234 768 534 | D91: back June 14 for IOW ferry
A92: James - Jan & Andy | B92: Jan | C92: 01244 551 202 | D92: 2 motorbikes stayed Aug & came back Sep 13
A93: Jasper | B93: 07472 607 328 | C93: B65 8BG No 3 | D93: 0517 885 | F93: 22 dec different? - 4751 4104 6355 0107 | K93: 1019 473
A94: John Talbot | B94: 07815 826 1456
A95: Jones | B95: 07867 434 875
A96: Judson | C96: 01922 863 625 | D96: for cricket April 14
A97: Jukes Aimee | B97: 07817 477 469 | D97: stayed Aug 13 back Aug B/H 2014 booked 6 pitches
A98: Keen | B98: 07836 256481 | D98: stayed in 2013 dogs were ok in caravan whilst at boat show
A99: Kelly | C99: 01788 860637 | D99: BB4 2012 back oct 2013
A100: Keloway | B100: 07954 578275 | D100: BB4 back Oct 13 when Riverside closes - M/H plus sm car
...

Sheet ALERTS
A1: 41640 | C1: =TODAY() -> 45692 | E1: =C1-A1 -> 4052 | G1: 41275 | H1: 0 | I1: =G41+1 -> 41316 | J1: =H41+1 -> 41 | K1: =I41+1 -> 41357 | L1: =J41+1 -> 82 | M1: =K41+1 -> 41398 | N1: =L41+1 -> 123 | O1: =M41+1 -> 41439 | P1: =N41+1 -> 164 | ... X1: =V41+1 -> 328
A2: TO SET AN ALERT: | G2: 41276 | H2: 1 | I2: =I1+1 -> 41317 | J2: =J1+1 -> 42 | K2: =K1+1 -> 41358 | L2: =L1+1 -> 83 | M2: =M1+1 -> 41399 | N2: =N1+1 -> 124 | O2: =O1+1 -> 41440 | P2: =P1+1 -> 165 | ... X2: =X1+1 -> 329
G3: 41277 | H3: 2 | I3: =I2+1 -> 41318 | J3: =J2+1 -> 43 | K3: =K2+1 -> 41359 | L3: =L2+1 -> 84 | M3: =M2+1 -> 41400 | N3: =N2+1 -> 125 | O3: =O2+1 -> 41441 | P3: =P2+1 -> 166 | ... X3: =X2+1 -> 330
A4: 1/. | B4: There are 3 available alerts in any one month | G4: 41278 | H4: 3 | I4: =I3+1 -> 41319 | J4: =J3+1 -> 44 | K4: =K3+1 -> 41360 | L4: =L3+1 -> 85 | M4: =M3+1 -> 41401 | N4: =N3+1 -> 126 | O4: =O3+1 -> 41442 | P4: =P3+1 -> 167 | ... X4: =X3+1 -> 331
G5: 41279 | H5: 4 | I5: =I4+1 -> 41320 | J5: =J4+1 -> 45 | K5: =K4+1 -> 41361 | L5: =L4+1 -> 86 | M5: =M4+1 -> 41402 | N5: =N4+1 -> 127 | O5: =O4+1 -> 41443 | P5: =P4+1 -> 168 | ... X5: =X4+1 -> 332
A6: 2/. | B6: In the chart below select an empty (i.e. unused) box | G6: 41280 | H6: 5 | I6: =I5+1 -> 41321 | J6: =J5+1 -> 46 | K6: =K5+1 -> 41362 | L6: =L5+1 -> 87 | M6: =M5+1 -> 41403 | N6: =N5+1 -> 128 | O6: =O5+1 -> 41444 | P6: =P5+1 -> 169 | ... X6: =X5+1 -> 333
B7: for the month when the alert should pop up and | G7: 41281 | H7: 6 | I7: =I6+1 -> 41322 | J7: =J6+1 -> 47 | K7: =K6+1 -> 41363 | L7: =L6+1 -> 88 | M7: =M6+1 -> 41404 | N7: =N6+1 -> 129 | O7: =O6+1 -> 41445 | P7: =P6+1 -> 170 | ... X7: =X6+1 -> 334
B8: type in the green box the alert that you want, for | G8: 41282 | H8: 7 | I8: =I7+1 -> 41323 | J8: =J7+1 -> 48 | K8: =K7+1 -> 41364 | L8: =L7+1 -> 89 | M8: =M7+1 -> 41405 | N8: =N7+1 -> 130 | O8: =O7+1 -> 41446 | P8: =P7+1 -> 171 | ... X8: =X7+1 -> 335
B9: example, MoT PAJERO | G9: 41283 | H9: 8 | I9: =I8+1 -> 41324 | J9: =J8+1 -> 49 | K9: =K8+1 -> 41365 | L9: =L8+1 -> 90 | M9: =M8+1 -> 41406 | N9: =N8+1 -> 131 | O9: =O8+1 -> 41447 | P9: =P8+1 -> 172 | ... X9: =X8+1 -> 336
G10: 41284 | H10: 9 | I10: =I9+1 -> 41325 | J10: =J9+1 -> 50 | K10: =K9+1 -> 41366 | L10: =L9+1 -> 91 | M10: =M9+1 -> 41407 | N10: =N9+1 -> 132 | O10: =O9+1 -> 41448 | P10: =P9+1 -> 173 | ... X10: =X9+1 -> 337
A11: 3/. | B11: From the chart opposite choose the date when you | G11: 41285 | H11: 10 | I11: =I10+1 -> 41326 | J11: =J10+1 -> 51 | K11: =K10+1 -> 41367 | L11: =L10+1 -> 92 | M11: =M10+1 -> 41408 | N11: =N10+1 -> 133 | O11: =O10+1 -> 41449 | P11: =P10+1 -> 174 | ... X11: =X10+1 -> 338
B12: want the alert to appear, and type the day number | G12: 41286 | H12: 11 | I12: =I11+1 -> 41327 | J12: =J11+1 -> 52 | K12: =K11+1 -> 41368 | L12: =L11+1 -> 93 | M12: =M11+1 -> 41409 | N12: =N11+1 -> 134 | O12: =O11+1 -> 41450 | P12: =P11+1 -> 175 | ... X12: =X11+1 -> 339
B13: in the box next to the warning. | G13: 41287 | H13: 12 | I13: =I12+1 -> 41328 | J13: =J12+1 -> 53 | K13: =K12+1 -> 41369 | L13: =L12+1 -> 94 | M13: =M12+1 -> 41410 | N13: =N12+1 -> 135 | O13: =O12+1 -> 41451 | P13: =P12+1 -> 176 | ... X13: =X12+1 -> 340
G14: 41288 | H14: 13 | I14: =I13+1 -> 41329 | J14: =J13+1 -> 54 | K14: =K13+1 -> 41370 | L14: =L13+1 -> 95 | M14: =M13+1 -> 41411 | N14: =N13+1 -> 136 | O14: =O13+1 -> 41452 | P14: =P13+1 -> 177 | ... X14: =X13+1 -> 341
A15: 4/. | B15: Wait for the alert to pop-up on the month-page ! | G15: 41289 | H15: 14 | I15: =I14+1 -> 41330 | J15: =J14+1 -> 55 | K15: =K14+1 -> 41371 | L15: =L14+1 -> 96 | M15: =M14+1 -> 41412 | N15: =N14+1 -> 137 | O15: =O14+1 -> 41453 | P15: =P14+1 -> 178 | ... X15: =X14+1 -> 342
G16: 41290 | H16: 15 | I16: =I15+1 -> 41331 | J16: =J15+1 -> 56 | K16: =K15+1 -> 41372 | L16: =L15+1 -> 97 | M16: =M15+1 -> 41413 | N16: =N15+1 -> 138 | O16: =O15+1 -> 41454 | P16: =P15+1 -> 179 | ... X16: =X15+1 -> 343
C17: ALERTS | D17: DAY No's | G17: 41291 | H17: 16 | I17: =I16+1 -> 41332 | J17: =J16+1 -> 57 | K17: =K16+1 -> 41373 | L17: =L16+1 -> 98 | M17: =M16+1 -> 41414 | N17: =N16+1 -> 139 | O17: =O16+1 -> 41455 | P17: =P16+1 -> 180 | ... X17: =X16+1 -> 344
A18: JAN | E18: =IF($C$1-$A$1>D18,C18,"") -> 0 | G18: 41292 | H18: 17 | I18: =I17+1 -> 41333 | J18: =J17+1 -> 58 | K18: =K17+1 -> 41374 | L18: =L17+1 -> 99 | M18: =M17+1 -> 41415 | N18: =N17+1 -> 140 | O18: =O17+1 -> 41456 | P18: =P17+1 -> 181 | ... X18: =X17+1 -> 345
A19: JAN | E19: =IF($C$1-$A$1>D19,C19,"") -> 0 | G19: 41293 | H19: 18 | I19: =I18+1 -> 41334 | J19: =J18+1 -> 59 | K19: =K18+1 -> 41375 | L19: =L18+1 -> 100 | M19: =M18+1 -> 41416 | N19: =N18+1 -> 141 | O19: =O18+1 -> 41457 | P19: =P18+1 -> 182 | ... X19: =X18+1 -> 346
A20: JAN | E20: =IF($C$1-$A$1>D20,C20,"") -> 0 | G20: 41294 | H20: 19 | I20: =I19+1 -> 41335 | J20: =J19+1 -> 60 | K20: =K19+1 -> 41376 | L20: =L19+1 -> 101 | M20: =M19+1 -> 41417 | N20: =N19+1 -> 142 | O20: =O19+1 -> 41458 | P20: =P19+1 -> 183 | ... X20: =X19+1 -> 347
A21: FEB | E21: =IF($C$1-$A$1>D21,C21,"") -> 0 | G21: 41295 | H21: 20 | I21: =I20+1 -> 41336 | J21: =J20+1 -> 61 | K21: =K20+1 -> 41377 | L21: =L20+1 -> 102 | M21: =M20+1 -> 41418 | N21: =N20+1 -> 143 | O21: =O20+1 -> 41459 | P21: =P20+1 -> 184 | ... X21: =X20+1 -> 348
A22: FEB | E22: =IF($C$1-$A$1>D22,C22,"") -> 0 | G22: 41296 | H22: 21 | I22: =I21+1 -> 41337 | J22: =J21+1 -> 62 | K22: =K21+1 -> 41378 | L22: =L21+1 -> 103 | M22: =M21+1 -> 41419 | N22: =N21+1 -> 144 | O22: =O21+1 -> 41460 | P22: =P21+1 -> 185 | ... X22: =X21+1 -> 349
A23: FEB | E23: =IF($C$1-$A$1>D23,C23,"") -> 0 | G23: 41297 | H23: 22 | I23: =I22+1 -> 41338 | J23: =J22+1 -> 63 | K23: =K22+1 -> 41379 | L23: =L22+1 -> 104 | M23: =M22+1 -> 41420 | N23: =N22+1 -> 145 | O23: =O22+1 -> 41461 | P23: =P22+1 -> 186 | ... X23: =X22+1 -> 350
A24: MAR | E24: =IF($C$1-$A$1>D24,C24,"") -> 0 | G24: 41298 | H24: 23 | I24: =I23+1 -> 41339 | J24: =J23+1 -> 64 | K24: =K23+1 -> 41380 | L24: =L23+1 -> 105 | M24: =M23+1 -> 41421 | N24: =N23+1 -> 146 | O24: =O23+1 -> 41462 | P24: =P23+1 -> 187 | ... X24: =X23+1 -> 351
A25: MAR | E25: =IF($C$1-$A$1>D25,C25,"") -> 0 | G25: 41299 | H25: 24 | I25: =I24+1 -> 41340 | J25: =J24+1 -> 65 | K25: =K24+1 -> 41381 | L25: =L24+1 -> 106 | M25: =M24+1 -> 41422 | N25: =N24+1 -> 147 | O25: =O24+1 -> 41463 | P25: =P24+1 -> 188 | ... X25: =X24+1 -> 352
A26: MAR | E26: =IF($C$1-$A$1>D26,C26,"") -> 0 | G26: 41300 | H26: 25 | I26: =I25+1 -> 41341 | J26: =J25+1 -> 66 | K26: =K25+1 -> 41382 | L26: =L25+1 -> 107 | M26: =M25+1 -> 41423 | N26: =N25+1 -> 148 | O26: =O25+1 -> 41464 | P26: =P25+1 -> 189 | ... X26: =X25+1 -> 353
A27: APR | E27: =IF($C$1-$A$1>D27,C27,"") -> 0 | G27: 41301 | H27: 26 | I27: =I26+1 -> 41342 | J27: =J26+1 -> 67 | K27: =K26+1 -> 41383 | L27: =L26+1 -> 108 | M27: =M26+1 -> 41424 | N27: =N26+1 -> 149 | O27: =O26+1 -> 41465 | P27: =P26+1 -> 190 | ... X27: =X26+1 -> 354
A28: APR | E28: =IF($C$1-$A$1>D28,C28,"") -> 0 | G28: 41302 | H28: 27 | I28: =I27+1 -> 41343 | J28: =J27+1 -> 68 | K28: =K27+1 -> 41384 | L28: =L27+1 -> 109 | M28: =M27+1 -> 41425 | N28: =N27+1 -> 150 | O28: =O27+1 -> 41466 | P28: =P27+1 -> 191 | ... X28: =X27+1 -> 355
A29: APR | E29: =IF($C$1-$A$1>D29,C29,"") -> 0 | G29: 41303 | H29: 28 | I29: =I28+1 -> 41344 | J29: =J28+1 -> 69 | K29: =K28+1 -> 41385 | L29: =L28+1 -> 110 | M29: =M28+1 -> 41426 | N29: =N28+1 -> 151 | O29: =O28+1 -> 41467 | P29: =P28+1 -> 192 | ... X29: =X28+1 -> 356
... A37: JUL | E37: =IF($C$1-$A$1>D37,C37,"") -> 0 | G37: 41311 | H37: 36 | I37: =I36+1 -> 41352 | J37: =J36+1 -> 77 | K37: =K36+1 -> 41393 | L37: =L36+1 -> 118 | M37: =M36+1 -> 41434 | N37: =N36+1 -> 159 | O37: =O36+1 -> 41475 | P37: =P36+1 -> 200 | ... X37: =X36+1 -> 364
A38: JUL | E38: =IF($C$1-$A$1>D38,C38,"") -> 0 | G38: 41312 | H38: 37 | I38: =I37+1 -> 41353 | J38: =J37+1 -> 78 | K38: =K37+1 -> 41394 | L38: =L37+1 -> 119 | M38: =M37+1 -> 41435 | N38: =N37+1 -> 160 | O38: =O37+1 -> 41476 | P38: =P37+1 -> 201 | ... V38: =V37+1 -> 324
A39: AUG | E39: =IF($C$1-$A$1>D39,C39,"") -> 0 | G39: 41313 | H39: 38 | I39: =I38+1 -> 41354 | J39: =J38+1 -> 79 | K39: =K38+1 -> 41395 | L39: =L38+1 -> 120 | M39: =M38+1 -> 41436 | N39: =N38+1 -> 161 | O39: =O38+1 -> 41477 | P39: =P38+1 -> 202 | ... V39: =V38+1 -> 325
A40: AUG | E40: =IF($C$1-$A$1>D40,C40,"") -> 0 | G40: 41314 | H40: 39 | I40: =I39+1 -> 41355 | J40: =J39+1 -> 80 | K40: =K39+1 -> 41396 | L40: =L39+1 -> 121 | M40: =M39+1 -> 41437 | N40: =N39+1 -> 162 | O40: =O39+1 -> 41478 | P40: =P39+1 -> 203 | ... V40: =V39+1 -> 326
A41: AUG | E41: =IF($C$1-$A$1>D41,C41,"") -> 0 | G41: 41315 | H41: 40 | I41: =I40+1 -> 41356 | J41: =J40+1 -> 81 | K41: =K40+1 -> 41397 | L41: =L40+1 -> 122 | M41: =M40+1 -> 41438 | N41: =N40+1 -> 163 | O41: =O40+1 -> 41479 | P41: =P40+1 -> 204 | ... V41: =V40+1 -> 327
A42: SEP | E42: =IF($C$1-$A$1>D42,C42,"") -> 0
A43: SEP | E43: =IF($C$1-$A$1>D43,C43,"") -> 0
A44: SEP | E44: =IF($C$1-$A$1>D44,C44,"") -> 0
A45: OCT | E45: =IF($C$1-$A$1>D45,C45,"") -> 0
A46: OCT | E46: =IF($C$1-$A$1>D46,C46,"") -> 0
A47: OCT | E47: =IF($C$1-$A$1>D47,C47,"") -> 0
A48: NOV | E48: =IF($C$1-$A$1>D48,C48,"") -> 0
A49: NOV | E49: =IF($C$1-$A$1>D49,C49,"") -> 0
A50: NOV | E50: =IF($C$1-$A$1>D50,C50,"") -> 0
A51: DEC | E51: =IF($C$1-$A$1>D51,C51,"") -> 0
A52: DEC | E52: =IF($C$1-$A$1>D52,C52,"") -> 0
A53: DEC | E53: =IF($C$1-$A$1>D53,C53,"") -> 0

Sheet Sheet1
